Workbook

Sheet Explanation and FAQ
A1: Country Risk Premiums
A2: To estimate the equity risk premium for a country, I start with a mature market premium and add an additional country risk premium, based upon the risk of the country in question.
A3: Use the look up table in the next worksheet, to look up the statistics for an individual country or region.
A5: Step 1: Estimating mature market risk premium
A6: To estimate the mature market risk premium, I compute the implied equity risk premium for the S&P 500. To see the latest estimate for this number, go to my website and you can download the excel spreadsheet containing the implied premium
A7: Link to site: | B7: http://www.damodaran.com
A8: Historical monthly ERP: | B8: https://pages.stern.nyu.edu/~adamodar/pc/implprem/ERPbymonth.xls
A10: Step 2: Estimate the default spread for the country in question. I offer two choices, one based upon the local currency sovereign rating for the country from Moody's and the other is the CDS spread for the country (if one exists)
A11: Moody's ratings: | B11: http://www.moodys.com | D11: (You will have to register, but it is free. Look under sovereign ratings)
A12: Ratings to spreads: | B12: Based upon my estimates of typical spreads for each ratings class. I compute these by averaging CDS spreads and sovereign US$ bond spreads by ratings class, at the start of every year.
A13: CDS spreads: | B13: Bloomberg
A14: If you cannot find a country on this list, it is because that country does not have a sovereign rating or a sovereign CDS spread. Try the PRS worksheet in this spreadsheet for an alternate estimate.
A16: Step 3: Convert the default spread into a country risk premium
A17: With sovereign ratings default spreads, you have two choices:
A18: Choice 1: Use the default spread as the measure of the additional country risk premium. To make this choice, go into the ERP worksheet and set cell E5 to 1.00.
A19: Choice 2: Scale the default spread up to reflect the higher risk of equity in the market, relative to the default spread. I used the ratio of the S&P Emerging Market Equity Index std deviation to the iShares Emerging Market Bond Index standard deviation
A20: With CDS spreads, I compute the base number in two steps
A21: Substep 1: Since the base equity premium is computed for the US, and the US has a CDS spread, I subtracted out the US CDS spread from the CDS for other markets.
A22: For simplicity (and since it does not make a big difference), I assume that any country that has a CDS spread lower than the US will have a zero country risk premium and end up with a total equity risk premium equal to the US.
A23: Substep 2: I apply the scaling factor that you chose for the default spreads to this number to get a country risk premium. The default scaling is set at the my most recent year's estimate, but you can change it to 1, if you would
A24: prefer not to scale the default spread.
A26: Step 4: Compute a total equity risk premium
A27: Add the mature market premium from step 1 to the country risk premium from step 3 to get a total equity risk premium.
... A30: For the regional averages, I use a simple average of the total and country risk premiums by region
A31: For the weighted averages, I use the World Bank GDP estimates from the most recent year. | I31: https://data.worldbank.org/indicator/NY.GDP.MKTP.CD
A33: If you are interested in a fuller explanation of these concepts, try these references:
A34: My paper on equity risk premiums: | E34: https://papers.ssrn.com/sol3/papers.cfm?abstract_id=4398884
A35: My paper on country risk premiums: | E35: https://papers.ssrn.com/sol3/papers.cfm?abstract_id=4161010
A36: Watch my lectures on country risk premiums: | E36: https://www.youtube.com/watch?v=aIRPvY2SQ94
E37: https://www.youtube.com/watch?v=D3IGn6tH03c

Sheet Summary of Most Recent Update
B1: Update Notes
A2: Mature Marlet Premium | B2: The implied equity risk premium for the S&P 500, which is my base premium dropped to 5% in this update. You can review the calcualtion in this spreadsheet. (https://pages.stern.nyu.edu/~adamodar/pc/implprem/ERPJuly23.xlsx)
A3: Sovereign Ratings | B3: The ratings (Moody's and S&P) have been updated to reflect the most recent ratings. (See Ratings Worksheet)
A4: Default Spreads | B4: The default spreads have dropped as some of the market fears from the start of 2023 have subsdied. The change in default spredas is computed by looking at percentage changes in sovereign CDS spreads over the period>. (See Default Spreads for Ratings worksheet)
A5: Relative Equity Market Volatility | B5: The biggest change in this update is in this measure. For the last few years, I have used the coefficient of variation in emerging market bond yields and the standard deviation of returns in emerging market equities. In this iteration, I have replaced the former with an emerging market sovereign bond ETF returns, thus creating more consistency in the calcuatlions. Whiel this change does not create a substantive shift in the numbers in this iteration, I think it is a more solid basis for computing this value in future ones.
A6: Bottom Line | B6: The combination of a lower base mature market premium and lower sovereign default spreads has led to lower equity risk premiums across the board, a climb down from historically high numbers at the start of the year.

Sheet Country Lookup
A1: To look up the equity risk premium for a country, use this worksheet
A2: Country | B2: Angola | D2: If you cannot find a country on this list, it is because that country does not have a sovereign rating
D3: or a sovereign CDS spread. Try the PRS worksheet in this spreadsheet for an alternate estimate.
A4: Moody's sovereign rating | B4: =VLOOKUP(B2,'Ratings worksheet'!$A$2:$C$158,3, FALSE) -> B3 | C4: Local currency
A5: S&P sovereign rating | B5: =VLOOKUP(B2,'Ratings worksheet'!$A$2:$C$158,2, FALSE) -> B- | C5: Local currency
A6: CDS spread | B6: =VLOOKUP(B2,'10-year CDS Spreads'!A2:D158,3, FALSE) -> 0.1047
A7: Excess CDS spread (over US CDS) | B7: =IF(B6="NA","NA",VLOOKUP(B2,'ERPs by country'!A8:I164,9,FALSE)/'ERPs by country'!E5) -> 0.1004
A9: Country Default Spread (based on rating) | B9: =VLOOKUP(B2,'ERPs by country'!A8:I164,4,FALSE) -> 0.069527972
A10: Country Risk Premium (Rating) | B10: =VLOOKUP(B2,'ERPs by country'!A8:I164,6,FALSE) -> 0.098612566
A11: Equity Risk Premium (Rating) | B11: =VLOOKUP(B2,'ERPs by country'!A8:I164,5,FALSE) -> 0.14861257
A13: Country Risk Premium (CDS) | B13: =VLOOKUP(B2,'ERPs by country'!A8:I164,9,FALSE) -> 0.14239883
A14: Equity Risk Premium (CDS) | B14: =VLOOKUP(B2,'ERPs by country'!A8:I164,8,FALSE) -> 0.19239883
A16: To look up the equity risk premium for a region, use this worksheet
A17: Region | B17: Western Europe
A19: Country Risk Premium (simple average)) | B19: =VLOOKUP(B17,'Regional Simple Averages'!$A$5:$E$13,3,FALSE) -> 0.015568961
A20: Total Equity Risk Premium (simple average) | B20: =VLOOKUP(B17,'Regional Simple Averages'!$A$5:$E$13,4,FALSE) -> 0.065568961
A22: Country Risk Premium (GDP weighted) | B22: =VLOOKUP(B17,'Regional Weighted Averages'!A171:C179,3,FALSE) -> 0.013663665
A23: Total Equity Risk Premium (GDP weighted) | B23: =VLOOKUP(B17,'Regional Weighted Averages'!A171:C179,2,FALSE) -> 0.063663665
A25: To construct your own regional ERP, use the data on GDP and ERP for countries in the Regional Weighted Averages Worksheet
A27: For countries not on the list above, try this frontier market list
A28: Country | B28: Zimbabwe
A30: PRS Score | B30: =VLOOKUP(B28,'PRS Worksheet'!A161:E181,2,FALSE) -> 61.25
A31: ERP based on PRS Score | B31: =VLOOKUP(B28,'PRS Worksheet'!A161:E181,5,FALSE) -> 0.16377001

Sheet ERPs by country
A1: Country and Equity Risk Premiums
A2: Date of update: | B2: 43646
A3: Enter the current risk premium for a mature equity market | E3: 0.05
A4: Do you want to adjust the country default spread for the additional volatility of the equity market to get to a country premium? | E4: Yes
A5: If yes, enter the multiplier to use on the default spread (See worksheet for volatility numbers for selected emerging markets) | E5: ='Relative Equity Volatility'!D7 -> 1.418315
A7: Country | B7: Africa | C7: Moody's rating | D7: Rating-based Default Spread | E7: Total Equity Risk Premium | F7: Country Risk Premium | G7: Sovereign CDS, net of US | H7: Total Equity Risk Premium2 | I7: Country Risk Premium3 | J7: Has to be sorted in ascending order
A8: ='Sovereign Ratings (Moody''s,S&P)'!A2 -> Abu Dhabi | B8: =VLOOKUP(A8,'Regional lookup table'!$A$2:$B$161,2) -> Middle East | C8: ='Sovereign Ratings (Moody''s,S&P)'!C2 -> Aa2 | D8: =VLOOKUP(C8,$J$9:$K$31,2,FALSE)/10000 -> 0.0052806055 | E8: =$E$3+F8 -> 0.057489562 | F8: =IF($E$4="Yes",D8*$E$5,D8) -> 0.007489562 | G8: =VLOOKUP(A8,'10-year CDS Spreads'!$A$2:$D$157,4) -> 0.0027 | H8: =IF(I8="NA","NA",$E$3+I8) -> 0.053829451 | I8: =IF(G8="NA","NA",G8*$E$5) -> 0.0038294505 | J8: Rating | K8: Default spread in basis points
A9: ='Sovereign Ratings (Moody''s,S&P)'!A3 -> Albania | B9: =VLOOKUP(A9,'Regional lookup table'!$A$3:$B$161,2) -> Eastern Europe & Russia | C9: ='Sovereign Ratings (Moody''s,S&P)'!C3 -> B1 | D9: =VLOOKUP(C9,$J$9:$K$31,2,FALSE)/10000 -> 0.048154093 | E9: =$E$3+F9 -> 0.11829767 | F9: =IF($E$4="Yes",D9*$E$5,D9) -> 0.068297673 | G9: =VLOOKUP(A9,'10-year CDS Spreads'!$A$2:$D$157,4) -> NA | H9: =IF(I9="NA","NA",$E$3+I9) -> NA | I9: =IF(G9="NA","NA",G9*$E$5) -> NA | J9: A1 | K9: =C189 -> 75.437221
A10: ='Sovereign Ratings (Moody''s,S&P)'!A4 -> Andorra (Principality of) | B10: =VLOOKUP(A10,'Regional lookup table'!$A$3:$B$161,2) -> Western Europe | C10: ='Sovereign Ratings (Moody''s,S&P)'!C4 -> Baa2 | D10: =VLOOKUP(C10,$J$9:$K$31,2,FALSE)/10000 -> 0.02036805 | E10: =$E$3+F10 -> 0.078888311 | F10: =IF($E$4="Yes",D10*$E$5,D10) -> 0.028888311 | G10: =VLOOKUP(A10,'10-year CDS Spreads'!$A$2:$D$157,4) -> NA | H10: =IF(I10="NA","NA",$E$3+I10) -> NA | I10: =IF(G10="NA","NA",G10*$E$5) -> NA | J10: A2 | K10: =C190 -> 90.524666
A11: ='Sovereign Ratings (Moody''s,S&P)'!A5 -> Angola | B11: =VLOOKUP(A11,'Regional lookup table'!$A$3:$B$161,2) -> Africa | C11: ='Sovereign Ratings (Moody''s,S&P)'!C5 -> B3 | D11: =VLOOKUP(C11,$J$9:$K$31,2,FALSE)/10000 -> 0.069527972 | E11: =$E$3+F11 -> 0.14861257 | F11: =IF($E$4="Yes",D11*$E$5,D11) -> 0.098612566 | G11: =VLOOKUP(A11,'10-year CDS Spreads'!$A$2:$D$157,4) -> 0.1004 | H11: =IF(I11="NA","NA",$E$3+I11) -> 0.19239883 | I11: =IF(G11="NA","NA",G11*$E$5) -> 0.14239883 | J11: A3 | K11: =C191 -> 128.24328
A12: ='Sovereign Ratings (Moody''s,S&P)'!A6 -> Argentina | B12: =VLOOKUP(A12,'Regional lookup table'!$A$3:$B$161,2) -> Central and South America | C12: ='Sovereign Ratings (Moody''s,S&P)'!C6 -> Ca | D12: =VLOOKUP(C12,$J$9:$K$31,2,FALSE)/10000 -> 0.12836901 | E12: =$E$3+F12 -> 0.23206769 | F12: =IF($E$4="Yes",D12*$E$5,D12) -> 0.18206769 | G12: =VLOOKUP(A12,'10-year CDS Spreads'!$A$2:$D$157,4) -> NA | H12: =IF(I12="NA","NA",$E$3+I12) -> NA | I12: =IF(G12="NA","NA",G12*$E$5) -> NA | J12: Aa1 | K12: =C192 -> 42.747759
A13: ='Sovereign Ratings (Moody''s,S&P)'!A7 -> Armenia | B13: =VLOOKUP(A13,'Regional lookup table'!$A$3:$B$161,2) -> Eastern Europe & Russia | C13: ='Sovereign Ratings (Moody''s,S&P)'!C7 -> Ba3 | D13: =VLOOKUP(C13,$J$9:$K$31,2,FALSE)/10000 -> 0.038472983 | E13: =$E$3+F13 -> 0.10456681 | F13: =IF($E$4="Yes",D13*$E$5,D13) -> 0.054566809 | G13: =VLOOKUP(A13,'10-year CDS Spreads'!$A$2:$D$157,4) -> NA | H13: =IF(I13="NA","NA",$E$3+I13) -> NA | I13: =IF(G13="NA","NA",G13*$E$5) -> NA | J13: Aa2 | K13: =C193 -> 52.806055
A14: ='Sovereign Ratings (Moody''s,S&P)'!A8 -> Aruba | B14: =VLOOKUP(A14,'Regional lookup table'!$A$3:$B$161,2) -> Caribbean | C14: ='Sovereign Ratings (Moody''s,S&P)'!C8 -> Baa2 | D14: =VLOOKUP(C14,$J$9:$K$31,2,FALSE)/10000 -> 0.02036805 | E14: =$E$3+F14 -> 0.078888311 | F14: =IF($E$4="Yes",D14*$E$5,D14) -> 0.028888311 | G14: =VLOOKUP(A14,'10-year CDS Spreads'!$A$2:$D$157,4) -> NA | H14: =IF(I14="NA","NA",$E$3+I14) -> NA | I14: =IF(G14="NA","NA",G14*$E$5) -> NA | J14: Aa3 | K14: =C194 -> 64.121638
A15: ='Sovereign Ratings (Moody''s,S&P)'!A9 -> Australia | B15: =VLOOKUP(A15,'Regional lookup table'!$A$3:$B$161,2) -> Australia & New Zealand | C15: ='Sovereign Ratings (Moody''s,S&P)'!C9 -> Aaa | D15: =VLOOKUP(C15,$J$9:$K$31,2,FALSE)/10000 -> 0 | E15: =$E$3+F15 -> 0.05 | F15: =IF($E$4="Yes",D15*$E$5,D15) -> 0 | G15: =VLOOKUP(A15,'10-year CDS Spreads'!$A$2:$D$157,4) -> 0 | H15: =IF(I15="NA","NA",$E$3+I15) -> 0.05 | I15: =IF(G15="NA","NA",G15*$E$5) -> 0 | J15: Aaa | K15: =C195 -> 0
A16: ='Sovereign Ratings (Moody''s,S&P)'!A10 -> Austria | B16: =VLOOKUP(A16,'Regional lookup table'!$A$3:$B$161,2) -> Western Europe | C16: ='Sovereign Ratings (Moody''s,S&P)'!C10 -> Aa1 | D16: =VLOOKUP(C16,$J$9:$K$31,2,FALSE)/10000 -> 0.0042747759 | E16: =$E$3+F16 -> 0.056062979 | F16: =IF($E$4="Yes",D16*$E$5,D16) -> 0.0060629788 | G16: =VLOOKUP(A16,'10-year CDS Spreads'!$A$2:$D$157,4) -> 0 | H16: =IF(I16="NA","NA",$E$3+I16) -> 0.05 | I16: =IF(G16="NA","NA",G16*$E$5) -> 0 | J16: B1 | K16: =C196 -> 481.54093
A17: ='Sovereign Ratings (Moody''s,S&P)'!A11 -> Azerbaijan | B17: =VLOOKUP(A17,'Regional lookup table'!$A$3:$B$161,2) -> Eastern Europe & Russia | C17: ='Sovereign Ratings (Moody''s,S&P)'!C11 -> Ba1 | D17: =VLOOKUP(C17,$J$9:$K$31,2,FALSE)/10000 -> 0.026780214 | E17: =$E$3+F17 -> 0.087982779 | F17: =IF($E$4="Yes",D17*$E$5,D17) -> 0.037982779 | G17: =VLOOKUP(A17,'10-year CDS Spreads'!$A$2:$D$157,4) -> NA | H17: =IF(I17="NA","NA",$E$3+I17) -> NA | I17: =IF(G17="NA","NA",G17*$E$5) -> NA | J17: B2 | K17: =C197 -> 588.41033
A18: ='Sovereign Ratings (Moody''s,S&P)'!A12 -> Bahamas | B18: =VLOOKUP(A18,'Regional lookup table'!$A$3:$B$161,2) -> Caribbean | C18: ='Sovereign Ratings (Moody''s,S&P)'!C12 -> B1 | D18: =VLOOKUP(C18,$J$9:$K$31,2,FALSE)/10000 -> 0.048154093 | E18: =$E$3+F18 -> 0.11829767 | F18: =IF($E$4="Yes",D18*$E$5,D18) -> 0.068297673 | G18: =VLOOKUP(A18,'10-year CDS Spreads'!$A$2:$D$157,4) -> NA | H18: =IF(I18="NA","NA",$E$3+I18) -> NA | I18: =IF(G18="NA","NA",G18*$E$5) -> NA | J18: B3 | K18: =C198 -> 695.27972
A19: ='Sovereign Ratings (Moody''s,S&P)'!A13 -> Bahrain | B19: =VLOOKUP(A19,'Regional lookup table'!$A$3:$B$161,2) -> Middle East | C19: ='Sovereign Ratings (Moody''s,S&P)'!C13 -> B2 | D19: =VLOOKUP(C19,$J$9:$K$31,2,FALSE)/10000 -> 0.058841033 | E19: =$E$3+F19 -> 0.13345512 | F19: =IF($E$4="Yes",D19*$E$5,D19) -> 0.083455119 | G19: =VLOOKUP(A19,'10-year CDS Spreads'!$A$2:$D$157,4) -> 0.0273 | H19: =IF(I19="NA","NA",$E$3+I19) -> 0.08872 | I19: =IF(G19="NA","NA",G19*$E$5) -> 0.03872 | J19: Ba1 | K19: =C199 -> 267.80214
A20: ='Sovereign Ratings (Moody''s,S&P)'!A14 -> Bangladesh | B20: =VLOOKUP(A20,'Regional lookup table'!$A$3:$B$161,2) -> Asia | C20: ='Sovereign Ratings (Moody''s,S&P)'!C14 -> B1 | D20: =VLOOKUP(C20,$J$9:$K$31,2,FALSE)/10000 -> 0.048154093 | E20: =$E$3+F20 -> 0.11829767 | F20: =IF($E$4="Yes",D20*$E$5,D20) -> 0.068297673 | G20: =VLOOKUP(A20,'10-year CDS Spreads'!$A$2:$D$157,4) -> NA | H20: =IF(I20="NA","NA",$E$3+I20) -> NA | I20: =IF(G20="NA","NA",G20*$E$5) -> NA | J20: Ba2 | K20: =C200 -> 321.86548
... A26: ='Sovereign Ratings (Moody''s,S&P)'!A20 -> Bermuda | B26: =VLOOKUP(A26,'Regional lookup table'!$A$3:$B$161,2) -> Caribbean | C26: ='Sovereign Ratings (Moody''s,S&P)'!C20 -> A2 | D26: =VLOOKUP(C26,$J$9:$K$31,2,FALSE)/10000 -> 0.0090524666 | E26: =$E$3+F26 -> 0.062839249 | F26: =IF($E$4="Yes",D26*$E$5,D26) -> 0.012839249 | G26: =VLOOKUP(A26,'10-year CDS Spreads'!$A$2:$D$157,4) -> NA | H26: =IF(I26="NA","NA",$E$3+I26) -> NA | I26: =IF(G26="NA","NA",G26*$E$5) -> NA | J26: Ca | K26: =C206 -> 1283.6901
A27: ='Sovereign Ratings (Moody''s,S&P)'!A21 -> Bolivia | B27: =VLOOKUP(A27,'Regional lookup table'!$A$3:$B$161,2) -> Central and South America | C27: ='Sovereign Ratings (Moody''s,S&P)'!C21 -> Caa1 | D27: =VLOOKUP(C27,$J$9:$K$31,2,FALSE)/10000 -> 0.080214912 | E27: =$E$3+F27 -> 0.16377001 | F27: =IF($E$4="Yes",D27*$E$5,D27) -> 0.11377001 | G27: =VLOOKUP(A27,'10-year CDS Spreads'!$A$2:$D$157,4) -> NA | H27: =IF(I27="NA","NA",$E$3+I27) -> NA | I27: =IF(G27="NA","NA",G27*$E$5) -> NA | J27: =B207 -> Caa1 | K27: =C207 -> 802.14912
A28: ='Sovereign Ratings (Moody''s,S&P)'!A22 -> Bosnia and Herzegovina | B28: =VLOOKUP(A28,'Regional lookup table'!$A$3:$B$161,2) -> Eastern Europe & Russia | C28: ='Sovereign Ratings (Moody''s,S&P)'!C22 -> B3 | D28: =VLOOKUP(C28,$J$9:$K$31,2,FALSE)/10000 -> 0.069527972 | E28: =$E$3+F28 -> 0.14861257 | F28: =IF($E$4="Yes",D28*$E$5,D28) -> 0.098612566 | G28: =VLOOKUP(A28,'10-year CDS Spreads'!$A$2:$D$157,4) -> NA | H28: =IF(I28="NA","NA",$E$3+I28) -> NA | I28: =IF(G28="NA","NA",G28*$E$5) -> NA | J28: =B208 -> Caa2 | K28: =C208 -> 963.08186
A29: ='Sovereign Ratings (Moody''s,S&P)'!A23 -> Botswana | B29: =VLOOKUP(A29,'Regional lookup table'!$A$3:$B$161,2) -> Africa | C29: ='Sovereign Ratings (Moody''s,S&P)'!C23 -> A3 | D29: =VLOOKUP(C29,$J$9:$K$31,2,FALSE)/10000 -> 0.012824328 | E29: =$E$3+F29 -> 0.068188936 | F29: =IF($E$4="Yes",D29*$E$5,D29) -> 0.018188936 | G29: =VLOOKUP(A29,'10-year CDS Spreads'!$A$2:$D$157,4) -> NA | H29: =IF(I29="NA","NA",$E$3+I29) -> NA | I29: =IF(G29="NA","NA",G29*$E$5) -> NA | J29: =B209 -> Caa3 | K29: =C209 -> 1069.9513
A30: ='Sovereign Ratings (Moody''s,S&P)'!A24 -> Brazil | B30: =VLOOKUP(A30,'Regional lookup table'!$A$3:$B$161,2) -> Central and South America | C30: ='Sovereign Ratings (Moody''s,S&P)'!C24 -> Ba2 | D30: =VLOOKUP(C30,$J$9:$K$31,2,FALSE)/10000 -> 0.032186548 | E30: =$E$3+F30 -> 0.095650664 | F30: =IF($E$4="Yes",D30*$E$5,D30) -> 0.045650664 | G30: =VLOOKUP(A30,'10-year CDS Spreads'!$A$2:$D$157,4) -> 0.0245 | H30: =IF(I30="NA","NA",$E$3+I30) -> 0.084748718 | I30: =IF(G30="NA","NA",G30*$E$5) -> 0.034748718 | J30: NR | K30: =C210 -> NA
A31: ='Sovereign Ratings (Moody''s,S&P)'!A25 -> Bulgaria | B31: =VLOOKUP(A31,'Regional lookup table'!$A$3:$B$161,2) -> Eastern Europe & Russia | C31: ='Sovereign Ratings (Moody''s,S&P)'!C25 -> Baa1 | D31: =VLOOKUP(C31,$J$9:$K$31,2,FALSE)/10000 -> 0.017099104 | E31: =$E$3+F31 -> 0.074251915 | F31: =IF($E$4="Yes",D31*$E$5,D31) -> 0.024251915 | G31: =VLOOKUP(A31,'10-year CDS Spreads'!$A$2:$D$157,4) -> 0.0097 | H31: =IF(I31="NA","NA",$E$3+I31) -> 0.063757656 | I31: =IF(G31="NA","NA",G31*$E$5) -> 0.013757656
A32: ='Sovereign Ratings (Moody''s,S&P)'!A26 -> Burkina Faso | B32: =VLOOKUP(A32,'Regional lookup table'!$A$3:$B$161,2) -> Africa | C32: ='Sovereign Ratings (Moody''s,S&P)'!C26 -> Caa1 | D32: =VLOOKUP(C32,$J$9:$K$31,2,FALSE)/10000 -> 0.080214912 | E32: =$E$3+F32 -> 0.16377001 | F32: =IF($E$4="Yes",D32*$E$5,D32) -> 0.11377001 | G32: =VLOOKUP(A32,'10-year CDS Spreads'!$A$2:$D$157,4) -> NA | H32: =IF(I32="NA","NA",$E$3+I32) -> NA | I32: =IF(G32="NA","NA",G32*$E$5) -> NA
A33: ='Sovereign Ratings (Moody''s,S&P)'!A27 -> Cambodia | B33: =VLOOKUP(A33,'Regional lookup table'!$A$3:$B$161,2) -> Asia | C33: ='Sovereign Ratings (Moody''s,S&P)'!C27 -> B2 | D33: =VLOOKUP(C33,$J$9:$K$31,2,FALSE)/10000 -> 0.058841033 | E33: =$E$3+F33 -> 0.13345512 | F33: =IF($E$4="Yes",D33*$E$5,D33) -> 0.083455119 | G33: =VLOOKUP(A33,'10-year CDS Spreads'!$A$2:$D$157,4) -> NA | H33: =IF(I33="NA","NA",$E$3+I33) -> NA | I33: =IF(G33="NA","NA",G33*$E$5) -> NA
A34: ='Sovereign Ratings (Moody''s,S&P)'!A28 -> Cameroon | B34: =VLOOKUP(A34,'Regional lookup table'!$A$3:$B$161,2) -> Africa | C34: ='Sovereign Ratings (Moody''s,S&P)'!C28 -> B2 | D34: =VLOOKUP(C34,$J$9:$K$31,2,FALSE)/10000 -> 0.058841033 | E34: =$E$3+F34 -> 0.13345512 | F34: =IF($E$4="Yes",D34*$E$5,D34) -> 0.083455119 | G34: =VLOOKUP(A34,'10-year CDS Spreads'!$A$2:$D$157,4) -> 0.0602 | H34: =IF(I34="NA","NA",$E$3+I34) -> 0.13538256 | I34: =IF(G34="NA","NA",G34*$E$5) -> 0.085382563
A35: ='Sovereign Ratings (Moody''s,S&P)'!A29 -> Canada | B35: =VLOOKUP(A35,'Regional lookup table'!$A$3:$B$161,2) -> North America | C35: ='Sovereign Ratings (Moody''s,S&P)'!C29 -> Aaa | D35: =VLOOKUP(C35,$J$9:$K$31,2,FALSE)/10000 -> 0 | E35: =$E$3+F35 -> 0.05 | F35: =IF($E$4="Yes",D35*$E$5,D35) -> 0 | G35: =VLOOKUP(A35,'10-year CDS Spreads'!$A$2:$D$157,4) -> 0 | H35: =IF(I35="NA","NA",$E$3+I35) -> 0.05 | I35: =IF(G35="NA","NA",G35*$E$5) -> 0
A36: ='Sovereign Ratings (Moody''s,S&P)'!A30 -> Cape Verde | B36: =VLOOKUP(A36,'Regional lookup table'!$A$3:$B$161,2) -> Africa | C36: ='Sovereign Ratings (Moody''s,S&P)'!C30 -> B3 | D36: =VLOOKUP(C36,$J$9:$K$31,2,FALSE)/10000 -> 0.069527972 | E36: =$E$3+F36 -> 0.14861257 | F36: =IF($E$4="Yes",D36*$E$5,D36) -> 0.098612566 | G36: =VLOOKUP(A36,'10-year CDS Spreads'!$A$2:$D$157,4) -> NA | H36: =IF(I36="NA","NA",$E$3+I36) -> NA | I36: =IF(G36="NA","NA",G36*$E$5) -> NA
A37: ='Sovereign Ratings (Moody''s,S&P)'!A31 -> Cayman Islands | B37: =VLOOKUP(A37,'Regional lookup table'!$A$3:$B$161,2) -> Caribbean | C37: ='Sovereign Ratings (Moody''s,S&P)'!C31 -> Aa3 | D37: =VLOOKUP(C37,$J$9:$K$31,2,FALSE)/10000 -> 0.0064121638 | E37: =$E$3+F37 -> 0.059094468 | F37: =IF($E$4="Yes",D37*$E$5,D37) -> 0.0090944682 | G37: =VLOOKUP(A37,'10-year CDS Spreads'!$A$2:$D$157,4) -> NA | H37: =IF(I37="NA","NA",$E$3+I37) -> NA | I37: =IF(G37="NA","NA",G37*$E$5) -> NA
A38: ='Sovereign Ratings (Moody''s,S&P)'!A32 -> Chile | B38: =VLOOKUP(A38,'Regional lookup table'!$A$3:$B$161,2) -> Central and South America | C38: ='Sovereign Ratings (Moody''s,S&P)'!C32 -> A2 | D38: =VLOOKUP(C38,$J$9:$K$31,2,FALSE)/10000 -> 0.0090524666 | E38: =$E$3+F38 -> 0.062839249 | F38: =IF($E$4="Yes",D38*$E$5,D38) -> 0.012839249 | G38: =VLOOKUP(A38,'10-year CDS Spreads'!$A$2:$D$157,4) -> 0.0104 | H38: =IF(I38="NA","NA",$E$3+I38) -> 0.064750476 | I38: =IF(G38="NA","NA",G38*$E$5) -> 0.014750476
A39: ='Sovereign Ratings (Moody''s,S&P)'!A33 -> China | B39: =VLOOKUP(A39,'Regional lookup table'!$A$3:$B$161,2) -> Asia | C39: ='Sovereign Ratings (Moody''s,S&P)'!C33 -> A1 | D39: =VLOOKUP(C39,$J$9:$K$31,2,FALSE)/10000 -> 0.0075437221 | E39: =$E$3+F39 -> 0.060699374 | F39: =IF($E$4="Yes",D39*$E$5,D39) -> 0.010699374 | G39: =VLOOKUP(A39,'10-year CDS Spreads'!$A$2:$D$157,4) -> 0.0057 | H39: =IF(I39="NA","NA",$E$3+I39) -> 0.058084396 | I39: =IF(G39="NA","NA",G39*$E$5) -> 0.0080843955
A40: ='Sovereign Ratings (Moody''s,S&P)'!A34 -> Colombia | B40: =VLOOKUP(A40,'Regional lookup table'!$A$3:$B$161,2) -> Central and South America | C40: ='Sovereign Ratings (Moody''s,S&P)'!C34 -> Baa2 | D40: =VLOOKUP(C40,$J$9:$K$31,2,FALSE)/10000 -> 0.02036805 | E40: =$E$3+F40 -> 0.078888311 | F40: =IF($E$4="Yes",D40*$E$5,D40) -> 0.028888311 | G40: =VLOOKUP(A40,'10-year CDS Spreads'!$A$2:$D$157,4) -> 0.0311 | H40: =IF(I40="NA","NA",$E$3+I40) -> 0.094109597 | I40: =IF(G40="NA","NA",G40*$E$5) -> 0.044109597
A41: ='Sovereign Ratings (Moody''s,S&P)'!A35 -> Congo (Democratic Republic of) | B41: =VLOOKUP(A41,'Regional lookup table'!$A$3:$B$161,2) -> Africa | C41: ='Sovereign Ratings (Moody''s,S&P)'!C35 -> B3 | D41: =VLOOKUP(C41,$J$9:$K$31,2,FALSE)/10000 -> 0.069527972 | E41: =$E$3+F41 -> 0.14861257 | F41: =IF($E$4="Yes",D41*$E$5,D41) -> 0.098612566 | G41: =VLOOKUP(A41,'10-year CDS Spreads'!$A$2:$D$157,4) -> NA | H41: =IF(I41="NA","NA",$E$3+I41) -> NA | I41: =IF(G41="NA","NA",G41*$E$5) -> NA
A42: ='Sovereign Ratings (Moody''s,S&P)'!A36 -> Congo (Republic of) | B42: =VLOOKUP(A42,'Regional lookup table'!$A$3:$B$161,2) -> Africa | C42: ='Sovereign Ratings (Moody''s,S&P)'!C36 -> Caa2 | D42: =VLOOKUP(C42,$J$9:$K$31,2,FALSE)/10000 -> 0.096308186 | E42: =$E$3+F42 -> 0.18659535 | F42: =IF($E$4="Yes",D42*$E$5,D42) -> 0.13659535 | G42: =VLOOKUP(A42,'10-year CDS Spreads'!$A$2:$D$157,4) -> NA | H42: =IF(I42="NA","NA",$E$3+I42) -> NA | I42: =IF(G42="NA","NA",G42*$E$5) -> NA
... A163: ='Sovereign Ratings (Moody''s,S&P)'!A157 -> Vietnam | B163: =VLOOKUP(A163,'Regional lookup table'!$A$3:$B$161,2) -> Asia | C163: ='Sovereign Ratings (Moody''s,S&P)'!C157 -> Ba2 | D163: =VLOOKUP(C163,$J$9:$K$31,2,FALSE)/10000 -> 0.032186548 | E163: =$E$3+F163 -> 0.095650664 | F163: =IF($E$4="Yes",D163*$E$5,D163) -> 0.045650664 | G163: =VLOOKUP(A163,'10-year CDS Spreads'!$A$2:$D$157,4) -> 0.013 | H163: =IF(I163="NA","NA",$E$3+I163) -> 0.068438095 | I163: =IF(G163="NA","NA",G163*$E$5) -> 0.018438095
A164: ='Sovereign Ratings (Moody''s,S&P)'!A158 -> Zambia | B164: =VLOOKUP(A164,'Regional lookup table'!$A$3:$B$161,2) -> Africa | C164: ='Sovereign Ratings (Moody''s,S&P)'!C158 -> Ca | D164: =VLOOKUP(C164,$J$9:$K$31,2,FALSE)/10000 -> 0.12836901 | E164: =$E$3+F164 -> 0.23206769 | F164: =IF($E$4="Yes",D164*$E$5,D164) -> 0.18206769 | G164: =VLOOKUP(A164,'10-year CDS Spreads'!$A$2:$D$158,4) -> NA | H164: =IF(I164="NA","NA",$E$3+I164) -> NA | I164: =IF(G164="NA","NA",G164*$E$5) -> NA
A165: Frontier Markets (no sovereign ratings)
A166: Country | B166: PRS Composite Risk Score | C166: ERP | D166: CRP | E166: Default Spread
A167: ='PRS Worksheet'!A161 -> Algeria | B167: ='PRS Worksheet'!B161 -> 68.75 | C167: ='PRS Worksheet'!E161 -> 0.10456681 | D167: ='PRS Worksheet'!G161 -> 0.054566809 | E167: ='PRS Worksheet'!D161 -> 0.038472983
A168: ='PRS Worksheet'!A162 -> Brunei | B168: ='PRS Worksheet'!B162 -> 81.75 | C168: ='PRS Worksheet'!E162 -> 0.059094468 | D168: ='PRS Worksheet'!G162 -> 0.0090944682 | E168: ='PRS Worksheet'!D162 -> 0.0064121638
A169: ='PRS Worksheet'!A163 -> Gambia | B169: ='PRS Worksheet'!B163 -> 66 | C169: ='PRS Worksheet'!E163 -> 0.13345512 | D169: ='PRS Worksheet'!G163 -> 0.083455119 | E169: ='PRS Worksheet'!D163 -> 0.058841033
A170: ='PRS Worksheet'!A164 -> Guinea | B170: ='PRS Worksheet'!B164 -> 57.5 | C170: ='PRS Worksheet'!E164 -> 0.18659535 | D170: ='PRS Worksheet'!G164 -> 0.13659535 | E170: ='PRS Worksheet'!D164 -> 0.096308186
A171: ='PRS Worksheet'!A165 -> Guinea-Bissau | B171: ='PRS Worksheet'!B165 -> 64.5 | C171: ='PRS Worksheet'!E165 -> 0.13345512 | D171: ='PRS Worksheet'!G165 -> 0.083455119 | E171: ='PRS Worksheet'!D165 -> 0.058841033
A172: ='PRS Worksheet'!A166 -> Guyana | B172: ='PRS Worksheet'!B166 -> 75 | C172: ='PRS Worksheet'!E166 -> 0.074251915 | D172: ='PRS Worksheet'!G166 -> 0.024251915 | E172: ='PRS Worksheet'!D166 -> 0.017099104
A173: ='PRS Worksheet'!A167 -> Haiti | B173: ='PRS Worksheet'!B167 -> 54.5 | C173: ='PRS Worksheet'!E167 -> 0.23206769 | D173: ='PRS Worksheet'!G167 -> 0.18206769 | E173: ='PRS Worksheet'!D167 -> 0.12836901
A174: ='PRS Worksheet'!A168 -> Iran | B174: ='PRS Worksheet'!B168 -> 62.75 | C174: ='PRS Worksheet'!E168 -> 0.14861257 | D174: ='PRS Worksheet'!G168 -> 0.098612566 | E174: ='PRS Worksheet'!D168 -> 0.069527972
A175: ='PRS Worksheet'!A169 -> Korea, D.P.R. | B175: ='PRS Worksheet'!B169 -> 51 | C175: ='PRS Worksheet'!E169 -> 0.23206769 | D175: ='PRS Worksheet'!G169 -> 0.18206769 | E175: ='PRS Worksheet'!D169 -> 0.12836901
A176: ='PRS Worksheet'!A170 -> Liberia | B176: ='PRS Worksheet'!B170 -> 56.25 | C176: ='PRS Worksheet'!E170 -> 0.20175279 | D176: ='PRS Worksheet'!G170 -> 0.15175279 | E176: ='PRS Worksheet'!D170 -> 0.10699513
A177: ='PRS Worksheet'!A171 -> Libya | B177: ='PRS Worksheet'!B171 -> 73.75 | C177: ='PRS Worksheet'!E171 -> 0.078888311 | D177: ='PRS Worksheet'!G171 -> 0.028888311 | E177: ='PRS Worksheet'!D171 -> 0.02036805
A178: ='PRS Worksheet'!A172 -> Madagascar | B178: ='PRS Worksheet'!B172 -> 62.75 | C178: ='PRS Worksheet'!E172 -> 0.14861257 | D178: ='PRS Worksheet'!G172 -> 0.098612566 | E178: ='PRS Worksheet'!D172 -> 0.069527972
... A180: ='PRS Worksheet'!A174 -> Myanmar | B180: ='PRS Worksheet'!B174 -> 56 | C180: ='PRS Worksheet'!E174 -> 0.20175279 | D180: ='PRS Worksheet'!G174 -> 0.15175279 | E180: ='PRS Worksheet'!D174 -> 0.10699513
A181: ='PRS Worksheet'!A176 -> Sierra Leone | B181: ='PRS Worksheet'!B176 -> 53 | C181: ='PRS Worksheet'!E176 -> 0.23206769 | D181: ='PRS Worksheet'!G176 -> 0.18206769 | E181: ='PRS Worksheet'!D176 -> 0.12836901
A182: ='PRS Worksheet'!A177 -> Somalia | B182: ='PRS Worksheet'!B177 -> 51.5 | C182: ='PRS Worksheet'!E177 -> 0.23206769 | D182: ='PRS Worksheet'!G177 -> 0.18206769 | E182: ='PRS Worksheet'!D177 -> 0.12836901
A183: ='PRS Worksheet'!A178 -> Sudan | B183: ='PRS Worksheet'!B178 -> 43 | C183: ='PRS Worksheet'!E178 -> 0.29820513 | D183: ='PRS Worksheet'!G178 -> 0.24820513 | E183: ='PRS Worksheet'!D178 -> 0.175
A184: ='PRS Worksheet'!A179 -> Syria | B184: ='PRS Worksheet'!B179 -> 48.75 | C184: ='PRS Worksheet'!E179 -> 0.29820513 | D184: ='PRS Worksheet'!G179 -> 0.24820513 | E184: ='PRS Worksheet'!D179 -> 0.175
A185: ='PRS Worksheet'!A180 -> Yemen, Republic | B185: ='PRS Worksheet'!B180 -> 55.75 | C185: ='PRS Worksheet'!E180 -> 0.20175279 | D185: ='PRS Worksheet'!G180 -> 0.15175279 | E185: ='PRS Worksheet'!D180 -> 0.10699513
A186: ='PRS Worksheet'!A181 -> Zimbabwe | B186: ='PRS Worksheet'!B181 -> 61.25 | C186: ='PRS Worksheet'!E181 -> 0.16377001 | D186: ='PRS Worksheet'!G181 -> 0.11377001 | E186: ='PRS Worksheet'!D181 -> 0.080214912
B188: Rating | C188: Default spread in basis points
B189: A1 | C189: ='Default Spreads for Ratings'!C2 -> 75.437221
B190: A2 | C190: ='Default Spreads for Ratings'!C3 -> 90.524666
B191: A3 | C191: ='Default Spreads for Ratings'!C4 -> 128.24328
B192: Aa1 | C192: ='Default Spreads for Ratings'!C5 -> 42.747759
B193: Aa2 | C193: ='Default Spreads for Ratings'!C6 -> 52.806055
B194: Aa3 | C194: ='Default Spreads for Ratings'!C7 -> 64.121638
B195: Aaa | C195: ='Default Spreads for Ratings'!C8 -> 0
B196: B1 | C196: ='Default Spreads for Ratings'!C9 -> 481.54093
B197: B2 | C197: ='Default Spreads for Ratings'!C10 -> 588.41033
B198: B3 | C198: ='Default Spreads for Ratings'!C11 -> 695.27972
B199: Ba1 | C199: ='Default Spreads for Ratings'!C12 -> 267.80214
B200: Ba2 | C200: ='Default Spreads for Ratings'!C13 -> 321.86548
... B204: Baa3 | C204: ='Default Spreads for Ratings'!C17 -> 235.11267
B205: C | C205: 1750
B206: Ca | C206: ='Default Spreads for Ratings'!C18 -> 1283.6901
B207: Caa1 | C207: ='Default Spreads for Ratings'!C19 -> 802.14912
B208: Caa2 | C208: ='Default Spreads for Ratings'!C20 -> 963.08186
B209: Caa3 | C209: ='Default Spreads for Ratings'!C21 -> 1069.9513
B210: NR | C210: NA

Sheet Relative Equity Volatility
A1: Year | B1: Std Dev (BMI) | C1: Std Dev (JPM Sov Bond) | D1: REL VOL | J1: Estimation note: Those of you who have followed my attempts to estimate the relative equity market volatility know that I have struggled with getting a proxy for returns on emerging market sovereign bonds, and have used the coefficient of varation in yields to make that estimate. I have finally replaced that estimate with a return on an emerging market governemnt bond ETF from iShares. The standard deviations are now computed consistently for emerigng equities and emerigng government bonds. (Using the old yield coefficient of variation approach would have yielded a ratio of 1.49 in this computation.)
A2: 7/1/18- 6/30/19 | B2: =STDEV(I16:I275)*(260^0.5) -> 0.13490765 | C2: =STDEV(C16:C265)*(260^0.5) -> 0.05719235 | D2: =B2/C2 -> 2.3588408 | F2: =STDEV(C16:C265)*(260^0.5) -> 0.05719235
A3: 7/1/19-6/30/20 | B3: =STDEV(I276:I537)*(260^0.5) -> 0.21757044 | C3: =STDEV(C266:C518)*(260^0.5) -> 0.19249847 | D3: =B3/C3 -> 1.1302451
A4: 7/1/20-6/30/21 | B4: =STDEV(I538:I798)*(260^0.5) -> 0.14376612 | C4: =STDEV(C519:C770)*(260^0.5) -> 0.074065042 | D4: =B4/C4 -> 1.9410793
A5: 7/1/21-6/30/22 | B5: =STDEV(I799:I1059)*(260^0.5) -> 0.17877945 | C5: =STDEV(C771:C1022)*(260^0.5) -> 0.10721913 | D5: =B5/C5 -> 1.6674213
A6: 7/1/22-6/30/23 | B6: =STDEV(I1060:I1325)*(260^0.5) -> 0.13573693 | C6: =STDEV(C1023:C1273)*(260^0.5) -> 0.14066149 | D6: =B6/C6 -> 0.96498996
A7: Average Relative Volatility | B7: =AVERAGE(B2:B6) -> 0.16215212 | C7: =AVERAGE(C2:C6) -> 0.11432729 | D7: =B7/C7 -> 1.418315
A9: Index: | B9: iShares JP Morgan USD Emerging Markets Bond ETF | G9: Index: | H9: S&P Emerging BMI Index
A10: Source: | B10: Yahoo! | G10: Source: | H10: S&P
B11: https://finance.yahoo.com/quote/EMB/ | H11: https://www.spglobal.com/spdji/en/indices/equity/sp-emerging-bmi/#overview
A12: Period | B12: Five years | C12: (June 30, 2018 - June 30, 2023) | G12: Period | H12: Five years | I12: (June 30, 2018 - June 30, 2023)
A13: Interval | B13: Daily | G13: Interval | H13: Daily
A14: Date | B14: Closing Price | C14: Return | G14: Effective date | H14: S&P Emerging BMI (USD) | I14: Return
A15: 41818 | B15: 84.33 | G15: 41818 | H15: 278.66
A16: 41821 | B16: 84.32 | C16: =B16/B15-1 -> -0.00011858176 | G16: 41821 | H16: 276.97 | I16: =H16/H15-1 -> -0.0060647384
A17: 41822 | B17: 84.59 | C17: =B17/B16-1 -> 0.0032020873 | G17: 41822 | H17: 276.34 | I17: =H17/H16-1 -> -0.0022746146
A18: 41824 | B18: 85.13 | C18: =B18/B17-1 -> 0.0063837333 | G18: 41823 | H18: 275.95 | I18: =H18/H17-1 -> -0.0014113049
A19: 41825 | B19: 85.86 | C19: =B19/B18-1 -> 0.0085751204 | G19: 41824 | H19: 275.42 | I19: =H19/H18-1 -> -0.0019206378
A20: 41828 | B20: 86.1 | C20: =B20/B19-1 -> 0.0027952481 | G20: 41825 | H20: 276.74 | I20: =H20/H19-1 -> 0.0047926803
A21: 41829 | B21: 86.25 | C21: =B21/B20-1 -> 0.0017421603 | G21: 41828 | H21: 280.78 | I21: =H21/H20-1 -> 0.01459854
A22: 41830 | B22: 85.9 | C22: =B22/B21-1 -> -0.004057971 | G22: 41829 | H22: 280.99 | I22: =H22/H21-1 -> 0.00074791652
A23: 41831 | B23: 86.06 | C23: =B23/B22-1 -> 0.001862631 | G23: 41830 | H23: 278.19 | I23: =H23/H22-1 -> -0.0099647674
A24: 41832 | B24: 86.51 | C24: =B24/B23-1 -> 0.0052289101 | G24: 41831 | H24: 280.21 | I24: =H24/H23-1 -> 0.0072612243
A25: 41835 | B25: 86.28 | C25: =B25/B24-1 -> -0.0026586522 | G25: 41832 | H25: 280.97 | I25: =H25/H24-1 -> 0.0027122515
A26: 41836 | B26: 86.28 | C26: =B26/B25-1 -> 0 | G26: 41835 | H26: 279.62 | I26: =H26/H25-1 -> -0.0048047834
A27: 41837 | B27: 86.2 | C27: =B27/B26-1 -> -0.00092721372 | G27: 41836 | H27: 279.92 | I27: =H27/H26-1 -> 0.0010728846
... A1273: 43645 | B1273: 86.19 | C1273: =B1273/B1272-1 -> 0.0071278336 | G1273: 43580 | H1273: 262.14 | I1273: =H1273/H1272-1 -> 0.0035987749
G1274: 43581 | H1274: 263.25 | I1274: =H1274/H1273-1 -> 0.0042343786
G1275: 43582 | H1275: 264.77 | I1275: =H1275/H1274-1 -> 0.0057739791
G1276: 43585 | H1276: 264.69 | I1276: =H1276/H1275-1 -> -0.00030214904
G1277: 43586 | H1277: 263.9 | I1277: =H1277/H1276-1 -> -0.0029846235
G1278: 43587 | H1278: 263.07 | I1278: =H1278/H1277-1 -> -0.0031451307
G1279: 43588 | H1279: 264.75 | I1279: =H1279/H1278-1 -> 0.006386133
G1280: 43589 | H1280: 265.84 | I1280: =H1280/H1279-1 -> 0.0041170916
G1281: 43592 | H1281: 267.91 | I1281: =H1281/H1280-1 -> 0.0077866386
G1282: 43593 | H1282: 265.78 | I1282: =H1282/H1281-1 -> -0.0079504311
G1283: 43594 | H1283: 265.53 | I1283: =H1283/H1282-1 -> -0.00094062759
G1284: 43595 | H1284: 265.05 | I1284: =H1284/H1283-1 -> -0.0018077053
G1285: 43596 | H1285: 264.03 | I1285: =H1285/H1284-1 -> -0.0038483305
... G1320: 43645 | H1320: 268.13 | I1320: =H1320/H1319-1 -> 0.0033303398

Sheet Regional Simple Averages
B3: Values
A4: Row Labels | B4: Average of Adj. Default Spread | C4: Average of Country Risk Premium | D4: Average of Equity Risk Premium | E4: Average of Corporate Tax Rate
A5: Africa | B5: 0.067968937 | C5: 0.096401362 | D5: 0.14640136 | E5: 0.26381
A6: Asia | B6: 0.041403008 | C6: 0.058722508 | D6: 0.10872251 | E6: 0.23766522
A7: Australia & New Zealand | B7: 0.019613678 | C7: 0.027818373 | D7: 0.077818373 | E7: 0.2881
A8: Caribbean | B8: 0.041768871 | C8: 0.059241416 | D8: 0.10924142 | E8: 0.17372857
A9: Central and South America | B9: 0.061619543 | C9: 0.087395923 | D9: 0.13739592 | E9: 0.28298947
A10: Eastern Europe & Russia | B10: 0.0437484 | C10: 0.062049012 | D10: 0.11204901 | E10: 0.16111111
A11: Middle East | B11: 0.036431205 | C11: 0.051670925 | D11: 0.10167092 | E11: 0.11538462
A12: North America | B12: 0 | C12: 0 | D12: 0.05 | E12: 0.25
A13: Western Europe | B13: 0.010977083 | C13: 0.015568961 | D13: 0.065568961 | E13: 0.1957
A14: Grand Total | B14: 0.04296771 | C14: 0.060941748 | D14: 0.11094175 | E14: 0.21332548

Sheet Regional Weighted Averages
A1: Country | B1: GDP (in billions) | C1: Moody's rating | D1: Adj. Default Spread | E1: Equity Risk Premium | F1: Country Risk Premium | G1: Corporate Tax Rate | H1: Region | I1: GDP Weight | J1: Weight*Default Spread | K1: Weight*ERP | L1: Weight*CRP | M1: Weight * Tax Rate
A2: ='Sovereign Ratings (Moody''s,S&P)'!A5 -> Angola | B2: ='Country GDP'!B5 -> 106713.62 | C2: ='Sovereign Ratings (Moody''s,S&P)'!C5 -> B3 | D2: ='ERPs by country'!D11 -> 0.069527972 | E2: ='ERPs by country'!E11 -> 0.14861257 | F2: ='ERPs by country'!F11 -> 0.098612566 | G2: ='Country Tax Rates'!B5 -> 0.25 | H2: =VLOOKUP(A2,'Regional lookup table'!$A$2:$B$161,2) -> Africa | I2: =B2/$B$32 -> 0.042541156 | J2: =I2*D2 -> 0.0029578003 | K2: =I2*E2 -> 0.0063221503 | L2: =I2*F2 -> 0.0041950926 | M2: =I2*G2 -> 0.010635289
A3: ='Sovereign Ratings (Moody''s,S&P)'!A19 -> Benin | B3: ='Country GDP'!B19 -> 17401.746 | C3: ='Sovereign Ratings (Moody''s,S&P)'!C19 -> B1 | D3: ='ERPs by country'!D25 -> 0.048154093 | E3: ='ERPs by country'!E25 -> 0.11829767 | F3: ='ERPs by country'!F25 -> 0.068297673 | G3: ='Country Tax Rates'!B19 -> 0.3 | H3: =VLOOKUP(A3,'Regional lookup table'!$A$2:$B$161,2) -> Africa | I3: =B3/$B$32 -> 0.0069371689 | J3: =I3*D3 -> 0.00033405308 | K3: =I3*E3 -> 0.00082065094 | L3: =I3*F3 -> 0.00047379249 | M3: =I3*G3 -> 0.0020811507
A4: ='Sovereign Ratings (Moody''s,S&P)'!A23 -> Botswana | B4: ='Country GDP'!B23 -> 20352.322 | C4: ='Sovereign Ratings (Moody''s,S&P)'!C23 -> A3 | D4: ='ERPs by country'!D29 -> 0.012824328 | E4: ='ERPs by country'!E29 -> 0.068188936 | F4: ='ERPs by country'!F29 -> 0.018188936 | G4: ='Country Tax Rates'!B23 -> 0.22 | H4: =VLOOKUP(A4,'Regional lookup table'!$A$2:$B$161,2) -> Africa | I4: =B4/$B$32 -> 0.0081134097 | J4: =I4*D4 -> 0.00010404902 | K4: =I4*E4 -> 0.00055324478 | L4: =I4*F4 -> 0.00014757429 | M4: =I4*G4 -> 0.0017849501
A5: ='Sovereign Ratings (Moody''s,S&P)'!A26 -> Burkina Faso | B5: ='Country GDP'!B26 -> 18884.62 | C5: ='Sovereign Ratings (Moody''s,S&P)'!C26 -> Caa1 | D5: ='ERPs by country'!D32 -> 0.080214912 | E5: ='ERPs by country'!E32 -> 0.16377001 | F5: ='ERPs by country'!F32 -> 0.11377001 | G5: ='Country Tax Rates'!B26 -> 0.28 | H5: =VLOOKUP(A5,'Regional lookup table'!$A$2:$B$161,2) -> Africa | I5: =B5/$B$32 -> 0.0075283132 | J5: =I5*D5 -> 0.00060388298 | K5: =I5*E5 -> 0.001232912 | L5: =I5*F5 -> 0.00085649629 | M5: =I5*G5 -> 0.0021079277
A6: ='Sovereign Ratings (Moody''s,S&P)'!A28 -> Cameroon | B6: ='Country GDP'!B28 -> 44341.647 | C6: ='Sovereign Ratings (Moody''s,S&P)'!C28 -> B2 | D6: ='ERPs by country'!D34 -> 0.058841033 | E6: ='ERPs by country'!E34 -> 0.13345512 | F6: ='ERPs by country'!F34 -> 0.083455119 | G6: ='Country Tax Rates'!B28 -> 0.33 | H6: =VLOOKUP(A6,'Regional lookup table'!$A$2:$B$161,2) -> Africa | I6: =B6/$B$32 -> 0.017676703 | J6: =I6*D6 -> 0.0010401154 | K6: =I6*E6 -> 0.0023590464 | L6: =I6*F6 -> 0.0014752113 | M6: =I6*G6 -> 0.0058333118
A7: ='Sovereign Ratings (Moody''s,S&P)'!A30 -> Cape Verde | B7: ='Country GDP'!B30 -> 1936 | C7: ='Sovereign Ratings (Moody''s,S&P)'!C30 -> B3 | D7: ='ERPs by country'!D36 -> 0.069527972 | E7: ='ERPs by country'!E36 -> 0.14861257 | F7: ='ERPs by country'!F36 -> 0.098612566 | G7: ='Country Tax Rates'!B30 -> 0 | H7: =VLOOKUP(A7,'Regional lookup table'!$A$2:$B$161,2) -> Africa | I7: =B7/$B$32 -> 0.00077178226 | J7: =I7*D7 -> 5.3660456e-05 | K7: =I7*E7 -> 0.00011469654 | L7: =I7*F7 -> 7.6107429e-05 | M7: =I7*G7 -> 0
A8: ='Sovereign Ratings (Moody''s,S&P)'!A35 -> Congo (Democratic Republic of) | B8: ='Country GDP'!B35 -> 58065.954 | C8: ='Sovereign Ratings (Moody''s,S&P)'!C35 -> B3 | D8: ='ERPs by country'!D41 -> 0.069527972 | E8: ='ERPs by country'!E41 -> 0.14861257 | F8: ='ERPs by country'!F41 -> 0.098612566 | G8: ='Country Tax Rates'!B35 -> 0.3 | H8: =VLOOKUP(A8,'Regional lookup table'!$A$2:$B$161,2) -> Africa | I8: =B8/$B$32 -> 0.023147868 | J8: =I8*D8 -> 0.0016094243 | K8: =I8*E8 -> 0.0034400641 | L8: =I8*F8 -> 0.0022826707 | M8: =I8*G8 -> 0.0069443605
A9: ='Sovereign Ratings (Moody''s,S&P)'!A36 -> Congo (Republic of) | B9: ='Country GDP'!B36 -> 14616 | C9: ='Sovereign Ratings (Moody''s,S&P)'!C36 -> Caa2 | D9: ='ERPs by country'!D42 -> 0.096308186 | E9: ='ERPs by country'!E42 -> 0.18659535 | F9: ='ERPs by country'!F42 -> 0.13659535 | G9: ='Country Tax Rates'!B36 -> 0.28 | H9: =VLOOKUP(A9,'Regional lookup table'!$A$2:$B$161,2) -> Africa | I9: =B9/$B$32 -> 0.0058266371 | J9: =I9*D9 -> 0.00056115285 | K9: =I9*E9 -> 0.0010872234 | L9: =I9*F9 -> 0.00079589151 | M9: =I9*G9 -> 0.0016314584
A10: ='Sovereign Ratings (Moody''s,S&P)'!A39 -> Côte d'Ivoire | B10: ='Country GDP'!B39 -> 70018.715 | C10: ='Sovereign Ratings (Moody''s,S&P)'!C39 -> Ba3 | D10: ='ERPs by country'!D45 -> 0.038472983 | E10: ='ERPs by country'!E45 -> 0.10456681 | F10: ='ERPs by country'!F45 -> 0.054566809 | G10: ='Country Tax Rates'!B39 -> 0.25 | H10: =VLOOKUP(A10,'Regional lookup table'!$A$2:$B$161,2) -> Africa | I10: =B10/$B$32 -> 0.027912811 | J10: =I10*D10 -> 0.0010738891 | K10: =I10*E10 -> 0.0029187536 | L10: =I10*F10 -> 0.001523113 | M10: =I10*G10 -> 0.0069782027
A11: ='Sovereign Ratings (Moody''s,S&P)'!A48 -> Egypt | B11: ='Country GDP'!B48 -> 476747.72 | C11: ='Sovereign Ratings (Moody''s,S&P)'!C48 -> B3 | D11: ='ERPs by country'!D54 -> 0.069527972 | E11: ='ERPs by country'!E54 -> 0.14861257 | F11: ='ERPs by country'!F54 -> 0.098612566 | G11: ='Country Tax Rates'!B48 -> 0.225 | H11: =VLOOKUP(A11,'Regional lookup table'!$A$2:$B$161,2) -> Africa | I11: =B11/$B$32 -> 0.19005446 | J11: =I11*D11 -> 0.013214101 | K11: =I11*E11 -> 0.028244481 | L11: =I11*F11 -> 0.018741758 | M11: =I11*G11 -> 0.042762253
A12: ='Sovereign Ratings (Moody''s,S&P)'!A51 -> Ethiopia | B12: ='Country GDP'!B51 -> 126783.47 | C12: ='Sovereign Ratings (Moody''s,S&P)'!C51 -> Caa2 | D12: ='ERPs by country'!D57 -> 0.096308186 | E12: ='ERPs by country'!E57 -> 0.18659535 | F12: ='ERPs by country'!F57 -> 0.13659535 | G12: ='Country Tax Rates'!B51 -> 0.3 | H12: =VLOOKUP(A12,'Regional lookup table'!$A$2:$B$161,2) -> Africa | I12: =B12/$B$32 -> 0.05054196 | J12: =I12*D12 -> 0.0048676045 | K12: =I12*E12 -> 0.0094308945 | L12: =I12*F12 -> 0.0069037965 | M12: =I12*G12 -> 0.015162588
A13: ='Sovereign Ratings (Moody''s,S&P)'!A55 -> Gabon | B13: ='Country GDP'!B55 -> 21071.739 | C13: ='Sovereign Ratings (Moody''s,S&P)'!C55 -> Caa1 | D13: ='ERPs by country'!D61 -> 0.080214912 | E13: ='ERPs by country'!E61 -> 0.16377001 | F13: ='ERPs by country'!F61 -> 0.11377001 | G13: ='Country Tax Rates'!B55 -> 0.3 | H13: =VLOOKUP(A13,'Regional lookup table'!$A$2:$B$161,2) -> Africa | I13: =B13/$B$32 -> 0.0084002038 | J13: =I13*D13 -> 0.00067382161 | K13: =I13*E13 -> 0.0013757015 | L13: =I13*F13 -> 0.00095569129 | M13: =I13*G13 -> 0.0025200611
A14: ='Sovereign Ratings (Moody''s,S&P)'!A58 -> Ghana | B14: ='Country GDP'!B58 -> 72838.799 | C14: ='Sovereign Ratings (Moody''s,S&P)'!C58 -> Ca | D14: ='ERPs by country'!D64 -> 0.12836901 | E14: ='ERPs by country'!E64 -> 0.23206769 | F14: ='ERPs by country'!F64 -> 0.18206769 | G14: ='Country Tax Rates'!B58 -> 0.25 | H14: =VLOOKUP(A14,'Regional lookup table'!$A$2:$B$161,2) -> Africa | I14: =B14/$B$32 -> 0.029037031 | J14: =I14*D14 -> 0.0037274548 | K14: =I14*E14 -> 0.0067385567 | L14: =I14*F14 -> 0.0052867051 | M14: =I14*G14 -> 0.0072592578
A15: ='Sovereign Ratings (Moody''s,S&P)'!A78 -> Kenya | B15: ='Country GDP'!B78 -> 113420.01 | C15: ='Sovereign Ratings (Moody''s,S&P)'!C78 -> B3 | D15: ='ERPs by country'!D84 -> 0.069527972 | E15: ='ERPs by country'!E84 -> 0.14861257 | F15: ='ERPs by country'!F84 -> 0.098612566 | G15: ='Country Tax Rates'!B78 -> 0.3 | H15: =VLOOKUP(A15,'Regional lookup table'!$A$2:$B$161,2) -> Africa | I15: =B15/$B$32 -> 0.045214644 | J15: =I15*D15 -> 0.0031436825 | K15: =I15*E15 -> 0.0067194642 | L15: =I15*F15 -> 0.004458732 | M15: =I15*G15 -> 0.013564393
A16: ='Sovereign Ratings (Moody''s,S&P)'!A92 -> Mali | B16: ='Country GDP'!B92 -> 18827.177 | C16: ='Sovereign Ratings (Moody''s,S&P)'!C92 -> Caa2 | D16: ='ERPs by country'!D98 -> 0.096308186 | E16: ='ERPs by country'!E98 -> 0.18659535 | F16: ='ERPs by country'!F98 -> 0.13659535 | G16: ='Country Tax Rates'!B92 -> 0.2281 | H16: =VLOOKUP(A16,'Regional lookup table'!$A$2:$B$161,2) -> Africa | I16: =B16/$B$32 -> 0.0075054136 | J16: =I16*D16 -> 0.00072283277 | K16: =I16*E16 -> 0.0014004753 | L16: =I16*F16 -> 0.0010252046 | M16: =I16*G16 -> 0.0017119849
A17: ='Sovereign Ratings (Moody''s,S&P)'!A94 -> Mauritius | B17: ='Country GDP'!B94 -> 12898.307 | C17: ='Sovereign Ratings (Moody''s,S&P)'!C94 -> Baa3 | D17: ='ERPs by country'!D100 -> 0.023511267 | E17: ='ERPs by country'!E100 -> 0.083346383 | F17: ='ERPs by country'!F100 -> 0.033346383 | G17: ='Country Tax Rates'!B94 -> 0.15 | H17: =VLOOKUP(A17,'Regional lookup table'!$A$2:$B$161,2) -> Africa | I17: =B17/$B$32 -> 0.0051418825 | J17: =I17*D17 -> 0.00012089217 | K17: =I17*E17 -> 0.00042855731 | L17: =I17*F17 -> 0.00017146319 | M17: =I17*G17 -> 0.00077128238
A18: ='Sovereign Ratings (Moody''s,S&P)'!A100 -> Morocco | B18: ='Country GDP'!B100 -> 134181.59 | C18: ='Sovereign Ratings (Moody''s,S&P)'!C100 -> Ba1 | D18: ='ERPs by country'!D106 -> 0.026780214 | E18: ='ERPs by country'!E106 -> 0.087982779 | F18: ='ERPs by country'!F106 -> 0.037982779 | G18: ='Country Tax Rates'!B100 -> 0.31 | H18: =VLOOKUP(A18,'Regional lookup table'!$A$2:$B$161,2) -> Africa | I18: =B18/$B$32 -> 0.053491203 | J18: =I18*D18 -> 0.0014325058 | K18: =I18*E18 -> 0.0047063047 | L18: =I18*F18 -> 0.0020317445 | M18: =I18*G18 -> 0.016582273
A19: ='Sovereign Ratings (Moody''s,S&P)'!A101 -> Mozambique | B19: ='Country GDP'!B101 -> 17851.491 | C19: ='Sovereign Ratings (Moody''s,S&P)'!C101 -> Caa2 | D19: ='ERPs by country'!D107 -> 0.096308186 | E19: ='ERPs by country'!E107 -> 0.18659535 | F19: ='ERPs by country'!F107 -> 0.13659535 | G19: ='Country Tax Rates'!B101 -> 0.32 | H19: =VLOOKUP(A19,'Regional lookup table'!$A$2:$B$161,2) -> Africa | I19: =B19/$B$32 -> 0.0071164589 | J19: =I19*D19 -> 0.00068537325 | K19: =I19*E19 -> 0.0013278981 | L19: =I19*F19 -> 0.00097207516 | M19: =I19*G19 -> 0.0022772668
A20: ='Sovereign Ratings (Moody''s,S&P)'!A102 -> Namibia | B20: ='Country GDP'!B102 -> 12607.437 | C20: ='Sovereign Ratings (Moody''s,S&P)'!C102 -> B1 | D20: ='ERPs by country'!D108 -> 0.048154093 | E20: ='ERPs by country'!E108 -> 0.11829767 | F20: ='ERPs by country'!F108 -> 0.068297673 | G20: ='Country Tax Rates'!B102 -> 0.32 | H20: =VLOOKUP(A20,'Regional lookup table'!$A$2:$B$161,2) -> Africa | I20: =B20/$B$32 -> 0.0050259278 | J20: =I20*D20 -> 0.00024201899 | K20: =I20*E20 -> 0.00059455556 | L20: =I20*F20 -> 0.00034325917 | M20: =I20*G20 -> 0.0016082969
A21: ='Sovereign Ratings (Moody''s,S&P)'!A106 -> Niger | B21: ='Country GDP'!B106 -> 13969.606 | C21: ='Sovereign Ratings (Moody''s,S&P)'!C106 -> B3 | D21: ='ERPs by country'!D112 -> 0.069527972 | E21: ='ERPs by country'!E112 -> 0.14861257 | F21: ='ERPs by country'!F112 -> 0.098612566 | G21: ='Country Tax Rates'!B106 -> 0.2281 | H21: =VLOOKUP(A21,'Regional lookup table'!$A$2:$B$161,2) -> Africa | I21: =B21/$B$32 -> 0.0055689534 | J21: =I21*D21 -> 0.00038719804 | K21: =I21*E21 -> 0.00082761645 | L21: =I21*F21 -> 0.00054916879 | M21: =I21*G21 -> 0.0012702783
A22: ='Sovereign Ratings (Moody''s,S&P)'!A107 -> Nigeria | B22: ='Country GDP'!B107 -> 477386.12 | C22: ='Sovereign Ratings (Moody''s,S&P)'!C107 -> Caa1 | D22: ='ERPs by country'!D113 -> 0.080214912 | E22: ='ERPs by country'!E113 -> 0.16377001 | F22: ='ERPs by country'!F113 -> 0.11377001 | G22: ='Country Tax Rates'!B107 -> 0.3 | H22: =VLOOKUP(A22,'Regional lookup table'!$A$2:$B$161,2) -> Africa | I22: =B22/$B$32 -> 0.19030896 | J22: =I22*D22 -> 0.015265616 | K22: =I22*E22 -> 0.0311669 | L22: =I22*F22 -> 0.021651452 | M22: =I22*G22 -> 0.057092687
A23: ='Sovereign Ratings (Moody''s,S&P)'!A122 -> Rwanda | B23: ='Country GDP'!B122 -> 13312.797 | C23: ='Sovereign Ratings (Moody''s,S&P)'!C122 -> B2 | D23: ='ERPs by country'!D128 -> 0.058841033 | E23: ='ERPs by country'!E128 -> 0.13345512 | F23: ='ERPs by country'!F128 -> 0.083455119 | G23: ='Country Tax Rates'!B122 -> 0.3 | H23: =VLOOKUP(A23,'Regional lookup table'!$A$2:$B$161,2) -> Africa | I23: =B23/$B$32 -> 0.005307118 | J23: =I23*D23 -> 0.0003122763 | K23: =I23*E23 -> 0.00070826206 | L23: =I23*F23 -> 0.00044290616 | M23: =I23*G23 -> 0.0015921354
A24: ='Sovereign Ratings (Moody''s,S&P)'!A124 -> Senegal | B24: ='Country GDP'!B124 -> 27684.43 | C24: ='Sovereign Ratings (Moody''s,S&P)'!C124 -> Ba3 | D24: ='ERPs by country'!D130 -> 0.038472983 | E24: ='ERPs by country'!E130 -> 0.10456681 | F24: ='ERPs by country'!F130 -> 0.054566809 | G24: ='Country Tax Rates'!B124 -> 0.3 | H24: =VLOOKUP(A24,'Regional lookup table'!$A$2:$B$161,2) -> Africa | I24: =B24/$B$32 -> 0.011036339 | J24: =I24*D24 -> 0.00042460088 | K24: =I24*E24 -> 0.0011540347 | L24: =I24*F24 -> 0.0006022178 | M24: =I24*G24 -> 0.0033109017
A25: ='Sovereign Ratings (Moody''s,S&P)'!A131 -> South Africa | B25: ='Country GDP'!B131 -> 405869.72 | C25: ='Sovereign Ratings (Moody''s,S&P)'!C131 -> Ba2 | D25: ='ERPs by country'!D137 -> 0.032186548 | E25: ='ERPs by country'!E137 -> 0.095650664 | F25: ='ERPs by country'!F137 -> 0.045650664 | G25: ='Country Tax Rates'!B131 -> 0.27 | H25: =VLOOKUP(A25,'Regional lookup table'!$A$2:$B$161,2) -> Africa | I25: =B25/$B$32 -> 0.1617991 | J25: =I25*D25 -> 0.0052077543 | K25: =I25*E25 -> 0.015476191 | L25: =I25*F25 -> 0.0073862361 | M25: =I25*G25 -> 0.043685756
A26: ='Sovereign Ratings (Moody''s,S&P)'!A137 -> Swaziland | B26: ='Country GDP'!B137 -> 4854.1676 | C26: ='Sovereign Ratings (Moody''s,S&P)'!C137 -> B3 | D26: ='ERPs by country'!D143 -> 0.069527972 | E26: ='ERPs by country'!E143 -> 0.14861257 | F26: ='ERPs by country'!F143 -> 0.098612566 | G26: ='Country Tax Rates'!B137 -> 0.275 | H26: =VLOOKUP(A26,'Regional lookup table'!$A$2:$B$161,2) -> Africa | I26: =B26/$B$32 -> 0.0019351035 | J26: =I26*D26 -> 0.00013454383 | K26: =I26*E26 -> 0.0002875807 | L26: =I26*F26 -> 0.00019082553 | M26: =I26*G26 -> 0.00053215347
A27: ='Sovereign Ratings (Moody''s,S&P)'!A142 -> Tanzania | B27: ='Country GDP'!B142 -> 75709.289 | C27: ='Sovereign Ratings (Moody''s,S&P)'!C142 -> B2 | D27: ='ERPs by country'!D148 -> 0.058841033 | E27: ='ERPs by country'!E148 -> 0.13345512 | F27: ='ERPs by country'!F148 -> 0.083455119 | G27: ='Country Tax Rates'!B142 -> 0.3 | H27: =VLOOKUP(A27,'Regional lookup table'!$A$2:$B$161,2) -> Africa | I27: =B27/$B$32 -> 0.030181346 | J27: =I27*D27 -> 0.0017759016 | K27: =I27*E27 -> 0.0040278552 | L27: =I27*F27 -> 0.0025187878 | M27: =I27*G27 -> 0.0090544038
A28: ='Sovereign Ratings (Moody''s,S&P)'!A144 -> Togo | B28: ='Country GDP'!B144 -> 8126.4395 | C28: ='Sovereign Ratings (Moody''s,S&P)'!C144 -> B3 | D28: ='ERPs by country'!D150 -> 0.069527972 | E28: ='ERPs by country'!E150 -> 0.14861257 | F28: ='ERPs by country'!F150 -> 0.098612566 | G28: ='Country Tax Rates'!B144 -> 0.2281 | H28: =VLOOKUP(A28,'Regional lookup table'!$A$2:$B$161,2) -> Africa | I28: =B28/$B$32 -> 0.0032395877 | J28: =I28*D28 -> 0.00022524197 | K28: =I28*E28 -> 0.00048144344 | L28: =I28*F28 -> 0.00031946406 | M28: =I28*G28 -> 0.00073894996
A29: ='Sovereign Ratings (Moody''s,S&P)'!A146 -> Tunisia | B29: ='Country GDP'!B146 -> 46664.949 | C29: ='Sovereign Ratings (Moody''s,S&P)'!C146 -> Caa2 | D29: ='ERPs by country'!D152 -> 0.096308186 | E29: ='ERPs by country'!E152 -> 0.18659535 | F29: ='ERPs by country'!F152 -> 0.13659535 | G29: ='Country Tax Rates'!B146 -> 0.15 | H29: =VLOOKUP(A29,'Regional lookup table'!$A$2:$B$161,2) -> Africa | I29: =B29/$B$32 -> 0.018602882 | J29: =I29*D29 -> 0.0017916098 | K29: =I29*E29 -> 0.0034712112 | L29: =I29*F29 -> 0.0025410671 | M29: =I29*G29 -> 0.0027904323
A30: ='Sovereign Ratings (Moody''s,S&P)'!A149 -> Uganda | B30: ='Country GDP'!B149 -> 45559.202 | C30: ='Sovereign Ratings (Moody''s,S&P)'!C149 -> B2 | D30: ='ERPs by country'!D155 -> 0.058841033 | E30: ='ERPs by country'!E155 -> 0.13345512 | F30: ='ERPs by country'!F155 -> 0.083455119 | G30: ='Country Tax Rates'!B149 -> 0.3 | H30: =VLOOKUP(A30,'Regional lookup table'!$A$2:$B$161,2) -> Africa | I30: =B30/$B$32 -> 0.018162078 | J30: =I30*D30 -> 0.0010686755 | K30: =I30*E30 -> 0.0024238223 | L30: =I30*F30 -> 0.0015157184 | M30: =I30*G30 -> 0.0054486235
A31: ='Sovereign Ratings (Moody''s,S&P)'!A158 -> Zambia | B31: ='Country GDP'!B158 -> 29784.454 | C31: ='Sovereign Ratings (Moody''s,S&P)'!C158 -> Ca | D31: ='ERPs by country'!D164 -> 0.12836901 | E31: ='ERPs by country'!E164 -> 0.23206769 | F31: ='ERPs by country'!F164 -> 0.18206769 | G31: ='Country Tax Rates'!B158 -> 0.35 | H31: =VLOOKUP(A31,'Regional lookup table'!$A$2:$B$161,2) -> Africa | I31: =B31/$B$32 -> 0.011873509 | J31: =I31*D31 -> 0.0015241905 | K31: =I31*E31 -> 0.0027554577 | L31: =I31*F31 -> 0.0021617823 | M31: =I31*G31 -> 0.0041557281
A32: Africa | B32: =SUM(B2:B31) -> 2508479.5 | D32: =SUM(J2:J31) -> 0.065285924 | E32: =SUM(K2:K31) -> 0.14259601 | F32: =SUM(L2:L31) -> 0.092596006 | G32: =SUM(M2:M31) -> 0.27188836 | I32: =SUM(I2:I31) -> 1
A33: Bangladesh | B33: 460201 | C33: B1 | D33: 0.048154093 | E33: 0.11829767 | F33: 0.068297673 | G33: 0.325 | H33: Asia | I33: =B33/$B$56 -> 0.01398542 | J33: =I33*D33 -> 0.00067345522 | K33: =I33*E33 -> 0.0016544426 | L33: =I33*F33 -> 0.00095517164 | M33: =I33*G33 -> 0.0045452615
A34: Cambodia | B34: 29956.77 | C34: B2 | D34: 0.058841033 | E34: 0.13345512 | F34: 0.083455119 | G34: 0.2 | H34: Asia | I34: =B34/$B$56 -> 0.00091038048 | J34: =I34*D34 -> 5.3567727e-05 | K34: =I34*E34 -> 0.00012149494 | L34: =I34*F34 -> 7.5975911e-05 | M34: =I34*G34 -> 0.0001820761
A35: China | B35: 17963171 | C35: A1 | D35: 0.0075437221 | E35: 0.060699374 | F35: 0.010699374 | G35: 0.25 | H35: Asia | I35: =B35/$B$56 -> 0.5458973 | J35: =I35*D35 -> 0.0041180976 | K35: =I35*E35 -> 0.033135625 | L35: =I35*F35 -> 0.0058407596 | M35: =I35*G35 -> 0.13647433
A36: Fiji | B36: 4943.2482 | C36: B1 | D36: 0.048154093 | E36: 0.11829767 | F36: 0.068297673 | G36: 0.2 | H36: Asia | I36: =B36/$B$56 -> 0.00015022436 | J36: =I36*D36 -> 7.233918e-06 | K36: =I36*E36 -> 1.7771193e-05 | L36: =I36*F36 -> 1.0259974e-05 | M36: =I36*G36 -> 3.0044873e-05
A37: Hong Kong | B37: 359838.6 | C37: Aa3 | D37: 0.0064121638 | E37: 0.059094468 | F37: 0.0090944682 | G37: 0.165 | H37: Asia | I37: =B37/$B$56 -> 0.010935426 | J37: =I37*D37 -> 7.0119743e-05 | K37: =I37*E37 -> 0.00064622318 | L37: =I37*F37 -> 9.9451883e-05 | M37: =I37*G37 -> 0.0018043453
A38: India | B38: 3385089.9 | C38: Baa3 | D38: 0.023511267 | E38: 0.083346383 | F38: 0.033346383 | G38: 0.3 | H38: Asia | I38: =B38/$B$56 -> 0.10287223 | J38: =I38*D38 -> 0.0024186565 | K38: =I38*E38 -> 0.0085740285 | L38: =I38*F38 -> 0.0034304169 | M38: =I38*G38 -> 0.03086167
A39: Indonesia | B39: 1319100.2 | C39: Baa2 | D39: 0.02036805 | E39: 0.078888311 | F39: 0.028888311 | G39: 0.22 | H39: Asia | I39: =B39/$B$56 -> 0.040087203 | J39: =I39*D39 -> 0.00081649814 | K39: =I39*E39 -> 0.0031624117 | L39: =I39*F39 -> 0.0011580516 | M39: =I39*G39 -> 0.0088191846
A40: Japan | B40: 4231141.2 | C40: A1 | D40: 0.0075437221 | E40: 0.060699374 | F40: 0.010699374 | G40: 0.232 | H40: Asia | I40: =B40/$B$56 -> 0.12858357 | J40: =I40*D40 -> 0.00096999872 | K40: =I40*E40 -> 0.0078049422 | L40: =I40*F40 -> 0.0013757637 | M40: =I40*G40 -> 0.029831388
A41: Korea | B41: 1665245.5 | C41: Aa2 | D41: 0.0052806055 | E41: 0.057489562 | F41: 0.007489562 | G41: 0.25 | H41: Asia | I41: =B41/$B$56 -> 0.050606492 | J41: =I41*D41 -> 0.00026723292 | K41: =I41*E41 -> 0.0029093451 | L41: =I41*F41 -> 0.00037902046 | M41: =I41*G41 -> 0.012651623
A42: Laos | B42: 15724.384 | C42: Caa3 | D42: 0.10699513 | E42: 0.20175279 | F42: 0.15175279 | G42: 0.2281 | H42: Asia | I42: =B42/$B$56 -> 0.00047786101 | J42: =I42*D42 -> 5.1128798e-05 | K42: =I42*E42 -> 9.6409792e-05 | L42: =I42*F42 -> 7.2516742e-05 | M42: =I42*G42 -> 0.0001090001
A43: Macao | B43: 21979.476 | C43: Aa3 | D43: 0.0064121638 | E43: 0.059094468 | F43: 0.0090944682 | G43: 0.2281 | H43: Asia | I43: =B43/$B$56 -> 0.00066795204 | J43: =I43*D43 -> 4.2830179e-06 | K43: =I43*E43 -> 3.9472271e-05 | L43: =I43*F43 -> 6.0746686e-06 | M43: =I43*G43 -> 0.00015235986
A44: Malaysia | B44: 406305.92 | C44: A3 | D44: 0.012824328 | E44: 0.068188936 | F44: 0.018188936 | G44: 0.24 | H44: Asia | I44: =B44/$B$56 -> 0.012347559 | J44: =I44*D44 -> 0.00015834914 | K44: =I44*E44 -> 0.00084196692 | L44: =I44*F44 -> 0.00022458897 | M44: =I44*G44 -> 0.0029634142
... A55: Vietnam | B55: 408802.38 | C55: Ba2 | D55: 0.032186548 | E55: 0.095650664 | F55: 0.045650664 | G55: 0.2 | H55: Asia | I55: =B55/$B$56 -> 0.012423426 | J55: =I55*D55 -> 0.00039986719 | K55: =I55*E55 -> 0.0011883089 | L55: =I55*F55 -> 0.00056713763 | M55: =I55*G55 -> 0.0024846852
A56: Asia | B56: =SUM(B33:B55) -> 32905769 | D56: =SUM(J33:J55) -> 0.01228841 | E56: =SUM(K33:K55) -> 0.067428837 | F56: =SUM(L33:L55) -> 0.017428837 | G56: =SUM(M33:M55) -> 0.24835817 | I56: =SUM(I33:I55) -> 1
A57: Australia | B57: 1675418.7 | C57: Aaa | D57: 0 | E57: 0.05 | F57: 0 | G57: 0.3 | H57: Australia & New Zealand | I57: =B57/$B$60 -> 0.87076953 | J57: =I57*D57 -> 0 | K57: =I57*E57 -> 0.043538476 | L57: =I57*F57 -> 0 | M57: =I57*G57 -> 0.26123086
A58: Cook Islands | B58: 1414 | C58: B2 | D58: 0.058841033 | E58: 0.13345512 | F58: 0.083455119 | G58: 0.2843 | H58: Australia & New Zealand | I58: =B58/$B$60 -> 0.00073490175 | J58: =I58*D58 -> 4.3242378e-05 | K58: =I58*E58 -> 9.8076401e-05 | L58: =I58*F58 -> 6.1331313e-05 | M58: =I58*G58 -> 0.00020893257
A59: New Zealand | B59: 247234.05 | C59: Aaa | D59: 0 | E59: 0.05 | F59: 0 | G59: 0.28 | H59: Australia & New Zealand | I59: =B59/$B$60 -> 0.12849557 | J59: =I59*D59 -> 0 | K59: =I59*E59 -> 0.0064247786 | L59: =I59*F59 -> 0 | M59: =I59*G59 -> 0.03597876
A60: Australia & New Zealand | B60: =SUM(B57:B59) -> 1924066.7 | D60: =SUM(J57:J59) -> 4.3242378e-05 | E60: =SUM(K57:K59) -> 0.050061331 | F60: =SUM(L57:L59) -> 6.1331313e-05 | G60: =SUM(M57:M59) -> 0.29741855 | I60: =SUM(I57:I59) -> 1
A61: Aruba | B61: 3126.0194 | C61: Baa2 | D61: 0.02036805 | E61: 0.078888311 | F61: 0.028888311 | G61: 0.25 | H61: Caribbean | I61: =B61/$B$75 -> 0.0040208787 | J61: =I61*D61 -> 8.1897457e-05 | K61: =I61*E61 -> 0.00031720033 | L61: =I61*F61 -> 0.00011615639 | M61: =I61*G61 -> 0.0010052197
A62: Bahamas | B62: 11210 | C62: B1 | D62: 0.048154093 | E62: 0.11829767 | F62: 0.068297673 | G62: 0 | H62: Caribbean | I62: =B62/$B$75 -> 0.014418992 | J62: =I62*D62 -> 0.00069433351 | K62: =I62*E62 -> 0.0017057333 | L62: =I62*F62 -> 0.00098478363 | M62: =I62*G62 -> 0
A63: Barbados | B63: 5637.9145 | C63: Caa1 | D63: 0.080214912 | E63: 0.16377001 | F63: 0.11377001 | G63: 0.055 | H63: Caribbean | I63: =B63/$B$75 -> 0.0072518329 | J63: =I63*D63 -> 0.00058170514 | K63: =I63*E63 -> 0.0011876328 | L63: =I63*F63 -> 0.00082504113 | M63: =I63*G63 -> 0.00039885081
A64: Bermuda | B64: 7550.5 | C64: A2 | D64: 0.0090524666 | E64: 0.062839249 | F64: 0.012839249 | G64: 0 | H64: Caribbean | I64: =B64/$B$75 -> 0.0097119182 | J64: =I64*D64 -> 8.7916815e-05 | K64: =I64*E64 -> 0.00061028965 | L64: =I64*F64 -> 0.00012469374 | M64: =I64*G64 -> 0
A65: Cayman Islands | B65: 6028.3735 | C65: Aa3 | D65: 0.0064121638 | E65: 0.059094468 | F65: 0.0090944682 | G65: 0 | H65: Caribbean | I65: =B65/$B$75 -> 0.0077540654 | J65: =I65*D65 -> 4.9720338e-05 | K65: =I65*E65 -> 0.00045822237 | L65: =I65*F65 -> 7.0519101e-05 | M65: =I65*G65 -> 0
A66: Cuba | B66: 545217.9 | C66: Ca | D66: 0.12836901 | E66: 0.23206769 | F66: 0.18206769 | G66: 0.2718 | H66: Caribbean | I66: =B66/$B$75 -> 0.70129285 | J66: =I66*D66 -> 0.090024265 | K66: =I66*E66 -> 0.16274741 | L66: =I66*F66 -> 0.12768277 | M66: =I66*G66 -> 0.1906114
A67: Curacao | B67: 2699.6125 | C67: Baa2 | D67: 0.02036805 | E67: 0.078888311 | F67: 0.028888311 | G67: 0.22 | H67: Caribbean | I67: =B67/$B$75 -> 0.0034724078 | J67: =I67*D67 -> 7.0726176e-05 | K67: =I67*E67 -> 0.00027393239 | L67: =I67*F67 -> 0.000100312 | M67: =I67*G67 -> 0.00076392972
A68: Dominican Republic | B68: 113641.86 | C68: Ba3 | D68: 0.038472983 | E68: 0.10456681 | F68: 0.054566809 | G68: 0.27 | H68: Caribbean | I68: =B68/$B$75 -> 0.14617316 | J68: =I68*D68 -> 0.0056237174 | K68: =I68*E68 -> 0.015284861 | L68: =I68*F68 -> 0.0079762027 | M68: =I68*G68 -> 0.039466752
A69: Jamaica | B69: 17097.761 | C69: B2 | D69: 0.058841033 | E69: 0.13345512 | F69: 0.083455119 | G69: 0.25 | H69: Caribbean | I69: =B69/$B$75 -> 0.021992193 | J69: =I69*D69 -> 0.0012940434 | K69: =I69*E69 -> 0.0029349707 | L69: =I69*F69 -> 0.0018353611 | M69: =I69*G69 -> 0.0054980483
A70: Montserrat | B70: 16199 | C70: Baa3 | D70: 0.023511267 | E70: 0.083346383 | F70: 0.033346383 | G70: 0.2718 | H70: Caribbean | I70: =B70/$B$75 -> 0.020836152 | J70: =I70*D70 -> 0.00048988433 | K70: =I70*E70 -> 0.0017366179 | L70: =I70*F70 -> 0.0006948103 | M70: =I70*G70 -> 0.005663266
A71: St. Maarten | B71: 11900 | C71: Ba2 | D71: 0.032186548 | E71: 0.095650664 | F71: 0.045650664 | G71: 0.2718 | H71: Caribbean | I71: =B71/$B$75 -> 0.015306513 | J71: =I71*D71 -> 0.00049266381 | K71: =I71*E71 -> 0.0014640781 | L71: =I71*F71 -> 0.00069875248 | M71: =I71*G71 -> 0.0041603102
A72: St. Vincent & the Grenadines | B72: 8100 | C72: B3 | D72: 0.069527972 | E72: 0.14861257 | F72: 0.098612566 | G72: 0.2718 | H72: Caribbean | I72: =B72/$B$75 -> 0.010418719 | J72: =I72*D72 -> 0.0007243924 | K72: =I72*E72 -> 0.0015483526 | L72: =I72*F72 -> 0.0010274166 | M72: =I72*G72 -> 0.0028318078
... A74: Turks and Caicos Islands | B74: 1138.8089 | C74: Baa1 | D74: 0.017099104 | E74: 0.074251915 | F74: 0.024251915 | G74: 0 | H74: Caribbean | I74: =B74/$B$75 -> 0.0014648061 | J74: =I74*D74 -> 2.5046872e-05 | K74: =I74*E74 -> 0.00010876466 | L74: =I74*F74 -> 3.5524354e-05 | M74: =I74*G74 -> 0
A75: Caribbean | B75: =SUM(B61:B74) -> 777446.83 | D75: =SUM(J61:J74) -> 0.10139534 | E75: =SUM(K61:K74) -> 0.19381054 | F75: =SUM(L61:L74) -> 0.14381054 | G75: =SUM(M61:M74) -> 0.26116524 | I75: =SUM(I61:I74) -> 1 | L75: =SUM(L61:L74) -> 0.14381054
A76: Argentina | B76: 632770.28 | C76: Ca | D76: 0.12836901 | E76: 0.23206769 | F76: 0.18206769 | G76: 0.35 | H76: Central and South America | I76: =B76/$B$95 -> 0.11400657 | J76: =I76*D76 -> 0.01463491 | K76: =I76*E76 -> 0.026457242 | L76: =I76*F76 -> 0.020756913 | M76: =I76*G76 -> 0.039902301
A77: Belize | B77: 2824.0818 | C77: Caa2 | D77: 0.096308186 | E77: 0.18659535 | F77: 0.13659535 | G77: 0.2718 | H77: Central and South America | I77: =B77/$B$95 -> 0.00050881639 | J77: =I77*D77 -> 4.9003184e-05 | K77: =I77*E77 -> 9.494277e-05 | L77: =I77*F77 -> 6.950195e-05 | M77: =I77*G77 -> 0.00013829629
A78: Bolivia | B78: 43068.886 | C78: Caa1 | D78: 0.080214912 | E78: 0.16377001 | F78: 0.11377001 | G78: 0.25 | H78: Central and South America | I78: =B78/$B$95 -> 0.007759745 | J78: =I78*D78 -> 0.00062244726 | K78: =I78*E78 -> 0.0012708135 | L78: =I78*F78 -> 0.00088282629 | M78: =I78*G78 -> 0.0019399363
A79: Brazil | B79: 1920095.6 | C79: Ba2 | D79: 0.032186548 | E79: 0.095650664 | F79: 0.045650664 | G79: 0.34 | H79: Central and South America | I79: =B79/$B$95 -> 0.34594468 | J79: =I79*D79 -> 0.011134765 | K79: =I79*E79 -> 0.033089838 | L79: =I79*F79 -> 0.015792604 | M79: =I79*G79 -> 0.11762119
A80: Chile | B80: 301025.25 | C80: A2 | D80: 0.0090524666 | E80: 0.062839249 | F80: 0.012839249 | G80: 0.27 | H80: Central and South America | I80: =B80/$B$95 -> 0.054235886 | J80: =I80*D80 -> 0.00049096855 | K80: =I80*E80 -> 0.0034081424 | L80: =I80*F80 -> 0.00069634805 | M80: =I80*G80 -> 0.014643689
A81: Colombia | B81: 343939.45 | C81: Baa2 | D81: 0.02036805 | E81: 0.078888311 | F81: 0.028888311 | G81: 0.35 | H81: Central and South America | I81: =B81/$B$95 -> 0.061967761 | J81: =I81*D81 -> 0.0012621624 | K81: =I81*E81 -> 0.0048885319 | L81: =I81*F81 -> 0.0017901439 | M81: =I81*G81 -> 0.021688716
A82: Costa Rica | B82: 68380.838 | C82: B2 | D82: 0.058841033 | E82: 0.13345512 | F82: 0.083455119 | G82: 0.3 | H82: Central and South America | I82: =B82/$B$95 -> 0.012320214 | J82: =I82*D82 -> 0.00072493409 | K82: =I82*E82 -> 0.0016441956 | L82: =I82*F82 -> 0.0010281849 | M82: =I82*G82 -> 0.0036960641
A83: Ecuador | B83: 115049.48 | C83: Caa3 | D83: 0.10699513 | E83: 0.20175279 | F83: 0.15175279 | G83: 0.25 | H83: Central and South America | I83: =B83/$B$95 -> 0.020728528 | J83: =I83*D83 -> 0.0022178514 | K83: =I83*E83 -> 0.0041820384 | L83: =I83*F83 -> 0.003145612 | M83: =I83*G83 -> 0.005182132
A84: El Salvador | B84: 32488.72 | C84: Caa3 | D84: 0.10699513 | E84: 0.20175279 | F84: 0.15175279 | G84: 0.3 | H84: Central and South America | I84: =B84/$B$95 -> 0.0058535107 | J84: =I84*D84 -> 0.00062629711 | K84: =I84*E84 -> 0.0011809621 | L84: =I84*F84 -> 0.00088828659 | M84: =I84*G84 -> 0.0017560532
A85: Guatemala | B85: 95003.333 | C85: Ba1 | D85: 0.026780214 | E85: 0.087982779 | F85: 0.037982779 | G85: 0.25 | H85: Central and South America | I85: =B85/$B$95 -> 0.017116803 | J85: =I85*D85 -> 0.00045839165 | K85: =I85*E85 -> 0.0015059839 | L85: =I85*F85 -> 0.00065014375 | M85: =I85*G85 -> 0.0042792008
A86: Honduras | B86: 31717.7 | C86: B1 | D86: 0.048154093 | E86: 0.11829767 | F86: 0.068297673 | G86: 0.25 | H86: Central and South America | I86: =B86/$B$95 -> 0.0057145956 | J86: =I86*D86 -> 0.00027518117 | K86: =I86*E86 -> 0.00067602336 | L86: =I86*F86 -> 0.00039029358 | M86: =I86*G86 -> 0.0014286489
A87: Mexico | B87: 1414187.2 | C87: Baa2 | D87: 0.02036805 | E87: 0.078888311 | F87: 0.028888311 | G87: 0.3 | H87: Central and South America | I87: =B87/$B$95 -> 0.25479489 | J87: =I87*D87 -> 0.005189675 | K87: =I87*E87 -> 0.020100338 | L87: =I87*F87 -> 0.0073605939 | M87: =I87*G87 -> 0.076438467
... A94: Venezuela | B94: 98400 | C94: C | D94: 0.175 | E94: 0.29820513 | F94: 0.24820513 | G94: 0.34 | H94: Central and South America | I94: =B94/$B$95 -> 0.017728783 | J94: =I94*D94 -> 0.0031025369 | K94: =I94*E94 -> 0.0052868138 | L94: =I94*F94 -> 0.0044003747 | M94: =I94*G94 -> 0.0060277861
A95: Central and South America | B95: =SUM(B76:B94) -> 5550296.5 | D95: =SUM(J76:J94) -> 0.042546053 | E95: =SUM(K76:K94) -> 0.1103437 | F95: =SUM(L76:L94) -> 0.060343705 | G95: =SUM(M76:M94) -> 0.31612483 | I95: =SUM(I76:I94) -> 1
A96: Albania | B96: 18882.096 | C96: B1 | D96: 0.048154093 | E96: 0.11829767 | F96: 0.068297673 | G96: 0.15 | H96: Eastern Europe & Russia | I96: =B96/$B$123 -> 0.0037716609 | J96: =I96*D96 -> 0.00018162091 | K96: =I96*E96 -> 0.00044617871 | L96: =I96*F96 -> 0.00025759566 | M96: =I96*G96 -> 0.00056574914
A97: Armenia | B97: 19502.784 | C97: Ba3 | D97: 0.038472983 | E97: 0.10456681 | F97: 0.054566809 | G97: 0.18 | H97: Eastern Europe & Russia | I97: =B97/$B$123 -> 0.0038956422 | J97: =I97*D97 -> 0.00014987698 | K97: =I97*E97 -> 0.00040735488 | L97: =I97*F97 -> 0.00021257276 | M97: =I97*G97 -> 0.0007012156
A98: Azerbaijan | B98: 78721.059 | C98: Ba1 | D98: 0.026780214 | E98: 0.087982779 | F98: 0.037982779 | G98: 0.2 | H98: Eastern Europe & Russia | I98: =B98/$B$123 -> 0.015724375 | J98: =I98*D98 -> 0.00042110211 | K98: =I98*E98 -> 0.0013834742 | L98: =I98*F98 -> 0.00059725544 | M98: =I98*G98 -> 0.0031448749
A99: Belarus | B99: 72793.458 | C99: C | D99: 0.175 | E99: 0.29820513 | F99: 0.24820513 | G99: 0.18 | H99: Eastern Europe & Russia | I99: =B99/$B$123 -> 0.014540348 | J99: =I99*D99 -> 0.0025445609 | K99: =I99*E99 -> 0.0043360063 | L99: =I99*F99 -> 0.0036089889 | M99: =I99*G99 -> 0.0026172626
A100: Bosnia and Herzegovina | B100: 24527.507 | C100: B3 | D100: 0.069527972 | E100: 0.14861257 | F100: 0.098612566 | G100: 0.1 | H100: Eastern Europe & Russia | I100: =B100/$B$123 -> 0.0048993207 | J100: =I100*D100 -> 0.00034063983 | K100: =I100*E100 -> 0.00072810062 | L100: =I100*F100 -> 0.00048313459 | M100: =I100*G100 -> 0.00048993207
A101: Bulgaria | B101: 89040.398 | C101: Baa1 | D101: 0.017099104 | E101: 0.074251915 | F101: 0.024251915 | G101: 0.1 | H101: Eastern Europe & Russia | I101: =B101/$B$123 -> 0.017785642 | J101: =I101*D101 -> 0.00030411854 | K101: =I101*E101 -> 0.001320618 | L101: =I101*F101 -> 0.00043133588 | M101: =I101*G101 -> 0.0017785642
A102: Croatia | B102: 70964.606 | C102: Baa2 | D102: 0.02036805 | E102: 0.078888311 | F102: 0.028888311 | G102: 0.18 | H102: Eastern Europe & Russia | I102: =B102/$B$123 -> 0.014175039 | J102: =I102*D102 -> 0.00028871789 | K102: =I102*E102 -> 0.0011182449 | L102: =I102*F102 -> 0.00040949292 | M102: =I102*G102 -> 0.002551507
A103: Czech Republic | B103: 290923.53 | C103: Aa3 | D103: 0.0064121638 | E103: 0.059094468 | F103: 0.0090944682 | G103: 0.19 | H103: Eastern Europe & Russia | I103: =B103/$B$123 -> 0.058111396 | J103: =I103*D103 -> 0.00037261979 | K103: =I103*E103 -> 0.003434062 | L103: =I103*F103 -> 0.00052849224 | M103: =I103*G103 -> 0.011041165
A104: Estonia | B104: 38100.813 | C104: A1 | D104: 0.0075437221 | E104: 0.060699374 | F104: 0.010699374 | G104: 0.2 | H104: Eastern Europe & Russia | I104: =B104/$B$123 -> 0.0076105614 | J104: =I104*D104 -> 5.7411961e-05 | K104: =I104*E104 -> 0.00046195632 | L104: =I104*F104 -> 8.1428245e-05 | M104: =I104*G104 -> 0.0015221123
A105: Georgia | B105: 24605.375 | C105: Ba2 | D105: 0.032186548 | E105: 0.095650664 | F105: 0.045650664 | G105: 0.15 | H105: Eastern Europe & Russia | I105: =B105/$B$123 -> 0.0049148747 | J105: =I105*D105 -> 0.00015819285 | K105: =I105*E105 -> 0.00047011103 | L105: =I105*F105 -> 0.00022436729 | M105: =I105*G105 -> 0.0007372312
A106: Hungary | B106: 178788.57 | C106: Baa2 | D106: 0.02036805 | E106: 0.078888311 | F106: 0.028888311 | G106: 0.09 | H106: Eastern Europe & Russia | I106: =B106/$B$123 -> 0.035712661 | J106: =I106*D106 -> 0.00072739725 | K106: =I106*E106 -> 0.0028173115 | L106: =I106*F106 -> 0.0010316784 | M106: =I106*G106 -> 0.0032141395
A107: Kazakhstan | B107: 220623 | C107: Baa2 | D107: 0.02036805 | E107: 0.078888311 | F107: 0.028888311 | G107: 0.2 | H107: Eastern Europe & Russia | I107: =B107/$B$123 -> 0.044069005 | J107: =I107*D107 -> 0.00089759969 | K107: =I107*E107 -> 0.0034765293 | L107: =I107*F107 -> 0.0012730791 | M107: =I107*G107 -> 0.008813801
... A122: Uzbekistan | B122: 80391.854 | C122: Ba3 | D122: 0.038472983 | E122: 0.10456681 | F122: 0.054566809 | G122: 0.15 | H122: Eastern Europe & Russia | I122: =B122/$B$123 -> 0.016058113 | J122: =I122*D122 -> 0.00061780349 | K122: =I122*E122 -> 0.0016791456 | L122: =I122*F122 -> 0.00087623996 | M122: =I122*G122 -> 0.0024087169
A123: Eastern Europe & Russia | B123: =SUM(B96:B122) -> 5006307.8 | D123: =SUM(J96:J122) -> 0.072953513 | E123: =SUM(K96:K122) -> 0.15347106 | F123: =SUM(L96:L122) -> 0.10347106 | G123: =SUM(M96:M122) -> 0.18485706 | I123: =SUM(I96:I122) -> 1
A124: Abu Dhabi | B124: 299500 | C124: Aa2 | D124: 0.0052806055 | E124: 0.057489562 | F124: 0.007489562 | G124: 0.15 | H124: Middle East | I124: =B124/$B$137 -> 0.088382106 | J124: =I124*D124 -> 0.00046671104 | K124: =I124*E124 -> 0.0050810486 | L124: =I124*F124 -> 0.00066194326 | M124: =I124*G124 -> 0.013257316
A125: Bahrain | B125: 44390.82 | C125: B2 | D125: 0.058841033 | E125: 0.13345512 | F125: 0.083455119 | G125: 0 | H125: Middle East | I125: =B125/$B$137 -> 0.01309968 | J125: =I125*D125 -> 0.00077079871 | K125: =I125*E125 -> 0.0017482194 | L125: =I125*F125 -> 0.0010932354 | M125: =I125*G125 -> 0
A126: Iraq | B126: 264182.17 | C126: Caa1 | D126: 0.080214912 | E126: 0.16377001 | F126: 0.11377001 | G126: 0.15 | H126: Middle East | I126: =B126/$B$137 -> 0.077959856 | J126: =I126*D126 -> 0.006253543 | K126: =I126*E126 -> 0.012767487 | L126: =I126*F126 -> 0.0088694939 | M126: =I126*G126 -> 0.011693978
A127: Israel | B127: 522033.45 | C127: A1 | D127: 0.0075437221 | E127: 0.060699374 | F127: 0.010699374 | G127: 0.23 | H127: Middle East | I127: =B127/$B$137 -> 0.15405147 | J127: =I127*D127 -> 0.0011621215 | K127: =I127*E127 -> 0.0093508279 | L127: =I127*F127 -> 0.0016482543 | M127: =I127*G127 -> 0.035431838
A128: Jordan | B128: 47451.5 | C128: B1 | D128: 0.048154093 | E128: 0.11829767 | F128: 0.068297673 | G128: 0.2 | H128: Middle East | I128: =B128/$B$137 -> 0.014002883 | J128: =I128*D128 -> 0.00067429614 | K128: =I128*E128 -> 0.0016565085 | L128: =I128*F128 -> 0.00095636433 | M128: =I128*G128 -> 0.0028005766
A129: Kuwait | B129: 184558.27 | C129: A1 | D129: 0.0075437221 | E129: 0.060699374 | F129: 0.010699374 | G129: 0.15 | H129: Middle East | I129: =B129/$B$137 -> 0.054462935 | J129: =I129*D129 -> 0.00041085325 | K129: =I129*E129 -> 0.0033058661 | L129: =I129*F129 -> 0.00058271932 | M129: =I129*G129 -> 0.0081694402
A130: Lebanon | B130: 23131.942 | C130: C | D130: 0.175 | E130: 0.29820513 | F130: 0.24820513 | G130: 0.17 | H130: Middle East | I130: =B130/$B$137 -> 0.0068262094 | J130: =I130*D130 -> 0.0011945866 | K130: =I130*E130 -> 0.0020356106 | L130: =I130*F130 -> 0.0016943002 | M130: =I130*G130 -> 0.0011604556
A131: Oman | B131: 114667.36 | C131: Ba2 | D131: 0.032186548 | E131: 0.095650664 | F131: 0.045650664 | G131: 0.15 | H131: Middle East | I131: =B131/$B$137 -> 0.033838206 | J131: =I131*D131 -> 0.001089135 | K131: =I131*E131 -> 0.0032366469 | L131: =I131*F131 -> 0.0015447366 | M131: =I131*G131 -> 0.0050757309
...

Sheet Regional breakdown
A1: Country | B1: ='Country GDP'!B1 -> GDP (in millions) in 2022 | C1: ='Sovereign Ratings (Moody''s,S&P)'!C1 -> Moody's rating | D1: Sovereign CDS | E1: Adj. Default Spread | F1: Equity Risk Premium | G1: Country Risk Premium | H1: Corporate Tax Rate | I1: Region
A2: ='Sovereign Ratings (Moody''s,S&P)'!A2 -> Abu Dhabi | B2: ='Country GDP'!B2 -> 299500 | C2: ='Sovereign Ratings (Moody''s,S&P)'!C2 -> Aa2 | D2: ='10-year CDS Spreads'!C2 -> 0.007 | E2: ='ERPs by country'!D8 -> 0.0052806055 | F2: ='ERPs by country'!E8 -> 0.057489562 | G2: ='ERPs by country'!F8 -> 0.007489562 | H2: ='Country Tax Rates'!B2 -> 0.15 | I2: =VLOOKUP(A2,'Regional lookup table'!$A$2:$B$161,2) -> Middle East
A3: ='Sovereign Ratings (Moody''s,S&P)'!A3 -> Albania | B3: ='Country GDP'!B3 -> 18882.096 | C3: ='Sovereign Ratings (Moody''s,S&P)'!C3 -> B1 | D3: ='10-year CDS Spreads'!C3 -> NA | E3: ='ERPs by country'!D9 -> 0.048154093 | F3: ='ERPs by country'!E9 -> 0.11829767 | G3: ='ERPs by country'!F9 -> 0.068297673 | H3: ='Country Tax Rates'!B3 -> 0.15 | I3: =VLOOKUP(A3,'Regional lookup table'!$A$2:$B$161,2) -> Eastern Europe & Russia
A4: ='Sovereign Ratings (Moody''s,S&P)'!A4 -> Andorra (Principality of) | B4: ='Country GDP'!B4 -> 3330 | C4: ='Sovereign Ratings (Moody''s,S&P)'!C4 -> Baa2 | D4: ='10-year CDS Spreads'!C4 -> NA | E4: ='ERPs by country'!D10 -> 0.02036805 | F4: ='ERPs by country'!E10 -> 0.078888311 | G4: ='ERPs by country'!F10 -> 0.028888311 | H4: ='Country Tax Rates'!B4 -> 0.1898 | I4: =VLOOKUP(A4,'Regional lookup table'!$A$2:$B$161,2) -> Western Europe
A5: ='Sovereign Ratings (Moody''s,S&P)'!A5 -> Angola | B5: ='Country GDP'!B5 -> 106713.62 | C5: ='Sovereign Ratings (Moody''s,S&P)'!C5 -> B3 | D5: ='10-year CDS Spreads'!C5 -> 0.1047 | E5: ='ERPs by country'!D11 -> 0.069527972 | F5: ='ERPs by country'!E11 -> 0.14861257 | G5: ='ERPs by country'!F11 -> 0.098612566 | H5: ='Country Tax Rates'!B5 -> 0.25 | I5: =VLOOKUP(A5,'Regional lookup table'!$A$2:$B$161,2) -> Africa
A6: ='Sovereign Ratings (Moody''s,S&P)'!A6 -> Argentina | B6: ='Country GDP'!B6 -> 632770.28 | C6: ='Sovereign Ratings (Moody''s,S&P)'!C6 -> Ca | D6: ='10-year CDS Spreads'!C6 -> NA | E6: ='ERPs by country'!D12 -> 0.12836901 | F6: ='ERPs by country'!E12 -> 0.23206769 | G6: ='ERPs by country'!F12 -> 0.18206769 | H6: ='Country Tax Rates'!B6 -> 0.35 | I6: =VLOOKUP(A6,'Regional lookup table'!$A$2:$B$161,2) -> Central and South America
A7: ='Sovereign Ratings (Moody''s,S&P)'!A7 -> Armenia | B7: ='Country GDP'!B7 -> 19502.784 | C7: ='Sovereign Ratings (Moody''s,S&P)'!C7 -> Ba3 | D7: ='10-year CDS Spreads'!C7 -> NA | E7: ='ERPs by country'!D13 -> 0.038472983 | F7: ='ERPs by country'!E13 -> 0.10456681 | G7: ='ERPs by country'!F13 -> 0.054566809 | H7: ='Country Tax Rates'!B7 -> 0.18 | I7: =VLOOKUP(A7,'Regional lookup table'!$A$2:$B$161,2) -> Eastern Europe & Russia
A8: ='Sovereign Ratings (Moody''s,S&P)'!A8 -> Aruba | B8: ='Country GDP'!B8 -> 3126.0194 | C8: ='Sovereign Ratings (Moody''s,S&P)'!C8 -> Baa2 | D8: ='10-year CDS Spreads'!C8 -> NA | E8: ='ERPs by country'!D14 -> 0.02036805 | F8: ='ERPs by country'!E14 -> 0.078888311 | G8: ='ERPs by country'!F14 -> 0.028888311 | H8: ='Country Tax Rates'!B8 -> 0.25 | I8: =VLOOKUP(A8,'Regional lookup table'!$A$2:$B$161,2) -> Caribbean
A9: ='Sovereign Ratings (Moody''s,S&P)'!A9 -> Australia | B9: ='Country GDP'!B9 -> 1675418.7 | C9: ='Sovereign Ratings (Moody''s,S&P)'!C9 -> Aaa | D9: ='10-year CDS Spreads'!C9 -> 0.0033 | E9: ='ERPs by country'!D15 -> 0 | F9: ='ERPs by country'!E15 -> 0.05 | G9: ='ERPs by country'!F15 -> 0 | H9: ='Country Tax Rates'!B9 -> 0.3 | I9: =VLOOKUP(A9,'Regional lookup table'!$A$2:$B$161,2) -> Australia & New Zealand
A10: ='Sovereign Ratings (Moody''s,S&P)'!A10 -> Austria | B10: ='Country GDP'!B10 -> 471400.07 | C10: ='Sovereign Ratings (Moody''s,S&P)'!C10 -> Aa1 | D10: ='10-year CDS Spreads'!C10 -> 0.002 | E10: ='ERPs by country'!D16 -> 0.0042747759 | F10: ='ERPs by country'!E16 -> 0.056062979 | G10: ='ERPs by country'!F16 -> 0.0060629788 | H10: ='Country Tax Rates'!B10 -> 0.24 | I10: =VLOOKUP(A10,'Regional lookup table'!$A$2:$B$161,2) -> Western Europe
A11: ='Sovereign Ratings (Moody''s,S&P)'!A11 -> Azerbaijan | B11: ='Country GDP'!B11 -> 78721.059 | C11: ='Sovereign Ratings (Moody''s,S&P)'!C11 -> Ba1 | D11: ='10-year CDS Spreads'!C11 -> NA | E11: ='ERPs by country'!D17 -> 0.026780214 | F11: ='ERPs by country'!E17 -> 0.087982779 | G11: ='ERPs by country'!F17 -> 0.037982779 | H11: ='Country Tax Rates'!B11 -> 0.2 | I11: =VLOOKUP(A11,'Regional lookup table'!$A$2:$B$161,2) -> Eastern Europe & Russia
A12: ='Sovereign Ratings (Moody''s,S&P)'!A12 -> Bahamas | B12: ='Country GDP'!B12 -> 11210 | C12: ='Sovereign Ratings (Moody''s,S&P)'!C12 -> B1 | D12: ='10-year CDS Spreads'!C12 -> NA | E12: ='ERPs by country'!D18 -> 0.048154093 | F12: ='ERPs by country'!E18 -> 0.11829767 | G12: ='ERPs by country'!F18 -> 0.068297673 | H12: ='Country Tax Rates'!B12 -> 0 | I12: =VLOOKUP(A12,'Regional lookup table'!$A$2:$B$161,2) -> Caribbean
A13: ='Sovereign Ratings (Moody''s,S&P)'!A13 -> Bahrain | B13: ='Country GDP'!B13 -> 44390.82 | C13: ='Sovereign Ratings (Moody''s,S&P)'!C13 -> B2 | D13: ='10-year CDS Spreads'!C13 -> 0.0316 | E13: ='ERPs by country'!D19 -> 0.058841033 | F13: ='ERPs by country'!E19 -> 0.13345512 | G13: ='ERPs by country'!F19 -> 0.083455119 | H13: ='Country Tax Rates'!B13 -> 0 | I13: =VLOOKUP(A13,'Regional lookup table'!$A$2:$B$161,2) -> Middle East
... A158: ='Sovereign Ratings (Moody''s,S&P)'!A158 -> Zambia | B158: ='Country GDP'!B158 -> 29784.454 | C158: ='Sovereign Ratings (Moody''s,S&P)'!C158 -> Ca | D158: ='10-year CDS Spreads'!C158 -> NA | E158: ='ERPs by country'!D164 -> 0.12836901 | F158: ='ERPs by country'!E164 -> 0.23206769 | G158: ='ERPs by country'!F164 -> 0.18206769 | H158: ='Country Tax Rates'!B158 -> 0.35 | I158: =VLOOKUP(A158,'Regional lookup table'!$A$2:$B$161,2) -> Africa

Sheet Sovereign Ratings (Moody's,S&P)
A1: Country | B1: S&P Rating | C1: Moody's rating
A2: ='Ratings worksheet'!A2 -> Abu Dhabi | B2: ='Ratings worksheet'!B2 -> AA+ | C2: =IF('Ratings worksheet'!C2="NA",VLOOKUP('Ratings worksheet'!B2,'Sovereign Ratings (Moody''s,S&P)'!$F$9:$G$33,2,FALSE),'Ratings worksheet'!C2) -> Aa2 | F2: GOVERNMENT BOND RATINGS
A3: ='Ratings worksheet'!A3 -> Albania | B3: ='Ratings worksheet'!B3 -> B+ | C3: =IF('Ratings worksheet'!C3="NA",VLOOKUP('Ratings worksheet'!B3,'Sovereign Ratings (Moody''s,S&P)'!$F$9:$G$33,2,FALSE),'Ratings worksheet'!C3) -> B1 | F3: In local currency
A4: ='Ratings worksheet'!A4 -> Andorra (Principality of) | B4: ='Ratings worksheet'!B4 -> BBB+ | C4: =IF('Ratings worksheet'!C4="NA",VLOOKUP('Ratings worksheet'!B4,'Sovereign Ratings (Moody''s,S&P)'!$F$9:$G$33,2,FALSE),'Ratings worksheet'!C4) -> Baa2 | F4: S&P: These are the S&P sovereign local currency ratings
A5: ='Ratings worksheet'!A5 -> Angola | B5: ='Ratings worksheet'!B5 -> B- | C5: =IF('Ratings worksheet'!C5="NA",VLOOKUP('Ratings worksheet'!B5,'Sovereign Ratings (Moody''s,S&P)'!$F$9:$G$33,2,FALSE),'Ratings worksheet'!C5) -> B3 | F5: Moody's: These are the Moody's local currency rating
A6: ='Ratings worksheet'!A6 -> Argentina | B6: ='Ratings worksheet'!B6 -> CCC- | C6: =IF('Ratings worksheet'!C6="NA",VLOOKUP('Ratings worksheet'!B6,'Sovereign Ratings (Moody''s,S&P)'!$F$9:$G$33,2,FALSE),'Ratings worksheet'!C6) -> Ca | F6: In red: These are countries where S&P has a rating and Moody's does not. The following lookup table is used to estimate the
A7: ='Ratings worksheet'!A7 -> Armenia | B7: ='Ratings worksheet'!B7 -> B+ | C7: =IF('Ratings worksheet'!C7="NA",VLOOKUP('Ratings worksheet'!B7,'Sovereign Ratings (Moody''s,S&P)'!$F$9:$G$33,2,FALSE),'Ratings worksheet'!C7) -> Ba3 | F7: Moody's equivalent rating for these countries.
A8: ='Ratings worksheet'!A8 -> Aruba | B8: ='Ratings worksheet'!B8 -> BBB | C8: =IF('Ratings worksheet'!C8="NA",VLOOKUP('Ratings worksheet'!B8,'Sovereign Ratings (Moody''s,S&P)'!$F$9:$G$33,2,FALSE),'Ratings worksheet'!C8) -> Baa2 | F8: S&P | G8: Moody's
A9: ='Ratings worksheet'!A9 -> Australia | B9: ='Ratings worksheet'!B9 -> AAA | C9: =IF('Ratings worksheet'!C9="NA",VLOOKUP('Ratings worksheet'!B9,'Sovereign Ratings (Moody''s,S&P)'!$F$9:$G$33,2,FALSE),'Ratings worksheet'!C9) -> Aaa | F9: A | G9: A2
A10: ='Ratings worksheet'!A10 -> Austria | B10: ='Ratings worksheet'!B10 -> AA+ | C10: =IF('Ratings worksheet'!C10="NA",VLOOKUP('Ratings worksheet'!B10,'Sovereign Ratings (Moody''s,S&P)'!$F$9:$G$33,2,FALSE),'Ratings worksheet'!C10) -> Aa1 | F10: A- | G10: A3
A11: ='Ratings worksheet'!A11 -> Azerbaijan | B11: ='Ratings worksheet'!B11 -> BB+ | C11: =IF('Ratings worksheet'!C11="NA",VLOOKUP('Ratings worksheet'!B11,'Sovereign Ratings (Moody''s,S&P)'!$F$9:$G$33,2,FALSE),'Ratings worksheet'!C11) -> Ba1 | F11: A+ | G11: A1
A12: ='Ratings worksheet'!A12 -> Bahamas | B12: ='Ratings worksheet'!B12 -> B+ | C12: =IF('Ratings worksheet'!C12="NA",VLOOKUP('Ratings worksheet'!B12,'Sovereign Ratings (Moody''s,S&P)'!$F$9:$G$33,2,FALSE),'Ratings worksheet'!C12) -> B1 | F12: AA | G12: Aa2
A13: ='Ratings worksheet'!A13 -> Bahrain | B13: ='Ratings worksheet'!B13 -> B+ | C13: =IF('Ratings worksheet'!C13="NA",VLOOKUP('Ratings worksheet'!B13,'Sovereign Ratings (Moody''s,S&P)'!$F$9:$G$33,2,FALSE),'Ratings worksheet'!C13) -> B2 | F13: AA- | G13: Aa3
A14: ='Ratings worksheet'!A14 -> Bangladesh | B14: ='Ratings worksheet'!B14 -> BB- | C14: =IF('Ratings worksheet'!C14="NA",VLOOKUP('Ratings worksheet'!B14,'Sovereign Ratings (Moody''s,S&P)'!$F$9:$G$33,2,FALSE),'Ratings worksheet'!C14) -> B1 | F14: AA+ | G14: Aa1
A15: ='Ratings worksheet'!A15 -> Barbados | B15: ='Ratings worksheet'!B15 -> B- | C15: =IF('Ratings worksheet'!C15="NA",VLOOKUP('Ratings worksheet'!B15,'Sovereign Ratings (Moody''s,S&P)'!$F$9:$G$33,2,FALSE),'Ratings worksheet'!C15) -> Caa1 | F15: AAA | G15: Aaa
A16: ='Ratings worksheet'!A16 -> Belarus | B16: ='Ratings worksheet'!B16 -> NA | C16: =IF('Ratings worksheet'!C16="NA",VLOOKUP('Ratings worksheet'!B16,'Sovereign Ratings (Moody''s,S&P)'!$F$9:$G$33,2,FALSE),'Ratings worksheet'!C16) -> C | F16: B | G16: B2
A17: ='Ratings worksheet'!A17 -> Belgium | B17: ='Ratings worksheet'!B17 -> AA | C17: =IF('Ratings worksheet'!C17="NA",VLOOKUP('Ratings worksheet'!B17,'Sovereign Ratings (Moody''s,S&P)'!$F$9:$G$33,2,FALSE),'Ratings worksheet'!C17) -> Aa3 | F17: B- | G17: B3
A18: ='Ratings worksheet'!A18 -> Belize | B18: ='Ratings worksheet'!B18 -> B- | C18: =IF('Ratings worksheet'!C18="NA",VLOOKUP('Ratings worksheet'!B18,'Sovereign Ratings (Moody''s,S&P)'!$F$9:$G$33,2,FALSE),'Ratings worksheet'!C18) -> Caa2 | F18: B+ | G18: B1
A19: ='Ratings worksheet'!A19 -> Benin | B19: ='Ratings worksheet'!B19 -> B+ | C19: =IF('Ratings worksheet'!C19="NA",VLOOKUP('Ratings worksheet'!B19,'Sovereign Ratings (Moody''s,S&P)'!$F$9:$G$33,2,FALSE),'Ratings worksheet'!C19) -> B1 | F19: BB | G19: Ba2
... A33: ='Ratings worksheet'!A33 -> China | B33: ='Ratings worksheet'!B33 -> A+ | C33: =IF('Ratings worksheet'!C33="NA",VLOOKUP('Ratings worksheet'!B33,'Sovereign Ratings (Moody''s,S&P)'!$F$9:$G$33,2,FALSE),'Ratings worksheet'!C33) -> A1 | F33: CCC+ | G33: Caa1
A34: ='Ratings worksheet'!A34 -> Colombia | B34: ='Ratings worksheet'!B34 -> BB+ | C34: =IF('Ratings worksheet'!C34="NA",VLOOKUP('Ratings worksheet'!B34,'Sovereign Ratings (Moody''s,S&P)'!$F$9:$G$33,2,FALSE),'Ratings worksheet'!C34) -> Baa2
A35: ='Ratings worksheet'!A35 -> Congo (Democratic Republic of) | B35: ='Ratings worksheet'!B35 -> B- | C35: =IF('Ratings worksheet'!C35="NA",VLOOKUP('Ratings worksheet'!B35,'Sovereign Ratings (Moody''s,S&P)'!$F$9:$G$33,2,FALSE),'Ratings worksheet'!C35) -> B3
A36: ='Ratings worksheet'!A36 -> Congo (Republic of) | B36: ='Ratings worksheet'!B36 -> CCC+ | C36: =IF('Ratings worksheet'!C36="NA",VLOOKUP('Ratings worksheet'!B36,'Sovereign Ratings (Moody''s,S&P)'!$F$9:$G$33,2,FALSE),'Ratings worksheet'!C36) -> Caa2
A37: ='Ratings worksheet'!A37 -> Cook Islands | B37: ='Ratings worksheet'!B37 -> B | C37: =IF('Ratings worksheet'!C37="NA",VLOOKUP('Ratings worksheet'!B37,'Sovereign Ratings (Moody''s,S&P)'!$F$9:$G$33,2,FALSE),'Ratings worksheet'!C37) -> B2
A38: ='Ratings worksheet'!A38 -> Costa Rica | B38: ='Ratings worksheet'!B38 -> B+ | C38: =IF('Ratings worksheet'!C38="NA",VLOOKUP('Ratings worksheet'!B38,'Sovereign Ratings (Moody''s,S&P)'!$F$9:$G$33,2,FALSE),'Ratings worksheet'!C38) -> B2
A39: ='Ratings worksheet'!A39 -> Côte d'Ivoire | B39: ='Ratings worksheet'!B39 -> BB- | C39: =IF('Ratings worksheet'!C39="NA",VLOOKUP('Ratings worksheet'!B39,'Sovereign Ratings (Moody''s,S&P)'!$F$9:$G$33,2,FALSE),'Ratings worksheet'!C39) -> Ba3
A40: ='Ratings worksheet'!A40 -> Croatia | B40: ='Ratings worksheet'!B40 -> BBB+ | C40: =IF('Ratings worksheet'!C40="NA",VLOOKUP('Ratings worksheet'!B40,'Sovereign Ratings (Moody''s,S&P)'!$F$9:$G$33,2,FALSE),'Ratings worksheet'!C40) -> Baa2
A41: ='Ratings worksheet'!A41 -> Cuba | B41: ='Ratings worksheet'!B41 -> 0 | C41: =IF('Ratings worksheet'!C41="NA",VLOOKUP('Ratings worksheet'!B41,'Sovereign Ratings (Moody''s,S&P)'!$F$9:$G$33,2,FALSE),'Ratings worksheet'!C41) -> Ca
A42: ='Ratings worksheet'!A42 -> Curacao | B42: BBB | C42: Baa2
A43: ='Ratings worksheet'!A43 -> Cyprus | B43: ='Ratings worksheet'!B43 -> BBB | C43: =IF('Ratings worksheet'!C43="NA",VLOOKUP('Ratings worksheet'!B43,'Sovereign Ratings (Moody''s,S&P)'!$F$9:$G$33,2,FALSE),'Ratings worksheet'!C43) -> Ba1
A44: ='Ratings worksheet'!A44 -> Czech Republic | B44: ='Ratings worksheet'!B44 -> AA- | C44: =IF('Ratings worksheet'!C44="NA",VLOOKUP('Ratings worksheet'!B44,'Sovereign Ratings (Moody''s,S&P)'!$F$9:$G$33,2,FALSE),'Ratings worksheet'!C44) -> Aa3
A45: ='Ratings worksheet'!A45 -> Denmark | B45: ='Ratings worksheet'!B45 -> AAA | C45: =IF('Ratings worksheet'!C45="NA",VLOOKUP('Ratings worksheet'!B45,'Sovereign Ratings (Moody''s,S&P)'!$F$9:$G$33,2,FALSE),'Ratings worksheet'!C45) -> Aaa
A46: ='Ratings worksheet'!A46 -> Dominican Republic | B46: ='Ratings worksheet'!B46 -> BB | C46: =IF('Ratings worksheet'!C46="NA",VLOOKUP('Ratings worksheet'!B46,'Sovereign Ratings (Moody''s,S&P)'!$F$9:$G$33,2,FALSE),'Ratings worksheet'!C46) -> Ba3
A47: ='Ratings worksheet'!A47 -> Ecuador | B47: ='Ratings worksheet'!B47 -> B- | C47: =IF('Ratings worksheet'!C47="NA",VLOOKUP('Ratings worksheet'!B47,'Sovereign Ratings (Moody''s,S&P)'!$F$9:$G$33,2,FALSE),'Ratings worksheet'!C47) -> Caa3
A48: ='Ratings worksheet'!A48 -> Egypt | B48: ='Ratings worksheet'!B48 -> B | C48: =IF('Ratings worksheet'!C48="NA",VLOOKUP('Ratings worksheet'!B48,'Sovereign Ratings (Moody''s,S&P)'!$F$9:$G$33,2,FALSE),'Ratings worksheet'!C48) -> B3
A49: ='Ratings worksheet'!A49 -> El Salvador | B49: ='Ratings worksheet'!B49 -> CCC+ | C49: =IF('Ratings worksheet'!C49="NA",VLOOKUP('Ratings worksheet'!B49,'Sovereign Ratings (Moody''s,S&P)'!$F$9:$G$33,2,FALSE),'Ratings worksheet'!C49) -> Caa3
A50: ='Ratings worksheet'!A50 -> Estonia | B50: ='Ratings worksheet'!B50 -> AA- | C50: =IF('Ratings worksheet'!C50="NA",VLOOKUP('Ratings worksheet'!B50,'Sovereign Ratings (Moody''s,S&P)'!$F$9:$G$33,2,FALSE),'Ratings worksheet'!C50) -> A1
A51: ='Ratings worksheet'!A51 -> Ethiopia | B51: ='Ratings worksheet'!B51 -> CCC | C51: =IF('Ratings worksheet'!C51="NA",VLOOKUP('Ratings worksheet'!B51,'Sovereign Ratings (Moody''s,S&P)'!$F$9:$G$33,2,FALSE),'Ratings worksheet'!C51) -> Caa2
A52: ='Ratings worksheet'!A52 -> Fiji | B52: ='Ratings worksheet'!B52 -> B+ | C52: =IF('Ratings worksheet'!C52="NA",VLOOKUP('Ratings worksheet'!B52,'Sovereign Ratings (Moody''s,S&P)'!$F$9:$G$33,2,FALSE),'Ratings worksheet'!C52) -> B1
A53: ='Ratings worksheet'!A53 -> Finland | B53: ='Ratings worksheet'!B53 -> AA+ | C53: =IF('Ratings worksheet'!C53="NA",VLOOKUP('Ratings worksheet'!B53,'Sovereign Ratings (Moody''s,S&P)'!$F$9:$G$33,2,FALSE),'Ratings worksheet'!C53) -> Aa1
A54: ='Ratings worksheet'!A54 -> France | B54: ='Ratings worksheet'!B54 -> AA | C54: =IF('Ratings worksheet'!C54="NA",VLOOKUP('Ratings worksheet'!B54,'Sovereign Ratings (Moody''s,S&P)'!$F$9:$G$33,2,FALSE),'Ratings worksheet'!C54) -> Aa2
... A158: ='Ratings worksheet'!A158 -> Zambia | B158: ='Ratings worksheet'!B158 -> NA | C158: =IF('Ratings worksheet'!C158="NA",VLOOKUP('Ratings worksheet'!B158,'Sovereign Ratings (Moody''s,S&P)'!$F$9:$G$33,2,FALSE),'Ratings worksheet'!C158) -> Ca

Sheet Regional lookup table
A1: Country | B1: Region
A2: Abu Dhabi | B2: Middle East
A3: Albania | B3: Eastern Europe & Russia
A4: Andorra | B4: Western Europe
A5: Angola | B5: Africa
A6: Argentina | B6: Central and South America
A7: Armenia | B7: Eastern Europe & Russia
A8: Aruba | B8: Caribbean
A9: Australia | B9: Australia & New Zealand
A10: Austria | B10: Western Europe
A11: Azerbaijan | B11: Eastern Europe & Russia
A12: Bahamas | B12: Caribbean
... A161: Zambia | B161: Africa

Sheet Default Spreads for Ratings
A1: Rating | B1: Default Spread (1/1/23) | C1: Updated Default Spread (6/30/23) | E1: Country | F1: Moody's rating | G1: 43464 | H1: 43645 | I1: CDS % Change | K1: Country | L1: 43645
A2: A1 | B2: 86.284404 | C2: =B2*(1+$I$84) -> 75.437221 | E2: Abu Dhabi | F2: Aa2 | G2: 0.0078 | H2: =VLOOKUP(E2,$K$2:$L$89,2,FALSE) -> 0.007 | I2: =IF(H2="NA","NA",H2/G2-1) -> -0.1025641 | K2: Abu Dhabi | L2: 0.007
A3: A2 | B3: 103.54128 | C3: =B3*(1+$I$84) -> 90.524666 | E3: Algeria | F3: NA | G3: 0.0173 | H3: =VLOOKUP(E3,$K$2:$L$89,2,FALSE) -> 0.0159 | I3: =IF(H3="NA","NA",H3/G3-1) -> -0.080924855 | K3: Algeria | L3: 0.0159
A4: A3 | B4: 146.68349 | C4: =B4*(1+$I$84) -> 128.24328 | E4: Angola | F4: B3 | G4: 0.0655 | H4: =VLOOKUP(E4,$K$2:$L$89,2,FALSE) -> 0.1047 | I4: =IF(H4="NA","NA",H4/G4-1) -> 0.59847328 | K4: Angola | L4: 0.1047
A5: Aa1 | B5: 48.894495 | C5: =B5*(1+$I$84) -> 42.747759 | E5: Australia | F5: Aaa | G5: 0.0034 | H5: =VLOOKUP(E5,$K$2:$L$89,2,FALSE) -> 0.0033 | I5: =IF(H5="NA","NA",H5/G5-1) -> -0.029411765 | K5: Argentina | L5: NA
A6: Aa2 | B6: 60.399083 | C6: =B6*(1+$I$84) -> 52.806055 | E6: Austria | F6: Aa1 | G6: 0.0024 | H6: =VLOOKUP(E6,$K$2:$L$89,2,FALSE) -> 0.002 | I6: =IF(H6="NA","NA",H6/G6-1) -> -0.16666667 | K6: Australia | L6: 0.0033
A7: Aa3 | B7: 73.341743 | C7: =B7*(1+$I$84) -> 64.121638 | E7: Bahrain | F7: B2 | G7: 0.0278 | H7: =VLOOKUP(E7,$K$2:$L$89,2,FALSE) -> 0.0316 | I7: =IF(H7="NA","NA",H7/G7-1) -> 0.13669065 | K7: Austria | L7: 0.002
A8: Aaa | B8: 0 | C8: =B8*(1+$I$84) -> 0 | E8: Belgium | F8: Aa3 | G8: 0.0037 | H8: =VLOOKUP(E8,$K$2:$L$89,2,FALSE) -> 0.0031 | I8: =IF(H8="NA","NA",H8/G8-1) -> -0.16216216 | K8: Bahrain | L8: 0.0316
A9: B1 | B9: 550.78211 | C9: =B9*(1+$I$84) -> 481.54093 | E9: Brazil | F9: Ba2 | G9: 0.0352 | H9: =VLOOKUP(E9,$K$2:$L$89,2,FALSE) -> 0.0288 | I9: =IF(H9="NA","NA",H9/G9-1) -> -0.18181818 | K9: Belgium | L9: 0.0031
A10: B2 | B10: 673.01835 | C10: =B10*(1+$I$84) -> 588.41033 | E10: Bulgaria | F10: Baa2 | G10: 0.015 | H10: =VLOOKUP(E10,$K$2:$L$89,2,FALSE) -> 0.014 | I10: =IF(H10="NA","NA",H10/G10-1) -> -0.066666667 | K10: Brazil | L10: 0.0288
A11: B3 | B11: 795.25459 | C11: =B11*(1+$I$84) -> 695.27972 | E11: Cameroon | F11: B2 | G11: 0.0668 | H11: =VLOOKUP(E11,$K$2:$L$89,2,FALSE) -> 0.0645 | I11: =IF(H11="NA","NA",H11/G11-1) -> -0.034431138 | K11: Bulgaria | L11: 0.014
A12: Ba1 | B12: 306.30963 | C12: =B12*(1+$I$84) -> 267.80214 | E12: Canada | F12: Aaa | G12: 0.0036 | H12: =VLOOKUP(E12,$K$2:$L$89,2,FALSE) -> 0.0041 | I12: =IF(H12="NA","NA",H12/G12-1) -> 0.13888889 | K12: Cameroon | L12: 0.0645
A13: Ba2 | B13: 368.14679 | C13: =B13*(1+$I$84) -> 321.86548 | E13: Chile | F13: A1 | G13: 0.0176 | H13: =VLOOKUP(E13,$K$2:$L$89,2,FALSE) -> 0.0147 | I13: =IF(H13="NA","NA",H13/G13-1) -> -0.16477273 | K13: Canada | L13: 0.0041
A14: Ba3 | B14: 440.05046 | C14: =B14*(1+$I$84) -> 384.72983 | E14: China | F14: A1 | G14: 0.0111 | H14: =VLOOKUP(E14,$K$2:$L$89,2,FALSE) -> 0.01 | I14: =IF(H14="NA","NA",H14/G14-1) -> -0.099099099 | K14: Chile | L14: 0.0147
A15: Baa1 | B15: 195.57798 | C15: =B15*(1+$I$84) -> 170.99104 | E15: Colombia | F15: Baa2 | G15: 0.0365 | H15: =VLOOKUP(E15,$K$2:$L$89,2,FALSE) -> 0.0354 | I15: =IF(H15="NA","NA",H15/G15-1) -> -0.030136986 | K15: China | L15: 0.01
A16: Baa2 | B16: 232.96789 | C16: =B16*(1+$I$84) -> 203.6805 | E16: Costa Rica | F16: B1 | G16: 0.0435 | H16: =VLOOKUP(E16,$K$2:$L$89,2,FALSE) -> 0.0333 | I16: =IF(H16="NA","NA",H16/G16-1) -> -0.23448276 | K16: Colombia | L16: 0.0354
A17: Baa3 | B17: 268.91972 | C17: =B17*(1+$I$84) -> 235.11267 | E17: Croatia | F17: Ba2 | G17: 0.0134 | H17: =VLOOKUP(E17,$K$2:$L$89,2,FALSE) -> 0.0112 | I17: =IF(H17="NA","NA",H17/G17-1) -> -0.1641791 | K17: Costa Rica | L17: 0.0333
... A21: Caa3 | B21: 1223.8005 | C21: =B21*(1+$I$84) -> 1069.9513 | E21: Dubai | F21: Aa2 | G21: 0.0126 | H21: =VLOOKUP(E21,$K$2:$L$89,2,FALSE) -> 0.0126 | I21: =IF(H21="NA","NA",H21/G21-1) -> 0 | K21: Denmark | L21: 0.0019
A22: NR | B22: NA | C22: NA | E22: Ecuador | F22: Caa3 | G22: 0.1693 | H22: =VLOOKUP(E22,$K$2:$L$89,2,FALSE) -> NA | I22: =IF(H22="NA","NA",H22/G22-1) -> NA | K22: Dubai | L22: 0.0126
E23: Egypt | F23: B2 | G23: 0.0801 | H23: =VLOOKUP(E23,$K$2:$L$89,2,FALSE) -> 0.1319 | I23: =IF(H23="NA","NA",H23/G23-1) -> 0.64669164 | K23: Ecuador | L23: NA
E24: El Salvador | F24: B3 | G24: 0.2746 | H24: =VLOOKUP(E24,$K$2:$L$89,2,FALSE) -> 0.1488 | I24: =IF(H24="NA","NA",H24/G24-1) -> -0.4581209 | K24: Egypt | L24: 0.1319
E25: Estonia | F25: A1 | G25: 0.0176 | H25: =VLOOKUP(E25,$K$2:$L$89,2,FALSE) -> 0.0091 | I25: =IF(H25="NA","NA",H25/G25-1) -> -0.48295455 | K25: El Salvador | L25: 0.1488
E26: Finland | F26: Aa1 | G26: 0.0034 | H26: =VLOOKUP(E26,$K$2:$L$89,2,FALSE) -> 0.0026 | I26: =IF(H26="NA","NA",H26/G26-1) -> -0.23529412 | K26: Estonia | L26: 0.0091
E27: France | F27: Aa2 | G27: 0.0042 | H27: =VLOOKUP(E27,$K$2:$L$89,2,FALSE) -> 0.0041 | I27: =IF(H27="NA","NA",H27/G27-1) -> -0.023809524 | K27: Ethiopia | L27: 0.2836
E28: Germany | F28: Aaa | G28: 0.0028 | H28: =VLOOKUP(E28,$K$2:$L$89,2,FALSE) -> 0.0022 | I28: =IF(H28="NA","NA",H28/G28-1) -> -0.21428571 | K28: Finland | L28: 0.0026
E29: Greece | F29: B1 | G29: 0.0197 | H29: =VLOOKUP(E29,$K$2:$L$89,2,FALSE) -> 0.0131 | I29: =IF(H29="NA","NA",H29/G29-1) -> -0.33502538 | K29: France | L29: 0.0041
E30: Guatemala | F30: Ba1 | G30: 0.0228 | H30: NA | I30: =IF(H30="NA","NA",H30/G30-1) -> NA | K30: Germany | L30: 0.0022
E31: Hong Kong | F31: Aa2 | G31: 0.0071 | H31: =VLOOKUP(E31,$K$2:$L$89,2,FALSE) -> 0.0054 | I31: =IF(H31="NA","NA",H31/G31-1) -> -0.23943662 | K31: Greece | L31: 0.0131
E32: Hungary | F32: Baa3 | G32: 0.0243 | H32: =VLOOKUP(E32,$K$2:$L$89,2,FALSE) -> 0.0202 | I32: =IF(H32="NA","NA",H32/G32-1) -> -0.16872428 | K32: Guatamela | L32: 0.0242
E33: Iceland | F33: A3 | G33: 0.0073 | H33: =VLOOKUP(E33,$K$2:$L$89,2,FALSE) -> 0.0081 | I33: =IF(H33="NA","NA",H33/G33-1) -> 0.10958904 | K33: Hong Kong | L33: 0.0054
E34: India | F34: Baa2 | G34: 0.0167 | H34: =VLOOKUP(E34,$K$2:$L$89,2,FALSE) -> 0.0142 | I34: =IF(H34="NA","NA",H34/G34-1) -> -0.1497006 | K34: Hungary | L34: 0.0202
E35: Indonesia | F35: Baa2 | G35: 0.0175 | H35: =VLOOKUP(E35,$K$2:$L$89,2,FALSE) -> 0.0153 | I35: =IF(H35="NA","NA",H35/G35-1) -> -0.12571429 | K35: Iceland | L35: 0.0081
E36: Iraq | F36: Caa1 | G36: 0.0469 | H36: =VLOOKUP(E36,$K$2:$L$89,2,FALSE) -> 0.048 | I36: =IF(H36="NA","NA",H36/G36-1) -> 0.023454158 | K36: India | L36: 0.0142
E37: Ireland | F37: A2 | G37: 0.0043 | H37: =VLOOKUP(E37,$K$2:$L$89,2,FALSE) -> 0.0036 | I37: =IF(H37="NA","NA",H37/G37-1) -> -0.1627907 | K37: Indonesia | L37: 0.0153
E38: Israel | F38: A1 | G38: 0.0067 | H38: =VLOOKUP(E38,$K$2:$L$89,2,FALSE) -> 0.008 | I38: =IF(H38="NA","NA",H38/G38-1) -> 0.19402985 | K38: Iraq | L38: 0.048
E39: Italy | F39: Baa3 | G39: 0.0184 | H39: =VLOOKUP(E39,$K$2:$L$89,2,FALSE) -> 0.0145 | I39: =IF(H39="NA","NA",H39/G39-1) -> -0.21195652 | K39: Ireland | L39: 0.0036
E40: Japan | F40: A1 | G40: 0.0031 | H40: =VLOOKUP(E40,$K$2:$L$89,2,FALSE) -> 0.0026 | I40: =IF(H40="NA","NA",H40/G40-1) -> -0.16129032 | K40: Israel | L40: 0.008
E41: Kazakhstan | F41: Baa3 | G41: 0.027 | H41: =VLOOKUP(E41,$K$2:$L$89,2,FALSE) -> 0.0168 | I41: =IF(H41="NA","NA",H41/G41-1) -> -0.37777778 | K41: Italy | L41: 0.0145
E42: Kenya | F42: B2 | G42: 0.076 | H42: =VLOOKUP(E42,$K$2:$L$89,2,FALSE) -> 0.0785 | I42: =IF(H42="NA","NA",H42/G42-1) -> 0.032894737 | K42: Japan | L42: 0.0026
... E47: Malaysia | F47: A3 | G47: 0.0124 | H47: =VLOOKUP(E47,$K$2:$L$89,2,FALSE) -> 0.01 | I47: =IF(H47="NA","NA",H47/G47-1) -> -0.19354839 | K47: Latvia | L47: 0.0095
E48: Mexico | F48: A3 | G48: 0.0211 | H48: =VLOOKUP(E48,$K$2:$L$89,2,FALSE) -> 0.0188 | I48: =IF(H48="NA","NA",H48/G48-1) -> -0.10900474 | K48: Lebanon | L48: NA
E49: Morocco | F49: Ba1 | G49: 0.0253 | H49: =VLOOKUP(E49,$K$2:$L$89,2,FALSE) -> 0.0195 | I49: =IF(H49="NA","NA",H49/G49-1) -> -0.22924901 | K49: Lithuania | L49: 0.0095
E50: Namibia | F50: B1 | G50: 0.0384 | H50: =VLOOKUP(E50,$K$2:$L$89,2,FALSE) -> 0.0243 | I50: =IF(H50="NA","NA",IF(G50="NA","NA",H50/G50-1)) -> -0.3671875 | K50: Malaysia | L50: 0.01
E51: Netherlands | F51: Aaa | G51: 0.0026 | H51: =VLOOKUP(E51,$K$2:$L$89,2,FALSE) -> 0.0021 | I51: =IF(H51="NA","NA",H51/G51-1) -> -0.19230769 | K51: Mexico | L51: 0.0188
E52: New Zealand | F52: Aaa | G52: 0.0039 | H52: =VLOOKUP(E52,$K$2:$L$89,2,FALSE) -> 0.0035 | I52: =IF(H52="NA","NA",H52/G52-1) -> -0.1025641 | K52: Morocco | L52: 0.0195
E53: Nicaragua | F53: B3 | G53: 0.0627 | H53: =VLOOKUP(E53,$K$2:$L$89,2,FALSE) -> 0.052 | I53: =IF(H53="NA","NA",H53/G53-1) -> -0.17065391 | K53: Namibia | L53: 0.0243
E54: Nigeria | F54: B2 | G54: 0.0852 | H54: =VLOOKUP(E54,$K$2:$L$89,2,FALSE) -> 0.075 | I54: =IF(H54="NA","NA",H54/G54-1) -> -0.11971831 | K54: Netherlands | L54: 0.0021
E55: Norway | F55: Aaa | G55: 0.0028 | H55: =VLOOKUP(E55,$K$2:$L$89,2,FALSE) -> 0.0023 | I55: =IF(H55="NA","NA",H55/G55-1) -> -0.17857143 | K55: New Zealand | L55: 0.0035
E56: Oman | F56: Ba1 | G56: 0.0237 | H56: =VLOOKUP(E56,$K$2:$L$89,2,FALSE) -> 0.02 | I56: =IF(H56="NA","NA",H56/G56-1) -> -0.15611814 | K56: Nicaragua | L56: 0.052
E57: Pakistan | F57: B3 | G57: NA | H57: =VLOOKUP(E57,$K$2:$L$89,2,FALSE) -> NA | I57: =IF(H57="NA","NA",H57/G57-1) -> NA | K57: Nigeria | L57: 0.075
E58: Panama | F58: Baa1 | G58: 0.0179 | H58: =VLOOKUP(E58,$K$2:$L$89,2,FALSE) -> 0.0172 | I58: =IF(H58="NA","NA",H58/G58-1) -> -0.039106145 | K58: Norway | L58: 0.0023
E59: Peru | F59: A3 | G59: 0.0194 | H59: =VLOOKUP(E59,$K$2:$L$89,2,FALSE) -> 0.0146 | I59: =IF(H59="NA","NA",H59/G59-1) -> -0.24742268 | K59: Oman | L59: 0.02
E60: Philippines | F60: Baa2 | G60: 0.0164 | H60: =VLOOKUP(E60,$K$2:$L$89,2,FALSE) -> 0.0144 | I60: =IF(H60="NA","NA",H60/G60-1) -> -0.12195122 | K60: Pakistan | L60: NA
E61: Poland | F61: A2 | G61: 0.0145 | H61: =VLOOKUP(E61,$K$2:$L$89,2,FALSE) -> 0.0102 | I61: =IF(H61="NA","NA",H61/G61-1) -> -0.29655172 | K61: Panama | L61: 0.0172
E62: Portugal | F62: Baa3 | G62: 0.0081 | H62: =VLOOKUP(E62,$K$2:$L$89,2,FALSE) -> 0.0071 | I62: =IF(H62="NA","NA",H62/G62-1) -> -0.12345679 | K62: Peru | L62: 0.0146
E63: Qatar | F63: Aa3 | G63: 0.0079 | H63: =VLOOKUP(E63,$K$2:$L$89,2,FALSE) -> 0.0071 | I63: =IF(H63="NA","NA",H63/G63-1) -> -0.10126582 | K63: Philippines | L63: 0.0144
E64: Romania | F64: Baa3 | G64: 0.0317 | H64: =VLOOKUP(E64,$K$2:$L$89,2,FALSE) -> 0.0233 | I64: =IF(H64="NA","NA",H64/G64-1) -> -0.26498423 | K64: Poland | L64: 0.0102
E65: Russia | F65: Baa3 | G65: 0.0621 | H65: =VLOOKUP(E65,$K$2:$L$89,2,FALSE) -> NA | I65: =IF(H65="NA","NA",H65/G65-1) -> NA | K65: Portugal | L65: 0.0071
E66: Rwanda | F66: B2 | G66: 0.0542 | H66: =VLOOKUP(E66,$K$2:$L$89,2,FALSE) -> 0.0519 | I66: =IF(H66="NA","NA",H66/G66-1) -> -0.042435424 | K66: Qatar | L66: 0.0071
E67: Saudi Arabia | F67: A1 | G67: 0.0096 | H67: =VLOOKUP(E67,$K$2:$L$89,2,FALSE) -> 0.0089 | I67: =IF(H67="NA","NA",H67/G67-1) -> -0.072916667 | K67: Romania | L67: 0.0233
E68: Senegal | F68: Ba3 | G68: 0.0539 | H68: =VLOOKUP(E68,$K$2:$L$89,2,FALSE) -> 0.0539 | I68: =IF(H68="NA","NA",H68/G68-1) -> 0 | K68: Russia | L68: NA
E69: Serbia | F69: Ba3 | G69: 0.0293 | H69: =VLOOKUP(E69,$K$2:$L$89,2,FALSE) -> 0.0277 | I69: =IF(H69="NA","NA",H69/G69-1) -> -0.054607509 | K69: Rwanda | L69: 0.0519
E70: Slovakia | F70: A2 | G70: 0.0075 | H70: =VLOOKUP(E70,$K$2:$L$89,2,FALSE) -> 0.0054 | I70: =IF(H70="NA","NA",H70/G70-1) -> -0.28 | K70: Saudi Arabia | L70: 0.0089
E71: Slovenia | F71: Baa1 | G71: 0.01 | H71: =VLOOKUP(E71,$K$2:$L$89,2,FALSE) -> 0.0071 | I71: =IF(H71="NA","NA",H71/G71-1) -> -0.29 | K71: Senegal | L71: 0.0539
E72: South Africa | F72: Baa3 | G72: 0.0351 | H72: =VLOOKUP(E72,$K$2:$L$89,2,FALSE) -> 0.0371 | I72: =IF(H72="NA","NA",H72/G72-1) -> 0.056980057 | K72: Serbia | L72: 0.0277
E73: Spain | F73: Baa1 | G73: 0.0082 | H73: =VLOOKUP(E73,$K$2:$L$89,2,FALSE) -> 0.0079 | I73: =IF(H73="NA","NA",H73/G73-1) -> -0.036585366 | K73: Slovakia | L73: 0.0054
E74: Sweden | F74: Aaa | G74: 0.0026 | H74: =VLOOKUP(E74,$K$2:$L$89,2,FALSE) -> 0.0024 | I74: =IF(H74="NA","NA",H74/G74-1) -> -0.076923077 | K74: Slovenia | L74: 0.0071
E75: Switzerland | F75: Aaa | G75: 0.0017 | H75: =VLOOKUP(E75,$K$2:$L$89,2,FALSE) -> 0.0028 | I75: =IF(H75="NA","NA",H75/G75-1) -> 0.64705882 | K75: South Africa | L75: 0.0371
E76: Thailand | F76: Baa1 | G76: 0.0087 | H76: =VLOOKUP(E76,$K$2:$L$89,2,FALSE) -> 0.0079 | I76: =IF(H76="NA","NA",H76/G76-1) -> -0.091954023 | K76: Spain | L76: 0.0079
E77: Tunisia | F77: B2 | G77: 0.0869 | H77: =VLOOKUP(E77,$K$2:$L$89,2,FALSE) -> 0.0786 | I77: =IF(H77="NA","NA",H77/G77-1) -> -0.095512083 | K77: Sri Lanka | L77: NA
E78: Turkey | F78: B1 | G78: 0.053 | H78: =VLOOKUP(E78,$K$2:$L$89,2,FALSE) -> 0.0505 | I78: =IF(H78="NA","NA",H78/G78-1) -> -0.047169811 | K78: Sweden | L78: 0.0024
E79: United Kingdom | F79: Aa2 | G79: 0.0036 | H79: =VLOOKUP(E79,$K$2:$L$89,2,FALSE) -> 0.004 | I79: =IF(H79="NA","NA",H79/G79-1) -> 0.11111111 | K79: Switzerland | L79: 0.0028
E80: United States | F80: Aaa | G80: 0.0032 | H80: =VLOOKUP(E80,$K$2:$L$89,2,FALSE) -> 0.0043 | I80: =IF(H80="NA","NA",H80/G80-1) -> 0.34375 | K80: Thailand | L80: 0.0079
E81: Uruguay | F81: Baa2 | G81: 0.0143 | H81: =VLOOKUP(E81,$K$2:$L$89,2,FALSE) -> 0.0095 | I81: =IF(H81="NA","NA",H81/G81-1) -> -0.33566434 | K81: Tunisia | L81: 0.0786
E82: Vietnam | F82: Ba3 | G82: 0.0207 | H82: =VLOOKUP(E82,$K$2:$L$89,2,FALSE) -> 0.0173 | I82: =IF(H82="NA","NA",H82/G82-1) -> -0.16425121 | K82: Turkey | L82: 0.0505
E83: Average | I83: =AVERAGE(I2:I82) -> -0.1062287 | K83: Ukraine | L83: NA
E84: Median | I84: =MEDIAN(I2:I82) -> -0.12571429 | K84: United Kingdom | L84: 0.004
K85: United States | L85: 0.0043
K86: Uruguay | L86: 0.0095
K87: Venezuela | L87: 0.1157
K88: Vietnam | L88: 0.0173
K89: Zambia | L89: NA

Sheet 10-year CDS Spreads
A1: Country | B1: Moody's rating | C1: CDS Spread (6/30/23) | D1: CDS Spread adj for US
A2: ='Sovereign Ratings (Moody''s,S&P)'!A2 -> Abu Dhabi | B2: ='Sovereign Ratings (Moody''s,S&P)'!C2 -> Aa2 | C2: =VLOOKUP(A2,$H$24:$J$111,2,FALSE) -> 0.007 | D2: =IF(C2="NA","NA",IF(C2>$C$153,C2-$C$153,0)) -> 0.0027
A3: ='Sovereign Ratings (Moody''s,S&P)'!A3 -> Albania | B3: ='Sovereign Ratings (Moody''s,S&P)'!C3 -> B1 | C3: NA | D3: =IF(C3="NA","NA",IF(C3>$C$153,C3-$C$153,0)) -> NA
A4: ='Sovereign Ratings (Moody''s,S&P)'!A4 -> Andorra (Principality of) | B4: ='Sovereign Ratings (Moody''s,S&P)'!C4 -> Baa2 | C4: NA | D4: =IF(C4="NA","NA",IF(C4>$C$153,C4-$C$153,0)) -> NA
A5: ='Sovereign Ratings (Moody''s,S&P)'!A5 -> Angola | B5: ='Sovereign Ratings (Moody''s,S&P)'!C5 -> B3 | C5: =VLOOKUP(A5,$H$24:$J$111,2,FALSE) -> 0.1047 | D5: =IF(C5="NA","NA",IF(C5>$C$153,C5-$C$153,0)) -> 0.1004
A6: ='Sovereign Ratings (Moody''s,S&P)'!A6 -> Argentina | B6: ='Sovereign Ratings (Moody''s,S&P)'!C6 -> Ca | C6: NA | D6: =IF(C6="NA","NA",IF(C6>$C$153,C6-$C$153,0)) -> NA
A7: ='Sovereign Ratings (Moody''s,S&P)'!A7 -> Armenia | B7: ='Sovereign Ratings (Moody''s,S&P)'!C7 -> Ba3 | C7: NA | D7: =IF(C7="NA","NA",IF(C7>$C$153,C7-$C$153,0)) -> NA
A8: ='Sovereign Ratings (Moody''s,S&P)'!A8 -> Aruba | B8: ='Sovereign Ratings (Moody''s,S&P)'!C8 -> Baa2 | C8: NA | D8: =IF(C8="NA","NA",IF(C8>$C$153,C8-$C$153,0)) -> NA
A9: ='Sovereign Ratings (Moody''s,S&P)'!A9 -> Australia | B9: ='Sovereign Ratings (Moody''s,S&P)'!C9 -> Aaa | C9: =VLOOKUP(A9,$H$24:$J$111,2,FALSE) -> 0.0033 | D9: =IF(C9="NA","NA",IF(C9>$C$153,C9-$C$153,0)) -> 0
A10: ='Sovereign Ratings (Moody''s,S&P)'!A10 -> Austria | B10: ='Sovereign Ratings (Moody''s,S&P)'!C10 -> Aa1 | C10: =VLOOKUP(A10,$H$24:$J$111,2,FALSE) -> 0.002 | D10: =IF(C10="NA","NA",IF(C10>$C$153,C10-$C$153,0)) -> 0
A11: ='Sovereign Ratings (Moody''s,S&P)'!A11 -> Azerbaijan | B11: ='Sovereign Ratings (Moody''s,S&P)'!C11 -> Ba1 | C11: NA | D11: =IF(C11="NA","NA",IF(C11>$C$153,C11-$C$153,0)) -> NA
A12: ='Sovereign Ratings (Moody''s,S&P)'!A12 -> Bahamas | B12: ='Sovereign Ratings (Moody''s,S&P)'!C12 -> B1 | C12: NA | D12: =IF(C12="NA","NA",IF(C12>$C$153,C12-$C$153,0)) -> NA
A13: ='Sovereign Ratings (Moody''s,S&P)'!A13 -> Bahrain | B13: ='Sovereign Ratings (Moody''s,S&P)'!C13 -> B2 | C13: =VLOOKUP(A13,$H$24:$J$111,2,FALSE) -> 0.0316 | D13: =IF(C13="NA","NA",IF(C13>$C$153,C13-$C$153,0)) -> 0.0273
A14: ='Sovereign Ratings (Moody''s,S&P)'!A14 -> Bangladesh | B14: ='Sovereign Ratings (Moody''s,S&P)'!C14 -> B1 | C14: NA | D14: =IF(C14="NA","NA",IF(C14>$C$153,C14-$C$153,0)) -> NA
A15: ='Sovereign Ratings (Moody''s,S&P)'!A15 -> Barbados | B15: ='Sovereign Ratings (Moody''s,S&P)'!C15 -> Caa1 | C15: NA | D15: =IF(C15="NA","NA",IF(C15>$C$153,C15-$C$153,0)) -> NA
A16: ='Sovereign Ratings (Moody''s,S&P)'!A16 -> Belarus | B16: ='Sovereign Ratings (Moody''s,S&P)'!C16 -> C | C16: NA | D16: =IF(C16="NA","NA",IF(C16>$C$153,C16-$C$153,0)) -> NA
A17: ='Sovereign Ratings (Moody''s,S&P)'!A17 -> Belgium | B17: ='Sovereign Ratings (Moody''s,S&P)'!C17 -> Aa3 | C17: =VLOOKUP(A17,$H$24:$J$111,2,FALSE) -> 0.0031 | D17: =IF(C17="NA","NA",IF(C17>$C$153,C17-$C$153,0)) -> 0
A18: ='Sovereign Ratings (Moody''s,S&P)'!A18 -> Belize | B18: ='Sovereign Ratings (Moody''s,S&P)'!C18 -> Caa2 | C18: NA | D18: =IF(C18="NA","NA",IF(C18>$C$153,C18-$C$153,0)) -> NA
A19: ='Sovereign Ratings (Moody''s,S&P)'!A19 -> Benin | B19: ='Sovereign Ratings (Moody''s,S&P)'!C19 -> B1 | C19: NA | D19: =IF(C19="NA","NA",IF(C19>$C$153,C19-$C$153,0)) -> NA
A20: ='Sovereign Ratings (Moody''s,S&P)'!A20 -> Bermuda | B20: ='Sovereign Ratings (Moody''s,S&P)'!C20 -> A2 | C20: NA | D20: =IF(C20="NA","NA",IF(C20>$C$153,C20-$C$153,0)) -> NA
A21: ='Sovereign Ratings (Moody''s,S&P)'!A21 -> Bolivia | B21: ='Sovereign Ratings (Moody''s,S&P)'!C21 -> Caa1 | C21: NA | D21: =IF(C21="NA","NA",IF(C21>$C$153,C21-$C$153,0)) -> NA
A22: ='Sovereign Ratings (Moody''s,S&P)'!A22 -> Bosnia and Herzegovina | B22: ='Sovereign Ratings (Moody''s,S&P)'!C22 -> B3 | C22: NA | D22: =IF(C22="NA","NA",IF(C22>$C$153,C22-$C$153,0)) -> NA
A23: ='Sovereign Ratings (Moody''s,S&P)'!A23 -> Botswana | B23: ='Sovereign Ratings (Moody''s,S&P)'!C23 -> A3 | C23: NA | D23: =IF(C23="NA","NA",IF(C23>$C$153,C23-$C$153,0)) -> NA | H23: Country | I23: 43645 | J23: CDS Spread net of US
A24: ='Sovereign Ratings (Moody''s,S&P)'!A24 -> Brazil | B24: ='Sovereign Ratings (Moody''s,S&P)'!C24 -> Ba2 | C24: =VLOOKUP(A24,$H$24:$J$111,2,FALSE) -> 0.0288 | D24: =IF(C24="NA","NA",IF(C24>$C$153,C24-$C$153,0)) -> 0.0245 | H24: Abu Dhabi | I24: 0.007 | J24: =IF(I24<$I$107,0,I24-$I$107) -> 0.0027
A25: ='Sovereign Ratings (Moody''s,S&P)'!A25 -> Bulgaria | B25: ='Sovereign Ratings (Moody''s,S&P)'!C25 -> Baa1 | C25: =VLOOKUP(A25,$H$24:$J$111,2,FALSE) -> 0.014 | D25: =IF(C25="NA","NA",IF(C25>$C$153,C25-$C$153,0)) -> 0.0097 | H25: Algeria | I25: 0.0159 | J25: =IF(I25<$I$107,0,I25-$I$107) -> 0.0116
A26: ='Sovereign Ratings (Moody''s,S&P)'!A26 -> Burkina Faso | B26: ='Sovereign Ratings (Moody''s,S&P)'!C26 -> Caa1 | C26: NA | D26: =IF(C26="NA","NA",IF(C26>$C$153,C26-$C$153,0)) -> NA | H26: Angola | I26: 0.1047 | J26: =IF(I26<$I$107,0,I26-$I$107) -> 0.1004
A27: ='Sovereign Ratings (Moody''s,S&P)'!A27 -> Cambodia | B27: ='Sovereign Ratings (Moody''s,S&P)'!C27 -> B2 | C27: NA | D27: =IF(C27="NA","NA",IF(C27>$C$153,C27-$C$153,0)) -> NA | H27: Argentina | I27: NA | J27: =IF(I27<$I$107,0,I27-$I$107) -> #VALUE!
A28: ='Sovereign Ratings (Moody''s,S&P)'!A28 -> Cameroon | B28: ='Sovereign Ratings (Moody''s,S&P)'!C28 -> B2 | C28: =VLOOKUP(A28,$H$24:$J$111,2,FALSE) -> 0.0645 | D28: =IF(C28="NA","NA",IF(C28>$C$153,C28-$C$153,0)) -> 0.0602 | H28: Australia | I28: 0.0033 | J28: =IF(I28<$I$107,0,I28-$I$107) -> 0
A29: ='Sovereign Ratings (Moody''s,S&P)'!A29 -> Canada | B29: ='Sovereign Ratings (Moody''s,S&P)'!C29 -> Aaa | C29: =VLOOKUP(A29,$H$24:$J$111,2,FALSE) -> 0.0041 | D29: =IF(C29="NA","NA",IF(C29>$C$153,C29-$C$153,0)) -> 0 | H29: Austria | I29: 0.002 | J29: =IF(I29<$I$107,0,I29-$I$107) -> 0
A30: ='Sovereign Ratings (Moody''s,S&P)'!A30 -> Cape Verde | B30: ='Sovereign Ratings (Moody''s,S&P)'!C30 -> B3 | C30: NA | D30: =IF(C30="NA","NA",IF(C30>$C$153,C30-$C$153,0)) -> NA | H30: Bahrain | I30: 0.0316 | J30: =IF(I30<$I$107,0,I30-$I$107) -> 0.0273
A31: ='Sovereign Ratings (Moody''s,S&P)'!A31 -> Cayman Islands | B31: ='Sovereign Ratings (Moody''s,S&P)'!C31 -> Aa3 | C31: NA | D31: =IF(C31="NA","NA",IF(C31>$C$153,C31-$C$153,0)) -> NA | H31: Belgium | I31: 0.0031 | J31: =IF(I31<$I$107,0,I31-$I$107) -> 0
A32: ='Sovereign Ratings (Moody''s,S&P)'!A32 -> Chile | B32: ='Sovereign Ratings (Moody''s,S&P)'!C32 -> A2 | C32: =VLOOKUP(A32,$H$24:$J$111,2,FALSE) -> 0.0147 | D32: =IF(C32="NA","NA",IF(C32>$C$153,C32-$C$153,0)) -> 0.0104 | H32: Brazil | I32: 0.0288 | J32: =IF(I32<$I$107,0,I32-$I$107) -> 0.0245
A33: ='Sovereign Ratings (Moody''s,S&P)'!A33 -> China | B33: ='Sovereign Ratings (Moody''s,S&P)'!C33 -> A1 | C33: =VLOOKUP(A33,$H$24:$J$111,2,FALSE) -> 0.01 | D33: =IF(C33="NA","NA",IF(C33>$C$153,C33-$C$153,0)) -> 0.0057 | H33: Bulgaria | I33: 0.014 | J33: =IF(I33<$I$107,0,I33-$I$107) -> 0.0097
A34: ='Sovereign Ratings (Moody''s,S&P)'!A34 -> Colombia | B34: ='Sovereign Ratings (Moody''s,S&P)'!C34 -> Baa2 | C34: =VLOOKUP(A34,$H$24:$J$111,2,FALSE) -> 0.0354 | D34: =IF(C34="NA","NA",IF(C34>$C$153,C34-$C$153,0)) -> 0.0311 | H34: Cameroon | I34: 0.0645 | J34: =IF(I34<$I$107,0,I34-$I$107) -> 0.0602
A35: ='Sovereign Ratings (Moody''s,S&P)'!A35 -> Congo (Democratic Republic of) | B35: ='Sovereign Ratings (Moody''s,S&P)'!C35 -> B3 | C35: NA | D35: =IF(C35="NA","NA",IF(C35>$C$153,C35-$C$153,0)) -> NA | H35: Canada | I35: 0.0041 | J35: =IF(I35<$I$107,0,I35-$I$107) -> 0
A36: ='Sovereign Ratings (Moody''s,S&P)'!A36 -> Congo (Republic of) | B36: ='Sovereign Ratings (Moody''s,S&P)'!C36 -> Caa2 | C36: NA | D36: =IF(C36="NA","NA",IF(C36>$C$153,C36-$C$153,0)) -> NA | H36: Chile | I36: 0.0147 | J36: =IF(I36<$I$107,0,I36-$I$107) -> 0.0104
A37: ='Sovereign Ratings (Moody''s,S&P)'!A37 -> Cook Islands | B37: ='Sovereign Ratings (Moody''s,S&P)'!C37 -> B2 | C37: NA | D37: =IF(C37="NA","NA",IF(C37>$C$153,C37-$C$153,0)) -> NA | H37: China | I37: 0.01 | J37: =IF(I37<$I$107,0,I37-$I$107) -> 0.0057
A38: ='Sovereign Ratings (Moody''s,S&P)'!A38 -> Costa Rica | B38: ='Sovereign Ratings (Moody''s,S&P)'!C38 -> B2 | C38: =VLOOKUP(A38,$H$24:$J$111,2,FALSE) -> 0.0333 | D38: =IF(C38="NA","NA",IF(C38>$C$153,C38-$C$153,0)) -> 0.029 | H38: Colombia | I38: 0.0354 | J38: =IF(I38<$I$107,0,I38-$I$107) -> 0.0311
A39: ='Sovereign Ratings (Moody''s,S&P)'!A39 -> Côte d'Ivoire | B39: ='Sovereign Ratings (Moody''s,S&P)'!C39 -> Ba3 | C39: NA | D39: =IF(C39="NA","NA",IF(C39>$C$153,C39-$C$153,0)) -> NA | H39: Costa Rica | I39: 0.0333 | J39: =IF(I39<$I$107,0,I39-$I$107) -> 0.029
A40: ='Sovereign Ratings (Moody''s,S&P)'!A40 -> Croatia | B40: ='Sovereign Ratings (Moody''s,S&P)'!C40 -> Baa2 | C40: =VLOOKUP(A40,$H$24:$J$111,2,FALSE) -> 0.0112 | D40: =IF(C40="NA","NA",IF(C40>$C$153,C40-$C$153,0)) -> 0.0069 | H40: Croatia | I40: 0.0112 | J40: =IF(I40<$I$107,0,I40-$I$107) -> 0.0069
A41: ='Sovereign Ratings (Moody''s,S&P)'!A41 -> Cuba | B41: ='Sovereign Ratings (Moody''s,S&P)'!C41 -> Ca | C41: NA | D41: =IF(C41="NA","NA",IF(C41>$C$153,C41-$C$153,0)) -> NA | H41: Cyprus | I41: 0.0114 | J41: =IF(I41<$I$107,0,I41-$I$107) -> 0.0071
A42: ='Sovereign Ratings (Moody''s,S&P)'!A42 -> Curacao | B42: ='Sovereign Ratings (Moody''s,S&P)'!C42 -> Baa2 | C42: NA | D42: =IF(C42="NA","NA",IF(C42>$C$153,C42-$C$153,0)) -> NA | H42: Czech Republic | I42: 0.0045 | J42: =IF(I42<$I$107,0,I42-$I$107) -> 0.0002
A43: ='Sovereign Ratings (Moody''s,S&P)'!A43 -> Cyprus | B43: ='Sovereign Ratings (Moody''s,S&P)'!C43 -> Ba1 | C43: =VLOOKUP(A43,$H$24:$J$111,2,FALSE) -> 0.0114 | D43: =IF(C43="NA","NA",IF(C43>$C$153,C43-$C$153,0)) -> 0.0071 | H43: Denmark | I43: 0.0019 | J43: =IF(I43<$I$107,0,I43-$I$107) -> 0
A44: ='Sovereign Ratings (Moody''s,S&P)'!A44 -> Czech Republic | B44: ='Sovereign Ratings (Moody''s,S&P)'!C44 -> Aa3 | C44: =VLOOKUP(A44,$H$24:$J$111,2,FALSE) -> 0.0045 | D44: =IF(C44="NA","NA",IF(C44>$C$153,C44-$C$153,0)) -> 0.0002 | H44: Dubai | I44: 0.0126 | J44: =IF(I44<$I$107,0,I44-$I$107) -> 0.0083
A45: ='Sovereign Ratings (Moody''s,S&P)'!A45 -> Denmark | B45: ='Sovereign Ratings (Moody''s,S&P)'!C45 -> Aaa | C45: =VLOOKUP(A45,$H$24:$J$111,2,FALSE) -> 0.0019 | D45: =IF(C45="NA","NA",IF(C45>$C$153,C45-$C$153,0)) -> 0 | H45: Ecuador | I45: NA | J45: =IF(I45<$I$107,0,I45-$I$107) -> #VALUE!
A46: ='Sovereign Ratings (Moody''s,S&P)'!A46 -> Dominican Republic | B46: ='Sovereign Ratings (Moody''s,S&P)'!C46 -> Ba3 | C46: NA | D46: =IF(C46="NA","NA",IF(C46>$C$153,C46-$C$153,0)) -> NA | H46: Egypt | I46: 0.1319 | J46: =IF(I46<$I$107,0,I46-$I$107) -> 0.1276
A47: ='Sovereign Ratings (Moody''s,S&P)'!A47 -> Ecuador | B47: ='Sovereign Ratings (Moody''s,S&P)'!C47 -> Caa3 | C47: =VLOOKUP(A47,$H$24:$J$111,2,FALSE) -> NA | D47: =IF(C47="NA","NA",IF(C47>$C$153,C47-$C$153,0)) -> NA | H47: El Salvador | I47: 0.1488 | J47: =IF(I47<$I$107,0,I47-$I$107) -> 0.1445
A48: ='Sovereign Ratings (Moody''s,S&P)'!A48 -> Egypt | B48: ='Sovereign Ratings (Moody''s,S&P)'!C48 -> B3 | C48: =VLOOKUP(A48,$H$24:$J$111,2,FALSE) -> 0.1319 | D48: =IF(C48="NA","NA",IF(C48>$C$153,C48-$C$153,0)) -> 0.1276 | H48: Estonia | I48: 0.0091 | J48: =IF(I48<$I$107,0,I48-$I$107) -> 0.0048
A49: ='Sovereign Ratings (Moody''s,S&P)'!A49 -> El Salvador | B49: ='Sovereign Ratings (Moody''s,S&P)'!C49 -> Caa3 | C49: =VLOOKUP(A49,$H$24:$J$111,2,FALSE) -> 0.1488 | D49: =IF(C49="NA","NA",IF(C49>$C$153,C49-$C$153,0)) -> 0.1445 | H49: Ethiopia | I49: 0.2836 | J49: =IF(I49<$I$107,0,I49-$I$107) -> 0.2793
A50: ='Sovereign Ratings (Moody''s,S&P)'!A50 -> Estonia | B50: ='Sovereign Ratings (Moody''s,S&P)'!C50 -> A1 | C50: =VLOOKUP(A50,$H$24:$J$111,2,FALSE) -> 0.0091 | D50: =IF(C50="NA","NA",IF(C50>$C$153,C50-$C$153,0)) -> 0.0048 | H50: Finland | I50: 0.0026 | J50: =IF(I50<$I$107,0,I50-$I$107) -> 0
A51: ='Sovereign Ratings (Moody''s,S&P)'!A51 -> Ethiopia | B51: ='Sovereign Ratings (Moody''s,S&P)'!C51 -> Caa2 | C51: =VLOOKUP(A51,$H$24:$J$111,2,FALSE) -> 0.2836 | D51: =IF(C51="NA","NA",IF(C51>$C$153,C51-$C$153,0)) -> 0.2793 | H51: France | I51: 0.0041 | J51: =IF(I51<$I$107,0,I51-$I$107) -> 0
A52: ='Sovereign Ratings (Moody''s,S&P)'!A52 -> Fiji | B52: ='Sovereign Ratings (Moody''s,S&P)'!C52 -> B1 | C52: NA | D52: =IF(C52="NA","NA",IF(C52>$C$153,C52-$C$153,0)) -> NA | H52: Germany | I52: 0.0022 | J52: =IF(I52<$I$107,0,I52-$I$107) -> 0
A53: ='Sovereign Ratings (Moody''s,S&P)'!A53 -> Finland | B53: ='Sovereign Ratings (Moody''s,S&P)'!C53 -> Aa1 | C53: =VLOOKUP(A53,$H$24:$J$111,2,FALSE) -> 0.0026 | D53: =IF(C53="NA","NA",IF(C53>$C$153,C53-$C$153,0)) -> 0 | H53: Greece | I53: 0.0131 | J53: =IF(I53<$I$107,0,I53-$I$107) -> 0.0088
A54: ='Sovereign Ratings (Moody''s,S&P)'!A54 -> France | B54: ='Sovereign Ratings (Moody''s,S&P)'!C54 -> Aa2 | C54: =VLOOKUP(A54,$H$24:$J$111,2,FALSE) -> 0.0041 | D54: =IF(C54="NA","NA",IF(C54>$C$153,C54-$C$153,0)) -> 0 | H54: Guatamela | I54: 0.0242 | J54: =IF(I54<$I$107,0,I54-$I$107) -> 0.0199
A55: ='Sovereign Ratings (Moody''s,S&P)'!A55 -> Gabon | B55: ='Sovereign Ratings (Moody''s,S&P)'!C55 -> Caa1 | C55: NA | D55: =IF(C55="NA","NA",IF(C55>$C$153,C55-$C$153,0)) -> NA | H55: Hong Kong | I55: 0.0054 | J55: =IF(I55<$I$107,0,I55-$I$107) -> 0.0011
A56: ='Sovereign Ratings (Moody''s,S&P)'!A56 -> Georgia | B56: ='Sovereign Ratings (Moody''s,S&P)'!C56 -> Ba2 | C56: NA | D56: =IF(C56="NA","NA",IF(C56>$C$153,C56-$C$153,0)) -> NA | H56: Hungary | I56: 0.0202 | J56: =IF(I56<$I$107,0,I56-$I$107) -> 0.0159
A57: ='Sovereign Ratings (Moody''s,S&P)'!A57 -> Germany | B57: ='Sovereign Ratings (Moody''s,S&P)'!C57 -> Aaa | C57: =VLOOKUP(A57,$H$24:$J$111,2,FALSE) -> 0.0022 | D57: =IF(C57="NA","NA",IF(C57>$C$153,C57-$C$153,0)) -> 0 | H57: Iceland | I57: 0.0081 | J57: =IF(I57<$I$107,0,I57-$I$107) -> 0.0038
A58: ='Sovereign Ratings (Moody''s,S&P)'!A58 -> Ghana | B58: ='Sovereign Ratings (Moody''s,S&P)'!C58 -> Ca | C58: NA | D58: =IF(C58="NA","NA",IF(C58>$C$153,C58-$C$153,0)) -> NA | H58: India | I58: 0.0142 | J58: =IF(I58<$I$107,0,I58-$I$107) -> 0.0099
A59: ='Sovereign Ratings (Moody''s,S&P)'!A59 -> Greece | B59: ='Sovereign Ratings (Moody''s,S&P)'!C59 -> Ba3 | C59: =VLOOKUP(A59,$H$24:$J$111,2,FALSE) -> 0.0131 | D59: =IF(C59="NA","NA",IF(C59>$C$153,C59-$C$153,0)) -> 0.0088 | H59: Indonesia | I59: 0.0153 | J59: =IF(I59<$I$107,0,I59-$I$107) -> 0.011
A60: ='Sovereign Ratings (Moody''s,S&P)'!A60 -> Guatemala | B60: ='Sovereign Ratings (Moody''s,S&P)'!C60 -> Ba1 | C60: NA | D60: =IF(C60="NA","NA",IF(C60>$C$153,C60-$C$153,0)) -> NA | H60: Iraq | I60: 0.048 | J60: =IF(I60<$I$107,0,I60-$I$107) -> 0.0437
A61: ='Sovereign Ratings (Moody''s,S&P)'!A61 -> Guernsey (States of) | B61: ='Sovereign Ratings (Moody''s,S&P)'!C61 -> Aa2 | C61: NA | D61: =IF(C61="NA","NA",IF(C61>$C$153,C61-$C$153,0)) -> NA | H61: Ireland | I61: 0.0036 | J61: =IF(I61<$I$107,0,I61-$I$107) -> 0
A62: ='Sovereign Ratings (Moody''s,S&P)'!A62 -> Honduras | B62: ='Sovereign Ratings (Moody''s,S&P)'!C62 -> B1 | C62: NA | D62: =IF(C62="NA","NA",IF(C62>$C$153,C62-$C$153,0)) -> NA | H62: Israel | I62: 0.008 | J62: =IF(I62<$I$107,0,I62-$I$107) -> 0.0037
A63: ='Sovereign Ratings (Moody''s,S&P)'!A63 -> Hong Kong | B63: ='Sovereign Ratings (Moody''s,S&P)'!C63 -> Aa3 | C63: =VLOOKUP(A63,$H$24:$J$111,2,FALSE) -> 0.0054 | D63: =IF(C63="NA","NA",IF(C63>$C$153,C63-$C$153,0)) -> 0.0011 | H63: Italy | I63: 0.0145 | J63: =IF(I63<$I$107,0,I63-$I$107) -> 0.0102
A64: ='Sovereign Ratings (Moody''s,S&P)'!A64 -> Hungary | B64: ='Sovereign Ratings (Moody''s,S&P)'!C64 -> Baa2 | C64: =VLOOKUP(A64,$H$24:$J$111,2,FALSE) -> 0.0202 | D64: =IF(C64="NA","NA",IF(C64>$C$153,C64-$C$153,0)) -> 0.0159 | H64: Japan | I64: 0.0026 | J64: =IF(I64<$I$107,0,I64-$I$107) -> 0
A65: ='Sovereign Ratings (Moody''s,S&P)'!A65 -> Iceland | B65: ='Sovereign Ratings (Moody''s,S&P)'!C65 -> A2 | C65: =VLOOKUP(A65,$H$24:$J$111,2,FALSE) -> 0.0081 | D65: =IF(C65="NA","NA",IF(C65>$C$153,C65-$C$153,0)) -> 0.0038 | H65: Kazakhstan | I65: 0.0168 | J65: =IF(I65<$I$107,0,I65-$I$107) -> 0.0125
A66: ='Sovereign Ratings (Moody''s,S&P)'!A66 -> India | B66: ='Sovereign Ratings (Moody''s,S&P)'!C66 -> Baa3 | C66: =VLOOKUP(A66,$H$24:$J$111,2,FALSE) -> 0.0142 | D66: =IF(C66="NA","NA",IF(C66>$C$153,C66-$C$153,0)) -> 0.0099 | H66: Kenya | I66: 0.0785 | J66: =IF(I66<$I$107,0,I66-$I$107) -> 0.0742
A67: ='Sovereign Ratings (Moody''s,S&P)'!A67 -> Indonesia | B67: ='Sovereign Ratings (Moody''s,S&P)'!C67 -> Baa2 | C67: =VLOOKUP(A67,$H$24:$J$111,2,FALSE) -> 0.0153 | D67: =IF(C67="NA","NA",IF(C67>$C$153,C67-$C$153,0)) -> 0.011 | H67: Korea | I67: 0.0041 | J67: =IF(I67<$I$107,0,I67-$I$107) -> 0
A68: ='Sovereign Ratings (Moody''s,S&P)'!A68 -> Iraq | B68: ='Sovereign Ratings (Moody''s,S&P)'!C68 -> Caa1 | C68: =VLOOKUP(A68,$H$24:$J$111,2,FALSE) -> 0.048 | D68: =IF(C68="NA","NA",IF(C68>$C$153,C68-$C$153,0)) -> 0.0437 | H68: Kuwait | I68: 0.007 | J68: =IF(I68<$I$107,0,I68-$I$107) -> 0.0027
A69: ='Sovereign Ratings (Moody''s,S&P)'!A69 -> Ireland | B69: ='Sovereign Ratings (Moody''s,S&P)'!C69 -> Aa3 | C69: =VLOOKUP(A69,$H$24:$J$111,2,FALSE) -> 0.0036 | D69: =IF(C69="NA","NA",IF(C69>$C$153,C69-$C$153,0)) -> 0 | H69: Latvia | I69: 0.0095 | J69: =IF(I69<$I$107,0,I69-$I$107) -> 0.0052
A70: ='Sovereign Ratings (Moody''s,S&P)'!A70 -> Isle of Man | B70: ='Sovereign Ratings (Moody''s,S&P)'!C70 -> Aa3 | C70: NA | D70: =IF(C70="NA","NA",IF(C70>$C$153,C70-$C$153,0)) -> NA | H70: Lebanon | I70: NA | J70: NA
A71: ='Sovereign Ratings (Moody''s,S&P)'!A71 -> Israel | B71: ='Sovereign Ratings (Moody''s,S&P)'!C71 -> A1 | C71: =VLOOKUP(A71,$H$24:$J$111,2,FALSE) -> 0.008 | D71: =IF(C71="NA","NA",IF(C71>$C$153,C71-$C$153,0)) -> 0.0037 | H71: Lithuania | I71: 0.0095 | J71: =IF(I71<$I$107,0,I71-$I$107) -> 0.0052
A72: ='Sovereign Ratings (Moody''s,S&P)'!A72 -> Italy | B72: ='Sovereign Ratings (Moody''s,S&P)'!C72 -> Baa3 | C72: =VLOOKUP(A72,$H$24:$J$111,2,FALSE) -> 0.0145 | D72: =IF(C72="NA","NA",IF(C72>$C$153,C72-$C$153,0)) -> 0.0102 | H72: Malaysia | I72: 0.01 | J72: =IF(I72<$I$107,0,I72-$I$107) -> 0.0057
A73: ='Sovereign Ratings (Moody''s,S&P)'!A73 -> Jamaica | B73: ='Sovereign Ratings (Moody''s,S&P)'!C73 -> B2 | C73: NA | D73: =IF(C73="NA","NA",IF(C73>$C$153,C73-$C$153,0)) -> NA | H73: Mexico | I73: 0.0188 | J73: =IF(I73<$I$107,0,I73-$I$107) -> 0.0145
A74: ='Sovereign Ratings (Moody''s,S&P)'!A74 -> Japan | B74: ='Sovereign Ratings (Moody''s,S&P)'!C74 -> A1 | C74: =VLOOKUP(A74,$H$24:$J$111,2,FALSE) -> 0.0026 | D74: =IF(C74="NA","NA",IF(C74>$C$153,C74-$C$153,0)) -> 0 | H74: Morocco | I74: 0.0195 | J74: =IF(I74<$I$107,0,I74-$I$107) -> 0.0152
A75: ='Sovereign Ratings (Moody''s,S&P)'!A75 -> Jersey (States of) | B75: ='Sovereign Ratings (Moody''s,S&P)'!C75 -> Aa3 | C75: NA | D75: =IF(C75="NA","NA",IF(C75>$C$153,C75-$C$153,0)) -> NA | H75: Namibia | I75: 0.0243 | J75: =IF(I75<$I$107,0,I75-$I$107) -> 0.02
A76: ='Sovereign Ratings (Moody''s,S&P)'!A76 -> Jordan | B76: ='Sovereign Ratings (Moody''s,S&P)'!C76 -> B1 | C76: NA | D76: =IF(C76="NA","NA",IF(C76>$C$153,C76-$C$153,0)) -> NA | H76: Netherlands | I76: 0.0021 | J76: =IF(I76<$I$107,0,I76-$I$107) -> 0
A77: ='Sovereign Ratings (Moody''s,S&P)'!A77 -> Kazakhstan | B77: ='Sovereign Ratings (Moody''s,S&P)'!C77 -> Baa2 | C77: =VLOOKUP(A77,$H$24:$J$111,2,FALSE) -> 0.0168 | D77: =IF(C77="NA","NA",IF(C77>$C$153,C77-$C$153,0)) -> 0.0125 | H77: New Zealand | I77: 0.0035 | J77: =IF(I77<$I$107,0,I77-$I$107) -> 0
A78: ='Sovereign Ratings (Moody''s,S&P)'!A78 -> Kenya | B78: ='Sovereign Ratings (Moody''s,S&P)'!C78 -> B3 | C78: =VLOOKUP(A78,$H$24:$J$111,2,FALSE) -> 0.0785 | D78: =IF(C78="NA","NA",IF(C78>$C$153,C78-$C$153,0)) -> 0.0742 | H78: Nicaragua | I78: 0.052 | J78: =IF(I78<$I$107,0,I78-$I$107) -> 0.0477
A79: ='Sovereign Ratings (Moody''s,S&P)'!A79 -> Korea | B79: ='Sovereign Ratings (Moody''s,S&P)'!C79 -> Aa2 | C79: =VLOOKUP(A79,$H$24:$J$111,2,FALSE) -> 0.0041 | D79: =IF(C79="NA","NA",IF(C79>$C$153,C79-$C$153,0)) -> 0 | H79: Nigeria | I79: 0.075 | J79: =IF(I79<$I$107,0,I79-$I$107) -> 0.0707
A80: ='Sovereign Ratings (Moody''s,S&P)'!A80 -> Kuwait | B80: ='Sovereign Ratings (Moody''s,S&P)'!C80 -> A1 | C80: =VLOOKUP(A80,$H$24:$J$111,2,FALSE) -> 0.007 | D80: =IF(C80="NA","NA",IF(C80>$C$153,C80-$C$153,0)) -> 0.0027 | H80: Norway | I80: 0.0023 | J80: =IF(I80<$I$107,0,I80-$I$107) -> 0
A81: ='Sovereign Ratings (Moody''s,S&P)'!A81 -> Kyrgyzstan | B81: ='Sovereign Ratings (Moody''s,S&P)'!C81 -> B3 | C81: NA | D81: =IF(C81="NA","NA",IF(C81>$C$153,C81-$C$153,0)) -> NA | H81: Oman | I81: 0.02 | J81: =IF(I81<$I$107,0,I81-$I$107) -> 0.0157
A82: ='Sovereign Ratings (Moody''s,S&P)'!A82 -> Laos | B82: ='Sovereign Ratings (Moody''s,S&P)'!C82 -> Caa3 | C82: NA | D82: =IF(C82="NA","NA",IF(C82>$C$153,C82-$C$153,0)) -> NA | H82: Pakistan | I82: NA | J82: NA
A83: ='Sovereign Ratings (Moody''s,S&P)'!A83 -> Latvia | B83: ='Sovereign Ratings (Moody''s,S&P)'!C83 -> A3 | C83: =VLOOKUP(A83,$H$24:$J$111,2,FALSE) -> 0.0095 | D83: =IF(C83="NA","NA",IF(C83>$C$153,C83-$C$153,0)) -> 0.0052 | H83: Panama | I83: 0.0172 | J83: =IF(I83<$I$107,0,I83-$I$107) -> 0.0129
A84: ='Sovereign Ratings (Moody''s,S&P)'!A84 -> Lebanon | B84: ='Sovereign Ratings (Moody''s,S&P)'!C84 -> C | C84: =VLOOKUP(A84,$H$24:$J$111,2,FALSE) -> NA | D84: =IF(C84="NA","NA",IF(C84>$C$153,C84-$C$153,0)) -> NA | H84: Peru | I84: 0.0146 | J84: =IF(I84<$I$107,0,I84-$I$107) -> 0.0103
A85: ='Sovereign Ratings (Moody''s,S&P)'!A85 -> Liechtenstein | B85: ='Sovereign Ratings (Moody''s,S&P)'!C85 -> Aaa | C85: NA | D85: =IF(C85="NA","NA",IF(C85>$C$153,C85-$C$153,0)) -> NA | H85: Philippines | I85: 0.0144 | J85: =IF(I85<$I$107,0,I85-$I$107) -> 0.0101
A86: ='Sovereign Ratings (Moody''s,S&P)'!A86 -> Lithuania | B86: ='Sovereign Ratings (Moody''s,S&P)'!C86 -> A2 | C86: =VLOOKUP(A86,$H$24:$J$111,2,FALSE) -> 0.0095 | D86: =IF(C86="NA","NA",IF(C86>$C$153,C86-$C$153,0)) -> 0.0052 | H86: Poland | I86: 0.0102 | J86: =IF(I86<$I$107,0,I86-$I$107) -> 0.0059
A87: ='Sovereign Ratings (Moody''s,S&P)'!A87 -> Luxembourg | B87: ='Sovereign Ratings (Moody''s,S&P)'!C87 -> Aaa | C87: NA | D87: =IF(C87="NA","NA",IF(C87>$C$153,C87-$C$153,0)) -> NA | H87: Portugal | I87: 0.0071 | J87: =IF(I87<$I$107,0,I87-$I$107) -> 0.0028
A88: ='Sovereign Ratings (Moody''s,S&P)'!A88 -> Macao | B88: ='Sovereign Ratings (Moody''s,S&P)'!C88 -> Aa3 | C88: NA | D88: =IF(C88="NA","NA",IF(C88>$C$153,C88-$C$153,0)) -> NA | H88: Qatar | I88: 0.0071 | J88: =IF(I88<$I$107,0,I88-$I$107) -> 0.0028
A89: ='Sovereign Ratings (Moody''s,S&P)'!A89 -> Macedonia | B89: ='Sovereign Ratings (Moody''s,S&P)'!C89 -> Ba3 | C89: NA | D89: =IF(C89="NA","NA",IF(C89>$C$153,C89-$C$153,0)) -> NA | H89: Romania | I89: 0.0233 | J89: =IF(I89<$I$107,0,I89-$I$107) -> 0.019
A90: ='Sovereign Ratings (Moody''s,S&P)'!A90 -> Malaysia | B90: ='Sovereign Ratings (Moody''s,S&P)'!C90 -> A3 | C90: =VLOOKUP(A90,$H$24:$J$111,2,FALSE) -> 0.01 | D90: =IF(C90="NA","NA",IF(C90>$C$153,C90-$C$153,0)) -> 0.0057 | H90: Russia | I90: NA | J90: NA
A91: ='Sovereign Ratings (Moody''s,S&P)'!A91 -> Maldives | B91: ='Sovereign Ratings (Moody''s,S&P)'!C91 -> Caa1 | C91: NA | D91: =IF(C91="NA","NA",IF(C91>$C$153,C91-$C$153,0)) -> NA | H91: Rwanda | I91: 0.0519 | J91: =IF(I91<$I$107,0,I91-$I$107) -> 0.0476
A92: ='Sovereign Ratings (Moody''s,S&P)'!A92 -> Mali | B92: ='Sovereign Ratings (Moody''s,S&P)'!C92 -> Caa2 | C92: NA | D92: =IF(C92="NA","NA",IF(C92>$C$153,C92-$C$153,0)) -> NA | H92: Saudi Arabia | I92: 0.0089 | J92: =IF(I92<$I$107,0,I92-$I$107) -> 0.0046
A93: ='Sovereign Ratings (Moody''s,S&P)'!A93 -> Malta | B93: ='Sovereign Ratings (Moody''s,S&P)'!C93 -> A2 | C93: NA | D93: =IF(C93="NA","NA",IF(C93>$C$153,C93-$C$153,0)) -> NA | H93: Senegal | I93: 0.0539 | J93: =IF(I93<$I$107,0,I93-$I$107) -> 0.0496
A94: ='Sovereign Ratings (Moody''s,S&P)'!A94 -> Mauritius | B94: ='Sovereign Ratings (Moody''s,S&P)'!C94 -> Baa3 | C94: NA | D94: =IF(C94="NA","NA",IF(C94>$C$153,C94-$C$153,0)) -> NA | H94: Serbia | I94: 0.0277 | J94: =IF(I94<$I$107,0,I94-$I$107) -> 0.0234
A95: ='Sovereign Ratings (Moody''s,S&P)'!A95 -> Mexico | B95: ='Sovereign Ratings (Moody''s,S&P)'!C95 -> Baa2 | C95: =VLOOKUP(A95,$H$24:$J$111,2,FALSE) -> 0.0188 | D95: =IF(C95="NA","NA",IF(C95>$C$153,C95-$C$153,0)) -> 0.0145 | H95: Slovakia | I95: 0.0054 | J95: =IF(I95<$I$107,0,I95-$I$107) -> 0.0011
A96: ='Sovereign Ratings (Moody''s,S&P)'!A96 -> Moldova | B96: ='Sovereign Ratings (Moody''s,S&P)'!C96 -> B3 | C96: NA | D96: =IF(C96="NA","NA",IF(C96>$C$153,C96-$C$153,0)) -> NA | H96: Slovenia | I96: 0.0071 | J96: =IF(I96<$I$107,0,I96-$I$107) -> 0.0028
A97: ='Sovereign Ratings (Moody''s,S&P)'!A97 -> Mongolia | B97: ='Sovereign Ratings (Moody''s,S&P)'!C97 -> B3 | C97: NA | D97: =IF(C97="NA","NA",IF(C97>$C$153,C97-$C$153,0)) -> NA | H97: South Africa | I97: 0.0371 | J97: =IF(I97<$I$107,0,I97-$I$107) -> 0.0328
A98: ='Sovereign Ratings (Moody''s,S&P)'!A98 -> Montenegro | B98: ='Sovereign Ratings (Moody''s,S&P)'!C98 -> B1 | C98: NA | D98: =IF(C98="NA","NA",IF(C98>$C$153,C98-$C$153,0)) -> NA | H98: Spain | I98: 0.0079 | J98: =IF(I98<$I$107,0,I98-$I$107) -> 0.0036
A99: ='Sovereign Ratings (Moody''s,S&P)'!A99 -> Montserrat | B99: ='Sovereign Ratings (Moody''s,S&P)'!C99 -> Baa3 | C99: NA | D99: =IF(C99="NA","NA",IF(C99>$C$153,C99-$C$153,0)) -> NA | H99: Sri Lanka | I99: NA | J99: NA
A100: ='Sovereign Ratings (Moody''s,S&P)'!A100 -> Morocco | B100: ='Sovereign Ratings (Moody''s,S&P)'!C100 -> Ba1 | C100: =VLOOKUP(A100,$H$24:$J$111,2,FALSE) -> 0.0195 | D100: =IF(C100="NA","NA",IF(C100>$C$153,C100-$C$153,0)) -> 0.0152 | H100: Sweden | I100: 0.0024 | J100: =IF(I100<$I$107,0,I100-$I$107) -> 0
...

Sheet Equity vs Govt Bond vol
A1: Date: | B1: 43131
A3: Country | B3: Std deviation in Equities (weekly) | C3: sBond | D3: sEquity/ sBond | E3: s (CDS) | F3: CDS | G3: CV(CDS) | H3: sEquity/ sCDS
A4: Algeria | B4: NA | C4: NA | D4: =IF(C4="NA","NA",IF(B4="NA","NA",B4/C4)) -> NA | E4: 0.0017 | F4: 0.011 | G4: =IF(F4="NA","NA",E4/F4) -> 0.15454545 | H4: =IF(G4="NA","NA",IF(B4="NA","NA",B4/G4)) -> NA
A5: Angola | B5: NA | C5: NA | D5: =IF(C5="NA","NA",IF(B5="NA","NA",B5/C5)) -> NA | E5: 0.0068 | F5: 0.075 | G5: =IF(F5="NA","NA",E5/F5) -> 0.090666667 | H5: =IF(G5="NA","NA",IF(B5="NA","NA",B5/G5)) -> NA
A6: Argentina | B6: 0.5316 | C6: NA | D6: =IF(C6="NA","NA",IF(B6="NA","NA",B6/C6)) -> NA | E6: 0.037 | F6: 0.1955 | G6: =IF(F6="NA","NA",E6/F6) -> 0.18925831 | H6: =IF(G6="NA","NA",IF(B6="NA","NA",B6/G6)) -> 2.8088595
A7: Bahrain | B7: 0.1276 | C7: NA | D7: =IF(C7="NA","NA",IF(B7="NA","NA",B7/C7)) -> NA | E7: 0.0045 | F7: 0.0318 | G7: =IF(F7="NA","NA",E7/F7) -> 0.14150943 | H7: =IF(G7="NA","NA",IF(B7="NA","NA",B7/G7)) -> 0.90170667
A8: Bangladesh | B8: 0.1355 | C8: NA | D8: =IF(C8="NA","NA",IF(B8="NA","NA",B8/C8)) -> NA | E8: NA | F8: NA | G8: =IF(F8="NA","NA",E8/F8) -> NA | H8: =IF(G8="NA","NA",IF(B8="NA","NA",B8/G8)) -> NA
A9: Bosnia | B9: 0.1569 | C9: NA | D9: =IF(C9="NA","NA",IF(B9="NA","NA",B9/C9)) -> NA | E9: NA | F9: NA | G9: =IF(F9="NA","NA",E9/F9) -> NA | H9: =IF(G9="NA","NA",IF(B9="NA","NA",B9/G9)) -> NA
A10: Botswana | B10: 0.0291 | C10: NA | D10: =IF(C10="NA","NA",IF(B10="NA","NA",B10/C10)) -> NA | E10: NA | F10: NA | G10: =IF(F10="NA","NA",E10/F10) -> NA | H10: =IF(G10="NA","NA",IF(B10="NA","NA",B10/G10)) -> NA
A11: Brazil | B11: 0.4537 | C11: 0.2662 | D11: =IF(C11="NA","NA",IF(B11="NA","NA",B11/C11)) -> 1.7043576 | E11: 0.0038 | F11: 0.0215 | G11: =IF(F11="NA","NA",E11/F11) -> 0.17674419 | H11: =IF(G11="NA","NA",IF(B11="NA","NA",B11/G11)) -> 2.5669868
A12: Bulgaria | B12: 0.198 | C12: 0.0537 | D12: =IF(C12="NA","NA",IF(B12="NA","NA",B12/C12)) -> 3.6871508 | E12: 0.0043 | F12: 0.007 | G12: =IF(F12="NA","NA",E12/F12) -> 0.61428571 | H12: =IF(G12="NA","NA",IF(B12="NA","NA",B12/G12)) -> 0.32232558
A13: Cameroon | B13: NA | C13: NA | D13: =IF(C13="NA","NA",IF(B13="NA","NA",B13/C13)) -> NA | E13: 0.0034 | F13: 0.0587 | G13: =IF(F13="NA","NA",E13/F13) -> 0.057921635 | H13: =IF(G13="NA","NA",IF(B13="NA","NA",B13/G13)) -> NA
A14: Chile | B14: 0.3537 | C14: 0.3158 | D14: =IF(C14="NA","NA",IF(B14="NA","NA",B14/C14)) -> 1.1200127 | E14: 0.0031 | F14: 0.009 | G14: =IF(F14="NA","NA",E14/F14) -> 0.34444444 | H14: =IF(G14="NA","NA",IF(B14="NA","NA",B14/G14)) -> 1.026871
A15: China | B15: 0.2506 | C15: NA | D15: =IF(C15="NA","NA",IF(B15="NA","NA",B15/C15)) -> NA | E15: 0.0051 | F15: 0.0056 | G15: =IF(F15="NA","NA",E15/F15) -> 0.91071429 | H15: =IF(G15="NA","NA",IF(B15="NA","NA",B15/G15)) -> 0.27516863
A16: Colombia | B16: 0.3717 | C16: 0.3113 | D16: =IF(C16="NA","NA",IF(B16="NA","NA",B16/C16)) -> 1.1940251 | E16: 0.0041 | F16: 0.0152 | G16: =IF(F16="NA","NA",E16/F16) -> 0.26973684 | H16: =IF(G16="NA","NA",IF(B16="NA","NA",B16/G16)) -> 1.3780098
A17: Costa Rica | B17: 0.1985 | C17: NA | D17: =IF(C17="NA","NA",IF(B17="NA","NA",B17/C17)) -> NA | E17: 0.0039 | F17: 0.0613 | G17: =IF(F17="NA","NA",E17/F17) -> 0.063621533 | H17: =IF(G17="NA","NA",IF(B17="NA","NA",B17/G17)) -> 3.1200128
A18: Croatia | B18: 0.2253 | C18: NA | D18: =IF(C18="NA","NA",IF(B18="NA","NA",B18/C18)) -> NA | E18: 0.0035 | F18: 0.0128 | G18: =IF(F18="NA","NA",E18/F18) -> 0.2734375 | H18: =IF(G18="NA","NA",IF(B18="NA","NA",B18/G18)) -> 0.82395429
A19: Cyprus | B19: 0.1912 | C19: 0.0483 | D19: =IF(C19="NA","NA",IF(B19="NA","NA",B19/C19)) -> 3.9585921 | E19: 0.0049 | F19: 0.0119 | G19: =IF(F19="NA","NA",E19/F19) -> 0.41176471 | H19: =IF(G19="NA","NA",IF(B19="NA","NA",B19/G19)) -> 0.46434286
A20: Czech Republic | B20: 0.2516 | C20: 0.0464 | D20: =IF(C20="NA","NA",IF(B20="NA","NA",B20/C20)) -> 5.4224138 | E20: 0.0043 | F20: 0.0051 | G20: =IF(F20="NA","NA",E20/F20) -> 0.84313725 | H20: =IF(G20="NA","NA",IF(B20="NA","NA",B20/G20)) -> 0.2984093
A21: Egypt | B21: 0.2549 | C21: NA | D21: =IF(C21="NA","NA",IF(B21="NA","NA",B21/C21)) -> NA | E21: 0.0037 | F21: 0.0408 | G21: =IF(F21="NA","NA",E21/F21) -> 0.090686275 | H21: =IF(G21="NA","NA",IF(B21="NA","NA",B21/G21)) -> 2.8107892
A22: El Salvador | B22: NA | C22: NA | D22: =IF(C22="NA","NA",IF(B22="NA","NA",B22/C22)) -> NA | E22: 0.005 | F22: 0.0778 | G22: =IF(F22="NA","NA",E22/F22) -> 0.064267352 | H22: =IF(G22="NA","NA",IF(B22="NA","NA",B22/G22)) -> NA
A23: Estonia | B23: 0.2067 | C23: NA | D23: =IF(C23="NA","NA",IF(B23="NA","NA",B23/C23)) -> NA | E23: 0.0052 | F23: 0.007 | G23: =IF(F23="NA","NA",E23/F23) -> 0.74285714 | H23: =IF(G23="NA","NA",IF(B23="NA","NA",B23/G23)) -> 0.27825
A24: Ghana | B24: 0.1293 | C24: NA | D24: =IF(C24="NA","NA",IF(B24="NA","NA",B24/C24)) -> NA | E24: 0.0054 | F24: 0.0508 | G24: =IF(F24="NA","NA",E24/F24) -> 0.10629921 | H24: =IF(G24="NA","NA",IF(B24="NA","NA",B24/G24)) -> 1.2163778
A25: Greece | B25: 0.4344 | C25: 0.2637 | D25: =IF(C25="NA","NA",IF(B25="NA","NA",B25/C25)) -> 1.6473265 | E25: 0.0033 | F25: 0.0161 | G25: =IF(F25="NA","NA",E25/F25) -> 0.20496894 | H25: =IF(G25="NA","NA",IF(B25="NA","NA",B25/G25)) -> 2.1193455
A26: Guatemela | B26: NA | C26: NA | D26: =IF(C26="NA","NA",IF(B26="NA","NA",B26/C26)) -> NA | E26: 0.0027 | F26: 0.0215 | G26: =IF(F26="NA","NA",E26/F26) -> 0.1255814 | H26: =IF(G26="NA","NA",IF(B26="NA","NA",B26/G26)) -> NA
A27: Hungary | B27: 0.2953 | C27: 0.3176 | D27: =IF(C27="NA","NA",IF(B27="NA","NA",B27/C27)) -> 0.92978589 | E27: 0.0022 | F27: 0.0094 | G27: =IF(F27="NA","NA",E27/F27) -> 0.23404255 | H27: =IF(G27="NA","NA",IF(B27="NA","NA",B27/G27)) -> 1.2617364
A28: India | B28: 0.3313 | C28: 0.1074 | D28: =IF(C28="NA","NA",IF(B28="NA","NA",B28/C28)) -> 3.08473 | E28: 0.0038 | F28: 0.0124 | G28: =IF(F28="NA","NA",E28/F28) -> 0.30645161 | H28: =IF(G28="NA","NA",IF(B28="NA","NA",B28/G28)) -> 1.0810842
A29: Indonesia | B29: 0.2723 | C29: 0.1394 | D29: =IF(C29="NA","NA",IF(B29="NA","NA",B29/C29)) -> 1.9533716 | E29: 0.0041 | F29: 0.0128 | G29: =IF(F29="NA","NA",E29/F29) -> 0.3203125 | H29: =IF(G29="NA","NA",IF(B29="NA","NA",B29/G29)) -> 0.85010732
A30: Iraq | B30: NA | C30: NA | D30: =IF(C30="NA","NA",IF(B30="NA","NA",B30/C30)) -> NA | E30: 0.0047 | F30: 0.0698 | G30: =IF(F30="NA","NA",E30/F30) -> 0.067335244 | H30: =IF(G30="NA","NA",IF(B30="NA","NA",B30/G30)) -> NA
A31: Israel | B31: 0.2663 | C31: 0.4743 | D31: =IF(C31="NA","NA",IF(B31="NA","NA",B31/C31)) -> 0.56145899 | E31: 0.0032 | F31: 0.0077 | G31: =IF(F31="NA","NA",E31/F31) -> 0.41558442 | H31: =IF(G31="NA","NA",IF(B31="NA","NA",B31/G31)) -> 0.64078437
A32: Italy | B32: 0.3316 | C32: 0.1555 | D32: =IF(C32="NA","NA",IF(B32="NA","NA",B32/C32)) -> 2.1324759 | E32: 0.0035 | F32: 0.0143 | G32: =IF(F32="NA","NA",E32/F32) -> 0.24475524 | H32: =IF(G32="NA","NA",IF(B32="NA","NA",B32/G32)) -> 1.3548229
A33: Jamaica | B33: 0.0881 | C33: NA | D33: =IF(C33="NA","NA",IF(B33="NA","NA",B33/C33)) -> NA | E33: NA | F33: NA | G33: =IF(F33="NA","NA",E33/F33) -> NA | H33: =IF(G33="NA","NA",IF(B33="NA","NA",B33/G33)) -> NA
A34: Jordan | B34: 0.0977 | C34: NA | D34: =IF(C34="NA","NA",IF(B34="NA","NA",B34/C34)) -> NA | E34: NA | F34: NA | G34: =IF(F34="NA","NA",E34/F34) -> NA | H34: =IF(G34="NA","NA",IF(B34="NA","NA",B34/G34)) -> NA
A35: Kazakhastan | B35: NA | C35: NA | D35: =IF(C35="NA","NA",IF(B35="NA","NA",B35/C35)) -> NA | E35: 0.0032 | F35: 0.0099 | G35: =IF(F35="NA","NA",E35/F35) -> 0.32323232 | H35: =IF(G35="NA","NA",IF(B35="NA","NA",B35/G35)) -> NA
A36: Kenya | B36: 0.1939 | C36: NA | D36: =IF(C36="NA","NA",IF(B36="NA","NA",B36/C36)) -> NA | E36: 0.0034 | F36: 0.0406 | G36: =IF(F36="NA","NA",E36/F36) -> 0.083743842 | H36: =IF(G36="NA","NA",IF(B36="NA","NA",B36/G36)) -> 2.3153941
A37: Kuwait | B37: 0.286 | C37: NA | D37: =IF(C37="NA","NA",IF(B37="NA","NA",B37/C37)) -> NA | E37: 0.0025 | F37: 0.0075 | G37: =IF(F37="NA","NA",E37/F37) -> 0.33333333 | H37: =IF(G37="NA","NA",IF(B37="NA","NA",B37/G37)) -> 0.858
A38: Laos | B38: 0.0915 | C38: NA | D38: =IF(C38="NA","NA",IF(B38="NA","NA",B38/C38)) -> NA | E38: NA | F38: NA | G38: =IF(F38="NA","NA",E38/F38) -> NA | H38: =IF(G38="NA","NA",IF(B38="NA","NA",B38/G38)) -> NA
A39: Latvia | B39: 0.2592 | C39: NA | D39: =IF(C39="NA","NA",IF(B39="NA","NA",B39/C39)) -> NA | E39: 0.0011 | F39: 0.0093 | G39: =IF(F39="NA","NA",E39/F39) -> 0.11827957 | H39: =IF(G39="NA","NA",IF(B39="NA","NA",B39/G39)) -> 2.1914182
A40: Lebanon | B40: 0.1514 | C40: 0.1299 | D40: =IF(C40="NA","NA",IF(B40="NA","NA",B40/C40)) -> 1.1655119 | E40: NA | F40: NA | G40: =IF(F40="NA","NA",E40/F40) -> NA | H40: =IF(G40="NA","NA",IF(B40="NA","NA",B40/G40)) -> NA
A41: Lithuania | B41: 0.1649 | C41: 0.1698 | D41: =IF(C41="NA","NA",IF(B41="NA","NA",B41/C41)) -> 0.97114252 | E41: 0.0012 | F41: 0.009 | G41: =IF(F41="NA","NA",E41/F41) -> 0.13333333 | H41: =IF(G41="NA","NA",IF(B41="NA","NA",B41/G41)) -> 1.23675
A42: Macedonia | B42: 0.2553 | C42: NA | D42: =IF(C42="NA","NA",IF(B42="NA","NA",B42/C42)) -> NA | E42: NA | F42: NA | G42: =IF(F42="NA","NA",E42/F42) -> NA | H42: =IF(G42="NA","NA",IF(B42="NA","NA",B42/G42)) -> NA
A43: Malaysia | B43: 0.1959 | C43: 0.0704 | D43: =IF(C43="NA","NA",IF(B43="NA","NA",B43/C43)) -> 2.7826705 | E43: 0.0045 | F43: 0.007 | G43: =IF(F43="NA","NA",E43/F43) -> 0.64285714 | H43: =IF(G43="NA","NA",IF(B43="NA","NA",B43/G43)) -> 0.30473333
A44: Malta | B44: 0.143 | C44: NA | D44: =IF(C44="NA","NA",IF(B44="NA","NA",B44/C44)) -> NA | E44: NA | F44: NA | G44: =IF(F44="NA","NA",E44/F44) -> NA | H44: =IF(G44="NA","NA",IF(B44="NA","NA",B44/G44)) -> NA
A45: Mauritius | B45: 0.2346 | C45: NA | D45: =IF(C45="NA","NA",IF(B45="NA","NA",B45/C45)) -> NA | E45: NA | F45: NA | G45: =IF(F45="NA","NA",E45/F45) -> NA | H45: =IF(G45="NA","NA",IF(B45="NA","NA",B45/G45)) -> NA
A46: Mexico | B46: 0.2512 | C46: 0.1721 | D46: =IF(C46="NA","NA",IF(B46="NA","NA",B46/C46)) -> 1.4596165 | E46: 0.0043 | F46: 0.0145 | G46: =IF(F46="NA","NA",E46/F46) -> 0.29655172 | H46: =IF(G46="NA","NA",IF(B46="NA","NA",B46/G46)) -> 0.84706977
A47: Mongolia | B47: 0.1899 | C47: NA | D47: =IF(C47="NA","NA",IF(B47="NA","NA",B47/C47)) -> NA | E47: NA | F47: NA | G47: =IF(F47="NA","NA",E47/F47) -> NA | H47: =IF(G47="NA","NA",IF(B47="NA","NA",B47/G47)) -> NA
A48: Montenegro | B48: 0.163 | C48: NA | D48: =IF(C48="NA","NA",IF(B48="NA","NA",B48/C48)) -> NA | E48: NA | F48: NA | G48: =IF(F48="NA","NA",E48/F48) -> NA | H48: =IF(G48="NA","NA",IF(B48="NA","NA",B48/G48)) -> NA
A49: Morocco | B49: 0.2015 | C49: NA | D49: =IF(C49="NA","NA",IF(B49="NA","NA",B49/C49)) -> NA | E49: 0.0036 | F49: 0.0156 | G49: =IF(F49="NA","NA",E49/F49) -> 0.23076923 | H49: =IF(G49="NA","NA",IF(B49="NA","NA",B49/G49)) -> 0.87316667
A50: Namibia | B50: 0.0895 | C50: NA | D50: =IF(C50="NA","NA",IF(B50="NA","NA",B50/C50)) -> NA | E50: NA | F50: NA | G50: =IF(F50="NA","NA",E50/F50) -> NA | H50: =IF(G50="NA","NA",IF(B50="NA","NA",B50/G50)) -> NA
A51: Nigeria | B51: 0.1829 | C51: 0.2056 | D51: =IF(C51="NA","NA",IF(B51="NA","NA",B51/C51)) -> 0.88959144 | E51: 0.004 | F51: 0.0359 | G51: =IF(F51="NA","NA",E51/F51) -> 0.11142061 | H51: =IF(G51="NA","NA",IF(B51="NA","NA",B51/G51)) -> 1.6415275
A52: Oman | B52: 0.1135 | C52: NA | D52: =IF(C52="NA","NA",IF(B52="NA","NA",B52/C52)) -> NA | E52: 0.0032 | F52: 0.039 | G52: =IF(F52="NA","NA",E52/F52) -> 0.082051282 | H52: =IF(G52="NA","NA",IF(B52="NA","NA",B52/G52)) -> 1.3832813
A53: Pakistan | B53: 0.2657 | C53: 0.1404 | D53: =IF(C53="NA","NA",IF(B53="NA","NA",B53/C53)) -> 1.8924501 | E53: 0.0027 | F53: 0.0451 | G53: =IF(F53="NA","NA",E53/F53) -> 0.059866962 | H53: =IF(G53="NA","NA",IF(B53="NA","NA",B53/G53)) -> 4.4381741
A54: Palestine | B54: 0.0835 | C54: NA | D54: =IF(C54="NA","NA",IF(B54="NA","NA",B54/C54)) -> NA | E54: NA | F54: NA | G54: =IF(F54="NA","NA",E54/F54) -> NA | H54: =IF(G54="NA","NA",IF(B54="NA","NA",B54/G54)) -> NA
A55: Panama | B55: 0.1082 | C55: NA | D55: =IF(C55="NA","NA",IF(B55="NA","NA",B55/C55)) -> NA | E55: 0.0032 | F55: 0.0095 | G55: =IF(F55="NA","NA",E55/F55) -> 0.33684211 | H55: =IF(G55="NA","NA",IF(B55="NA","NA",B55/G55)) -> 0.32121875
A56: Peru | B56: 0.2156 | C56: 0.2477 | D56: =IF(C56="NA","NA",IF(B56="NA","NA",B56/C56)) -> 0.87040775 | E56: 0.0032 | F56: 0.0104 | G56: =IF(F56="NA","NA",E56/F56) -> 0.30769231 | H56: =IF(G56="NA","NA",IF(B56="NA","NA",B56/G56)) -> 0.7007
A57: Philippines | B57: 0.3362 | C57: 0.2983 | D57: =IF(C57="NA","NA",IF(B57="NA","NA",B57/C57)) -> 1.1270533 | E57: 0.0042 | F57: 0.0067 | G57: =IF(F57="NA","NA",E57/F57) -> 0.62686567 | H57: =IF(G57="NA","NA",IF(B57="NA","NA",B57/G57)) -> 0.53631905
A58: Qatar | B58: 0.1863 | C58: NA | D58: =IF(C58="NA","NA",IF(B58="NA","NA",B58/C58)) -> NA | E58: 0.0045 | F58: 0.0074 | G58: =IF(F58="NA","NA",E58/F58) -> 0.60810811 | H58: =IF(G58="NA","NA",IF(B58="NA","NA",B58/G58)) -> 0.30636
A59: Romania | B59: 0.2424 | C59: 0.2364 | D59: =IF(C59="NA","NA",IF(B59="NA","NA",B59/C59)) -> 1.0253807 | E59: 0.0043 | F59: 0.0122 | G59: =IF(F59="NA","NA",E59/F59) -> 0.35245902 | H59: =IF(G59="NA","NA",IF(B59="NA","NA",B59/G59)) -> 0.68773953
A60: Russia | B60: 0.2591 | C60: 0.1726 | D60: =IF(C60="NA","NA",IF(B60="NA","NA",B60/C60)) -> 1.5011587 | E60: 0.0056 | F60: 0.0147 | G60: =IF(F60="NA","NA",E60/F60) -> 0.38095238 | H60: =IF(G60="NA","NA",IF(B60="NA","NA",B60/G60)) -> 0.6801375
A61: Rwanda | B61: NA | C61: NA | D61: =IF(C61="NA","NA",IF(B61="NA","NA",B61/C61)) -> NA | E61: 0.0047 | F61: 0.0372 | G61: =IF(F61="NA","NA",E61/F61) -> 0.12634409 | H61: =IF(G61="NA","NA",IF(B61="NA","NA",B61/G61)) -> NA
A62: Saudi Arabia | B62: 0.1796 | C62: 0.2796 | D62: =IF(C62="NA","NA",IF(B62="NA","NA",B62/C62)) -> 0.64234621 | E62: 0.0047 | F62: 0.0112 | G62: =IF(F62="NA","NA",E62/F62) -> 0.41964286 | H62: =IF(G62="NA","NA",IF(B62="NA","NA",B62/G62)) -> 0.42798298
A63: Senegal | B63: NA | C63: NA | D63: =IF(C63="NA","NA",IF(B63="NA","NA",B63/C63)) -> NA | E63: 0.0054 | F63: 0.0294 | G63: =IF(F63="NA","NA",E63/F63) -> 0.18367347 | H63: =IF(G63="NA","NA",IF(B63="NA","NA",B63/G63)) -> NA
A64: Serbia | B64: 0.1074 | C64: NA | D64: =IF(C64="NA","NA",IF(B64="NA","NA",B64/C64)) -> NA | E64: 0.0016 | F64: 0.0161 | G64: =IF(F64="NA","NA",E64/F64) -> 0.099378882 | H64: =IF(G64="NA","NA",IF(B64="NA","NA",B64/G64)) -> 1.0807125
A65: Singapore | B65: 0.2275 | C65: NA | D65: =IF(C65="NA","NA",IF(B65="NA","NA",B65/C65)) -> NA | E65: NA | F65: NA | G65: =IF(F65="NA","NA",E65/F65) -> NA | H65: =IF(G65="NA","NA",IF(B65="NA","NA",B65/G65)) -> NA
A66: Slovakia | B66: 0.2107 | C66: NA | D66: =IF(C66="NA","NA",IF(B66="NA","NA",B66/C66)) -> NA | E66: 0.0022 | F66: 0.0079 | G66: =IF(F66="NA","NA",E66/F66) -> 0.27848101 | H66: =IF(G66="NA","NA",IF(B66="NA","NA",B66/G66)) -> 0.75660455
A67: Slovenia | B67: 0.2075 | C67: 0.05 | D67: =IF(C67="NA","NA",IF(B67="NA","NA",B67/C67)) -> 4.15 | E67: 0.0021 | F67: 0.0106 | G67: =IF(F67="NA","NA",E67/F67) -> 0.19811321 | H67: =IF(G67="NA","NA",IF(B67="NA","NA",B67/G67)) -> 1.047381
A68: South Africa | B68: 0.2999 | C68: 0.1786 | D68: =IF(C68="NA","NA",IF(B68="NA","NA",B68/C68)) -> 1.6791713 | E68: 0.0026 | F68: 0.0293 | G68: =IF(F68="NA","NA",E68/F68) -> 0.088737201 | H68: =IF(G68="NA","NA",IF(B68="NA","NA",B68/G68)) -> 3.3796423
A69: Sri Lanka | B69: 0.2671 | C69: NA | D69: =IF(C69="NA","NA",IF(B69="NA","NA",B69/C69)) -> NA | E69: 0.0048 | F69: 0.1219 | G69: =IF(F69="NA","NA",E69/F69) -> 0.039376538 | H69: =IF(G69="NA","NA",IF(B69="NA","NA",B69/G69)) -> 6.7832271
A70: Taiwan | B70: 0.2151 | C70: NA | D70: =IF(C70="NA","NA",IF(B70="NA","NA",B70/C70)) -> NA | E70: NA | F70: NA | G70: =IF(F70="NA","NA",E70/F70) -> NA | H70: =IF(G70="NA","NA",IF(B70="NA","NA",B70/G70)) -> NA
A71: Tanzania | B71: 0.1061 | C71: NA | D71: =IF(C71="NA","NA",IF(B71="NA","NA",B71/C71)) -> NA | E71: NA | F71: NA | G71: =IF(F71="NA","NA",E71/F71) -> NA | H71: =IF(G71="NA","NA",IF(B71="NA","NA",B71/G71)) -> NA
A72: Thailand | B72: 0.3012 | C72: 0.3101 | D72: =IF(C72="NA","NA",IF(B72="NA","NA",B72/C72)) -> 0.97129958 | E72: 0.0037 | F72: 0.0062 | G72: =IF(F72="NA","NA",E72/F72) -> 0.59677419 | H72: =IF(G72="NA","NA",IF(B72="NA","NA",B72/G72)) -> 0.50471351
A73: Tunisia | B73: 0.1057 | C73: NA | D73: =IF(C73="NA","NA",IF(B73="NA","NA",B73/C73)) -> NA | E73: 0.0048 | F73: 0.0485 | G73: =IF(F73="NA","NA",E73/F73) -> 0.098969072 | H73: =IF(G73="NA","NA",IF(B73="NA","NA",B73/G73)) -> 1.0680104
A74: Turkey | B74: 0.263 | C74: 0.1622 | D74: =IF(C74="NA","NA",IF(B74="NA","NA",B74/C74)) -> 1.621455 | E74: 0.0052 | F74: 0.0331 | G74: =IF(F74="NA","NA",E74/F74) -> 0.1570997 | H74: =IF(G74="NA","NA",IF(B74="NA","NA",B74/G74)) -> 1.6740962
A75: UAE | B75: 0.282 | C75: NA | D75: =IF(C75="NA","NA",IF(B75="NA","NA",B75/C75)) -> NA | E75: NA | F75: NA | G75: =IF(F75="NA","NA",E75/F75) -> NA | H75: =IF(G75="NA","NA",IF(B75="NA","NA",B75/G75)) -> NA
A76: Ukraine | B76: 0.0597 | C76: 0.1334 | D76: =IF(C76="NA","NA",IF(B76="NA","NA",B76/C76)) -> 0.44752624 | E76: 0.0036 | F76: 0.0418 | G76: =IF(F76="NA","NA",E76/F76) -> 0.086124402 | H76: =IF(G76="NA","NA",IF(B76="NA","NA",B76/G76)) -> 0.69318333
A77: Uruguay | B77: NA | C77: NA | D77: =IF(C77="NA","NA",IF(B77="NA","NA",B77/C77)) -> NA | E77: 0.0058 | F77: 0.0127 | G77: =IF(F77="NA","NA",E77/F77) -> 0.45669291 | H77: =IF(G77="NA","NA",IF(B77="NA","NA",B77/G77)) -> NA
A78: US | B78: 0.3385 | C78: NA | D78: =IF(C78="NA","NA",IF(B78="NA","NA",B78/C78)) -> NA | E78: NA | F78: NA | G78: =IF(F78="NA","NA",E78/F78) -> NA | H78: =IF(G78="NA","NA",IF(B78="NA","NA",B78/G78)) -> NA
A79: Venezuela | B79: 0.6498 | C79: NA | D79: =IF(C79="NA","NA",IF(B79="NA","NA",B79/C79)) -> NA | E79: NA | F79: NA | G79: =IF(F79="NA","NA",E79/F79) -> NA | H79: =IF(G79="NA","NA",IF(B79="NA","NA",B79/G79)) -> NA
A80: Vietnam | B80: 0.2612 | C80: NA | D80: =IF(C80="NA","NA",IF(B80="NA","NA",B80/C80)) -> NA | E80: 0.0032 | F80: 0.0149 | G80: =IF(F80="NA","NA",E80/F80) -> 0.2147651 | H80: =IF(G80="NA","NA",IF(B80="NA","NA",B80/G80)) -> 1.2162125
A81: Zambia | B81: NA | C81: NA | D81: =IF(C81="NA","NA",IF(B81="NA","NA",B81/C81)) -> NA | E81: 0.0054 | F81: NA | G81: =IF(F81="NA","NA",E81/F81) -> NA | H81: =IF(G81="NA","NA",IF(B81="NA","NA",B81/G81)) -> NA
A82: Average | D82: =AVERAGE(D4:D81) -> 1.8068744 | H82: =AVERAGE(H4:H81) -> 1.3522064
A83: Median | D83: =MEDIAN(D4:D81) -> 1.4803876 | H83: =MEDIAN(H4:H81) -> 1.026871
A84: Median | D84: =MEDIAN(D4:D83) -> 1.4907732 | H84: =MEDIAN(H4:H83) -> 1.026871

Sheet Country GDP
A1: Country | B1: GDP (in millions) in 2022 | E1: Country Name | F1: 2022
A2: Abu Dhabi | B2: 299500 | E2: Afghanistan | F2: 14583.135
A3: Albania | B3: =VLOOKUP(A3,$E$2:$F$214,2,FALSE) -> 18882.096 | C3: Source: | D3: World Bank | E3: Africa Eastern and Southern | F3: 1169483.7
A4: Andorra (Principality of) | B4: 3330 | C4: Year | D4: 2022 | E4: Africa Western and Central | F4: 877863.28
A5: Angola | B5: =VLOOKUP(A5,$E$2:$F$214,2,FALSE) -> 106713.62 | E5: Albania | F5: 18882.096
A6: Argentina | B6: =VLOOKUP(A6,$E$2:$F$214,2,FALSE) -> 632770.28 | E6: Algeria | F6: 191912.89
A7: Armenia | B7: =VLOOKUP(A7,$E$2:$F$214,2,FALSE) -> 19502.784 | E7: American Samoa | F7: 709
A8: Aruba | B8: =VLOOKUP(A8,$E$2:$F$214,2,FALSE) -> 3126.0194 | E8: Andorra | F8: 3352.0327
A9: Australia | B9: =VLOOKUP(A9,$E$2:$F$214,2,FALSE) -> 1675418.7 | E9: Angola | F9: 106713.62
A10: Austria | B10: =VLOOKUP(A10,$E$2:$F$214,2,FALSE) -> 471400.07 | E10: Antigua and Barbuda | F10: 1757.6037
A11: Azerbaijan | B11: =VLOOKUP(A11,$E$2:$F$214,2,FALSE) -> 78721.059 | E11: Arab World | F11: 3557557.3
A12: Bahamas | B12: 11210 | E12: Argentina | F12: 632770.28
A13: Bahrain | B13: =VLOOKUP(A13,$E$2:$F$214,2,FALSE) -> 44390.82 | E13: Armenia | F13: 19502.784
A14: Bangladesh | B14: =VLOOKUP(A14,$E$2:$F$214,2,FALSE) -> 460201 | E14: Aruba | F14: 3126.0194
A15: Barbados | B15: =VLOOKUP(A15,$E$2:$F$214,2,FALSE) -> 5637.9145 | E15: Australia | F15: 1675418.7
A16: Belarus | B16: =VLOOKUP(A16,$E$2:$F$214,2,FALSE) -> 72793.458 | E16: Austria | F16: 471400.07
A17: Belgium | B17: =VLOOKUP(A17,$E$2:$F$214,2,FALSE) -> 578604.1 | E17: Azerbaijan | F17: 78721.059
A18: Belize | B18: =VLOOKUP(A18,$E$2:$F$214,2,FALSE) -> 2824.0818 | E18: Bahamas, The | F18: 12897.4
A19: Benin | B19: =VLOOKUP(A19,$E$2:$F$214,2,FALSE) -> 17401.746 | E19: Bahrain | F19: 44390.82
A20: Bermuda | B20: =VLOOKUP(A20,$E$2:$F$214,2,FALSE) -> 7550.5 | E20: Bangladesh | F20: 460201
A21: Bolivia | B21: =VLOOKUP(A21,$E$2:$F$214,2,FALSE) -> 43068.886 | E21: Barbados | F21: 5637.9145
A22: Bosnia and Herzegovina | B22: =VLOOKUP(A22,$E$2:$F$214,2,FALSE) -> 24527.507 | E22: Belarus | F22: 72793.458
A23: Botswana | B23: =VLOOKUP(A23,$E$2:$F$214,2,FALSE) -> 20352.322 | E23: Belgium | F23: 578604.1
A24: Brazil | B24: =VLOOKUP(A24,$E$2:$F$214,2,FALSE) -> 1920095.6 | E24: Belize | F24: 2824.0818
... A29: Canada | B29: =VLOOKUP(A29,$E$2:$F$214,2,FALSE) -> 2139840 | E29: Bosnia and Herzegovina | F29: 24527.507
A30: Cape Verde | B30: 1936 | E30: Botswana | F30: 20352.322
A31: Cayman Islands | B31: =VLOOKUP(A31,$E$2:$F$214,2,FALSE) -> 6028.3735 | E31: Brazil | F31: 1920095.6
A32: Chile | B32: =VLOOKUP(A32,$E$2:$F$214,2,FALSE) -> 301025.25 | E32: British Virgin Islands | F32: 0
A33: China | B33: =VLOOKUP(A33,$E$2:$F$214,2,FALSE) -> 17963171 | E33: Brunei Darussalam | F33: 16681.532
A34: Colombia | B34: =VLOOKUP(A34,$E$2:$F$214,2,FALSE) -> 343939.45 | E34: Bulgaria | F34: 89040.398
A35: Congo (Democratic Republic of) | B35: =F51 -> 58065.954 | E35: Burkina Faso | F35: 18884.62
A36: Congo (Republic of) | B36: 14616 | E36: Burundi | F36: 3073.4147
A37: Cook Islands | B37: 1414 | E37: Cabo Verde | F37: 2314.8168
A38: Costa Rica | B38: =VLOOKUP(A38,$E$2:$F$214,2,FALSE) -> 68380.838 | E38: Cambodia | F38: 29956.77
A39: Côte d'Ivoire | B39: =VLOOKUP(A39,$E$2:$F$214,2,FALSE) -> 70018.715 | E39: Cameroon | F39: 44341.647
A40: Croatia | B40: =VLOOKUP(A40,$E$2:$F$214,2,FALSE) -> 70964.606 | E40: Canada | F40: 2139840
A41: Cuba | B41: =VLOOKUP(A41,$E$2:$F$214,2,FALSE) -> 545217.9 | E41: Caribbean small states | F41: 92935.646
A42: Curacao | B42: =VLOOKUP(A42,$E$2:$F$214,2,FALSE) -> 2699.6125 | E42: Cayman Islands | F42: 6028.3735
A43: Cyprus | B43: =VLOOKUP(A43,$E$2:$F$214,2,FALSE) -> 28439.053 | E43: Central African Republic | F43: 2382.6186
A44: Czech Republic | B44: =F59 -> 290923.53 | E44: Central Europe and the Baltics | F44: 1946330.9
A45: Denmark | B45: =VLOOKUP(A45,$E$2:$F$214,2,FALSE) -> 395403.91 | E45: Chad | F45: 12704.15
A46: Dominican Republic | B46: =VLOOKUP(A46,$E$2:$F$214,2,FALSE) -> 113641.86 | E46: Channel Islands | F46: 11735.662
A47: Ecuador | B47: =VLOOKUP(A47,$E$2:$F$214,2,FALSE) -> 115049.48 | E47: Chile | F47: 301025.25
A48: Egypt | B48: =F69 -> 476747.72 | E48: China | F48: 17963171
A49: El Salvador | B49: =VLOOKUP(A49,$E$2:$F$214,2,FALSE) -> 32488.72 | E49: Colombia | F49: 343939.45
A50: Estonia | B50: =VLOOKUP(A50,$E$2:$F$214,2,FALSE) -> 38100.813 | E50: Comoros | F50: 1242.5194
A51: Ethiopia | B51: =VLOOKUP(A51,$E$2:$F$214,2,FALSE) -> 126783.47 | E51: Congo, Dem. Rep. | F51: 58065.954
A52: Fiji | B52: =VLOOKUP(A52,$E$2:$F$214,2,FALSE) -> 4943.2482 | E52: Congo, Rep. | F52: 14615.532
A53: Finland | B53: =VLOOKUP(A53,$E$2:$F$214,2,FALSE) -> 280825.96 | E53: Costa Rica | F53: 68380.838
A54: France | B54: =VLOOKUP(A54,$E$2:$F$214,2,FALSE) -> 2782905.3 | E54: Côte d'Ivoire | F54: 70018.715
A55: Gabon | B55: =VLOOKUP(A55,$E$2:$F$214,2,FALSE) -> 21071.739 | E55: Croatia | F55: 70964.606
A56: Georgia | B56: =VLOOKUP(A56,$E$2:$F$214,2,FALSE) -> 24605.375 | E56: Cuba | F56: 545217.9
A57: Germany | B57: =VLOOKUP(A57,$E$2:$F$214,2,FALSE) -> 4072191.7 | E57: Curacao | F57: 2699.6125
A58: Ghana | B58: =VLOOKUP(A58,$E$2:$F$214,2,FALSE) -> 72838.799 | E58: Cyprus | F58: 28439.053
A59: Greece | B59: =VLOOKUP(A59,$E$2:$F$214,2,FALSE) -> 219065.87 | E59: Czechia | F59: 290923.53
A60: Guatemala | B60: =VLOOKUP(A60,$E$2:$F$214,2,FALSE) -> 95003.333 | E60: Denmark | F60: 395403.91
A61: Guernsey (States of) | B61: 3446 | E61: Djibouti | F61: 3515.1091
A62: Honduras | B62: =VLOOKUP(A62,$E$2:$F$214,2,FALSE) -> 31717.7 | E62: Dominica | F62: 612.04815
A63: Hong Kong | B63: =F105 -> 359838.6 | E63: Dominican Republic | F63: 113641.86
A64: Hungary | B64: =VLOOKUP(A64,$E$2:$F$214,2,FALSE) -> 178788.57 | E64: Early-demographic dividend | F64: 14029514
A65: Iceland | B65: =VLOOKUP(A65,$E$2:$F$214,2,FALSE) -> 27841.648 | E65: East Asia & Pacific | F65: 30655246
A66: India | B66: =VLOOKUP(A66,$E$2:$F$214,2,FALSE) -> 3385089.9 | E66: East Asia & Pacific (excluding high income) | F66: 21189324
A67: Indonesia | B67: =VLOOKUP(A67,$E$2:$F$214,2,FALSE) -> 1319100.2 | E67: East Asia & Pacific (IDA & IBRD countries) | F67: 21162883
A68: Iraq | B68: =VLOOKUP(A68,$E$2:$F$214,2,FALSE) -> 264182.17 | E68: Ecuador | F68: 115049.48
A69: Ireland | B69: =VLOOKUP(A69,$E$2:$F$214,2,FALSE) -> 529244.87 | E69: Egypt, Arab Rep. | F69: 476747.72
A70: Isle of Man | B70: =VLOOKUP(A70,$E$2:$F$214,2,FALSE) -> 6684.2293 | E70: El Salvador | F70: 32488.72
A71: Israel | B71: =VLOOKUP(A71,$E$2:$F$214,2,FALSE) -> 522033.45 | E71: Equatorial Guinea | F71: 11813.908
A72: Italy | B72: =VLOOKUP(A72,$E$2:$F$214,2,FALSE) -> 2010431.6 | E72: Eritrea | F72: 0
A73: Jamaica | B73: =VLOOKUP(A73,$E$2:$F$214,2,FALSE) -> 17097.761 | E73: Estonia | F73: 38100.813
A74: Japan | B74: =VLOOKUP(A74,$E$2:$F$214,2,FALSE) -> 4231141.2 | E74: Eswatini | F74: 4854.1676
A75: Jersey (States of) | B75: 4890 | E75: Ethiopia | F75: 126783.47
A76: Jordan | B76: =VLOOKUP(A76,$E$2:$F$214,2,FALSE) -> 47451.5 | E76: Euro area | F76: 14040894
A77: Kazakhstan | B77: =VLOOKUP(A77,$E$2:$F$214,2,FALSE) -> 220623 | E77: Europe & Central Asia | F77: 25192038
A78: Kenya | B78: =VLOOKUP(A78,$E$2:$F$214,2,FALSE) -> 113420.01 | E78: Europe & Central Asia (excluding high income) | F78: 4124700
A79: Korea | B79: =F128 -> 1665245.5 | E79: Europe & Central Asia (IDA & IBRD countries) | F79: 5185102.8
A80: Kuwait | B80: =VLOOKUP(A80,$E$2:$F$214,2,FALSE) -> 184558.27 | E80: European Union | F80: 16641392
A81: Kyrgyzstan | B81: =F131 -> 10930.645 | E81: Faroe Islands | F81: 3649.8787
A82: Laos | B82: =F132 -> 15724.384 | E82: Fiji | F82: 4943.2482
A83: Latvia | B83: =VLOOKUP(A83,$E$2:$F$214,2,FALSE) -> 41153.913 | E83: Finland | F83: 280825.96
A84: Lebanon | B84: =VLOOKUP(A84,$E$2:$F$214,2,FALSE) -> 23131.942 | E84: Fragile and conflict affected situations | F84: 1891789.7
A85: Liechtenstein | B85: =VLOOKUP(A85,$E$2:$F$214,2,FALSE) -> 7186.4288 | E85: France | F85: 2782905.3
A86: Lithuania | B86: =VLOOKUP(A86,$E$2:$F$214,2,FALSE) -> 70334.299 | E86: French Polynesia | F86: 6080.3593
A87: Luxembourg | B87: =VLOOKUP(A87,$E$2:$F$214,2,FALSE) -> 82274.812 | E87: Gabon | F87: 21071.739
A88: Macao | B88: =F149 -> 21979.476 | E88: Gambia, The | F88: 2273.0609
A89: Macedonia | B89: =F182 -> 13563.132 | E89: Georgia | F89: 24605.375
A90: Malaysia | B90: =VLOOKUP(A90,$E$2:$F$214,2,FALSE) -> 406305.92 | E90: Germany | F90: 4072191.7
A91: Maldives | B91: =VLOOKUP(A91,$E$2:$F$214,2,FALSE) -> 6189.8654 | E91: Ghana | F91: 72838.799
A92: Mali | B92: =VLOOKUP(A92,$E$2:$F$214,2,FALSE) -> 18827.177 | E92: Gibraltar | F92: 0
A93: Malta | B93: =VLOOKUP(A93,$E$2:$F$214,2,FALSE) -> 17765.27 | E93: Greece | F93: 219065.87
A94: Mauritius | B94: =VLOOKUP(A94,$E$2:$F$214,2,FALSE) -> 12898.307 | E94: Greenland | F94: 3235.8162
A95: Mexico | B95: =VLOOKUP(A95,$E$2:$F$214,2,FALSE) -> 1414187.2 | E95: Grenada | F95: 1256.4132
A96: Moldova | B96: =VLOOKUP(A96,$E$2:$F$214,2,FALSE) -> 14420.948 | E96: Guam | F96: 6123
A97: Mongolia | B97: =VLOOKUP(A97,$E$2:$F$214,2,FALSE) -> 16810.883 | E97: Guatemala | F97: 95003.333
A98: Montenegro | B98: =VLOOKUP(A98,$E$2:$F$214,2,FALSE) -> 6095.9789 | E98: Guinea | F98: 21227.749
A99: Montserrat | B99: 16199 | E99: Guinea-Bissau | F99: 1633.5591
A100: Morocco | B100: =VLOOKUP(A100,$E$2:$F$214,2,FALSE) -> 134181.59 | E100: Guyana | F100: 15357.537
A101: Mozambique | B101: =VLOOKUP(A101,$E$2:$F$214,2,FALSE) -> 17851.491 | E101: Haiti | F101: 20253.552
A102: Namibia | B102: =VLOOKUP(A102,$E$2:$F$214,2,FALSE) -> 12607.437 | E102: Heavily indebted poor countries (HIPC) | F102: 970109.98
A103: Netherlands | B103: =VLOOKUP(A103,$E$2:$F$214,2,FALSE) -> 991114.64 | E103: High income | F103: 61535769
A104: New Zealand | B104: =VLOOKUP(A104,$E$2:$F$214,2,FALSE) -> 247234.05 | E104: Honduras | F104: 31717.7
...

Sheet Ratings worksheet
A1: Country | B1: S&P Rating | C1: Moody's Rating | E1: Country | F1: Moody's | G1: S&P | K1: Country | L1: FC | M1: LC | P1: S&P
A2: Abu Dhabi | B2: =G2 -> AA+ | C2: =F2 -> Aa2 | E2: Abu Dhabi | F2: =VLOOKUP(E2,$K$2:$M$153,2,FALSE) -> Aa2 | G2: AA+ | K2: Abu Dhabi | L2: Aa2 | M2: Aa2 | O2: Albania | P2: B+
A3: Albania | B3: =G3 -> B+ | C3: =F3 -> B1 | E3: Albania | F3: =VLOOKUP(E3,$K$2:$M$153,2,FALSE) -> B1 | G3: =VLOOKUP(E3,$O$2:$P$157,2,FALSE) -> B+ | K3: Albania | L3: B1 | M3: B1 | O3: Andorra | P3: BBB+
A4: Andorra (Principality of) | B4: =G4 -> BBB+ | C4: =F4 -> Baa2 | E4: Andorra | F4: =VLOOKUP(E4,$K$2:$M$153,2,FALSE) -> Baa2 | G4: =VLOOKUP(E4,$O$2:$P$157,2,FALSE) -> BBB+ | K4: Andorra | L4: Baa2 | M4: Baa2 | O4: Angola | P4: B-
A5: Angola | B5: =G5 -> B- | C5: =F5 -> B3 | E5: Angola | F5: =VLOOKUP(E5,$K$2:$M$153,2,FALSE) -> B3 | G5: =VLOOKUP(E5,$O$2:$P$157,2,FALSE) -> B- | K5: Angola | L5: B3 | M5: B3 | O5: Argentina | P5: CCC-
A6: Argentina | B6: =G6 -> CCC- | C6: =F6 -> Ca | E6: Argentina | F6: =VLOOKUP(E6,$K$2:$M$153,2,FALSE) -> Ca | G6: =VLOOKUP(E6,$O$2:$P$157,2,FALSE) -> CCC- | K6: Argentina | L6: Ca | M6: Ca | O6: Armenia | P6: B+
A7: Armenia | B7: =G7 -> B+ | C7: =F7 -> Ba3 | E7: Armenia | F7: =VLOOKUP(E7,$K$2:$M$153,2,FALSE) -> Ba3 | G7: =VLOOKUP(E7,$O$2:$P$157,2,FALSE) -> B+ | K7: Armenia | L7: Ba3 | M7: Ba3 | O7: Aruba | P7: BBB
A8: Aruba | B8: =G8 -> BBB | C8: =F8 -> NA | E8: Aruba | F8: NA | G8: =VLOOKUP(E8,$O$2:$P$157,2,FALSE) -> BBB | K8: Australia | L8: Aaa | M8: Aaa | O8: Australia | P8: AAA
A9: Australia | B9: =G9 -> AAA | C9: =F9 -> Aaa | E9: Australia | F9: =VLOOKUP(E9,$K$2:$M$153,2,FALSE) -> Aaa | G9: =VLOOKUP(E9,$O$2:$P$157,2,FALSE) -> AAA | K9: Austria | L9: Aa1 | M9: Aa1 | O9: Austria | P9: AA+
A10: Austria | B10: =G10 -> AA+ | C10: =F10 -> Aa1 | E10: Austria | F10: =VLOOKUP(E10,$K$2:$M$153,2,FALSE) -> Aa1 | G10: =VLOOKUP(E10,$O$2:$P$157,2,FALSE) -> AA+ | K10: Azerbaijan | L10: Ba1 | M10: Ba1 | O10: Azerbaijan | P10: BB+
A11: Azerbaijan | B11: =G11 -> BB+ | C11: =F11 -> Ba1 | E11: Azerbaijan | F11: =VLOOKUP(E11,$K$2:$M$153,2,FALSE) -> Ba1 | G11: =VLOOKUP(E11,$O$2:$P$157,2,FALSE) -> BB+ | K11: Bahamas | L11: B1 | M11: B1 | O11: Bahamas | P11: B+
A12: Bahamas | B12: =G12 -> B+ | C12: =F12 -> B1 | E12: Bahamas | F12: =VLOOKUP(E12,$K$2:$M$153,2,FALSE) -> B1 | G12: =VLOOKUP(E12,$O$2:$P$157,2,FALSE) -> B+ | K12: Bahamas-Offshore Banks | L12: - | M12: - | O12: Bahrain | P12: B+
A13: Bahrain | B13: =G13 -> B+ | C13: =F13 -> B2 | E13: Bahrain | F13: =VLOOKUP(E13,$K$2:$M$153,2,FALSE) -> B2 | G13: =VLOOKUP(E13,$O$2:$P$157,2,FALSE) -> B+ | K13: Bahrain | L13: B2 | M13: B2 | O13: Bangladesh | P13: BB-
A14: Bangladesh | B14: =G14 -> BB- | C14: =F14 -> B1 | E14: Bangladesh | F14: =VLOOKUP(E14,$K$2:$M$153,2,FALSE) -> B1 | G14: =VLOOKUP(E14,$O$2:$P$157,2,FALSE) -> BB- | K14: Bahrain-Offshore Banks [1] | L14: - | M14: - | O14: Barbados | P14: B-
A15: Barbados | B15: =G15 -> B- | C15: =F15 -> Caa1 | E15: Barbados | F15: =VLOOKUP(E15,$K$2:$M$153,2,FALSE) -> Caa1 | G15: =VLOOKUP(E15,$O$2:$P$157,2,FALSE) -> B- | K15: Bangladesh | L15: B1 | M15: B1 | O15: Belarus | P15: NA
A16: Belarus | B16: =G16 -> NA | C16: =F16 -> C | E16: Belarus | F16: =VLOOKUP(E16,$K$2:$M$153,2,FALSE) -> C | G16: NA | K16: Barbados | L16: Caa1 | M16: Caa1 | O16: Belgium | P16: AA
A17: Belgium | B17: =G17 -> AA | C17: =F17 -> Aa3 | E17: Belgium | F17: =VLOOKUP(E17,$K$2:$M$153,2,FALSE) -> Aa3 | G17: =VLOOKUP(E17,$O$2:$P$157,2,FALSE) -> AA | K17: Belarus | L17: C | M17: C | O17: Belize | P17: B-
A18: Belize | B18: =G18 -> B- | C18: =F18 -> Caa2 | E18: Belize | F18: =VLOOKUP(E18,$K$2:$M$153,2,FALSE) -> Caa2 | G18: =VLOOKUP(E18,$O$2:$P$157,2,FALSE) -> B- | K18: Belgium | L18: Aa3 | M18: Aa3 | O18: Benin | P18: B+
A19: Benin | B19: =G19 -> B+ | C19: =F19 -> B1 | E19: Benin | F19: =VLOOKUP(E19,$K$2:$M$153,2,FALSE) -> B1 | G19: =VLOOKUP(E19,$O$2:$P$157,2,FALSE) -> B+ | K19: Belize | L19: Caa2 | M19: Caa2 | O19: Bermuda | P19: A+
A20: Bermuda | B20: =G20 -> A+ | C20: =F20 -> A2 | E20: Bermuda | F20: =VLOOKUP(E20,$K$2:$M$153,2,FALSE) -> A2 | G20: =VLOOKUP(E20,$O$2:$P$157,2,FALSE) -> A+ | K20: Benin | L20: B1 | M20: B1 | O20: Bolivia | P20: B-
A21: Bolivia | B21: =G21 -> B- | C21: =F21 -> Caa1 | E21: Bolivia | F21: =VLOOKUP(E21,$K$2:$M$153,2,FALSE) -> Caa1 | G21: =VLOOKUP(E21,$O$2:$P$157,2,FALSE) -> B- | K21: Bermuda | L21: A2 | M21: A2 | O21: Bosnia and Herzegovina | P21: B
A22: Bosnia and Herzegovina | B22: =G22 -> B | C22: =F22 -> B3 | E22: Bosnia and Herzegovina | F22: =VLOOKUP(E22,$K$2:$M$153,2,FALSE) -> B3 | G22: =VLOOKUP(E22,$O$2:$P$157,2,FALSE) -> B | K22: Bolivia | L22: Caa1 | M22: Caa1 | O22: Botswana | P22: BBB+
A23: Botswana | B23: =G23 -> BBB+ | C23: =F23 -> A3 | E23: Botswana | F23: =VLOOKUP(E23,$K$2:$M$153,2,FALSE) -> A3 | G23: =VLOOKUP(E23,$O$2:$P$157,2,FALSE) -> BBB+ | K23: Bosnia and Herzegovina | L23: B3 | M23: B3 | O23: Brazil | P23: BB-
A24: Brazil | B24: =G24 -> BB- | C24: =F24 -> Ba2 | E24: Brazil | F24: =VLOOKUP(E24,$K$2:$M$153,2,FALSE) -> Ba2 | G24: =VLOOKUP(E24,$O$2:$P$157,2,FALSE) -> BB- | K24: Botswana | L24: A3 | M24: A3 | O24: Bulgaria | P24: BBB
A25: Bulgaria | B25: =G25 -> BBB | C25: =F25 -> Baa1 | E25: Bulgaria | F25: =VLOOKUP(E25,$K$2:$M$153,2,FALSE) -> Baa1 | G25: =VLOOKUP(E25,$O$2:$P$157,2,FALSE) -> BBB | K25: Brazil | L25: Ba2 | M25: Ba2 | O25: Burkina Faso | P25: CCC+
A26: Burkina Faso | B26: =G26 -> CCC+ | C26: =F26 -> NA | E26: Burkina Faso | F26: NA | G26: =VLOOKUP(E26,$O$2:$P$157,2,FALSE) -> CCC+ | K26: Bulgaria | L26: Baa1 | M26: Baa1 | O26: Cambodia | P26: N/A
A27: Cambodia | B27: =G27 -> NA | C27: =F27 -> B2 | E27: Cambodia | F27: =VLOOKUP(E27,$K$2:$M$153,2,FALSE) -> B2 | G27: NA | K27: Cambodia | L27: B2 | M27: B2 | O27: Cameroon | P27: B-
A28: Cameroon | B28: =G28 -> B- | C28: =F28 -> B2 | E28: Cameroon | F28: =VLOOKUP(E28,$K$2:$M$153,2,FALSE) -> B2 | G28: =VLOOKUP(E28,$O$2:$P$157,2,FALSE) -> B- | K28: Cameroon | L28: B2 | M28: B2 | O28: Canada | P28: AAA
A29: Canada | B29: =G29 -> AAA | C29: =F29 -> Aaa | E29: Canada | F29: =VLOOKUP(E29,$K$2:$M$153,2,FALSE) -> Aaa | G29: =VLOOKUP(E29,$O$2:$P$157,2,FALSE) -> AAA | K29: Canada | L29: Aaa | M29: Aaa | O29: Cape Verde | P29: B-
A30: Cape Verde | B30: =G30 -> B- | C30: =F30 -> NA | E30: Cape Verde | F30: NA | G30: =VLOOKUP(E30,$O$2:$P$157,2,FALSE) -> B- | K30: Cayman Islands | L30: Aa3 | M30: Aa3 | O30: Cayman Islands
A31: Cayman Islands | B31: =G31 -> NA | C31: =F31 -> Aa3 | E31: Cayman Islands | F31: =VLOOKUP(E31,$K$2:$M$153,2,FALSE) -> Aa3 | G31: NA | K31: Cayman Islands-Offshore Banks | L31: - | M31: - | O31: Chile | P31: A
A32: Chile | B32: =G32 -> A | C32: =F32 -> A2 | E32: Chile | F32: =VLOOKUP(E32,$K$2:$M$153,2,FALSE) -> A2 | G32: =VLOOKUP(E32,$O$2:$P$157,2,FALSE) -> A | K32: Chile | L32: A2 | M32: A2 | O32: China | P32: A+
A33: China | B33: =G33 -> A+ | C33: =F33 -> A1 | E33: China | F33: =VLOOKUP(E33,$K$2:$M$153,2,FALSE) -> A1 | G33: =VLOOKUP(E33,$O$2:$P$157,2,FALSE) -> A+ | K33: China | L33: A1 | M33: A1 | O33: Colombia | P33: BB+
A34: Colombia | B34: =G34 -> BB+ | C34: =F34 -> Baa2 | E34: Colombia | F34: =VLOOKUP(E34,$K$2:$M$153,2,FALSE) -> Baa2 | G34: =VLOOKUP(E34,$O$2:$P$157,2,FALSE) -> BB+ | K34: Colombia | L34: Baa2 | M34: Baa2 | O34: Congo | P34: B-
A35: Congo (Democratic Republic of) | B35: =G35 -> B- | C35: =F35 -> B3 | E35: Congo (Democratic Republic of) | F35: B3 | G35: B- | K35: Costa Rica | L35: B2 | M35: B2 | O35: Costa Rica | P35: B+
A36: Congo (Republic of) | B36: =G36 -> CCC+ | C36: =F36 -> Caa2 | E36: Congo (Republic of) | F36: Caa2 | G36: CCC+ | K36: Cote d'Ivoire | L36: Ba3 | M36: Ba3 | O36: Croatia | P36: BBB+
A37: Cook Islands | B37: =G37 -> B | C37: =F37 -> NA | E37: Cook Islands | F37: NA | G37: B | K37: Croatia | L37: Baa2 | M37: Baa2 | O37: Cuba
A38: Costa Rica | B38: =G38 -> B+ | C38: =F38 -> B2 | E38: Costa Rica | F38: =VLOOKUP(E38,$K$2:$M$153,2,FALSE) -> B2 | G38: =VLOOKUP(E38,$O$2:$P$157,2,FALSE) -> B+ | K38: Cuba | L38: Ca | M38: Ca | O38: Cyprus | P38: BBB
A39: Côte d'Ivoire | B39: =G39 -> BB- | C39: =F39 -> Ba3 | E39: Cote d'Ivoire | F39: =VLOOKUP(E39,$K$2:$M$153,2,FALSE) -> Ba3 | G39: BB- | K39: Cyprus | L39: Ba1 | M39: Ba1 | O39: Czech Republic | P39: AA-
A40: Croatia | B40: =G40 -> BBB+ | C40: =F40 -> Baa2 | E40: Croatia | F40: =VLOOKUP(E40,$K$2:$M$153,2,FALSE) -> Baa2 | G40: =VLOOKUP(E40,$O$2:$P$157,2,FALSE) -> BBB+ | K40: Czech Republic | L40: Aa3 | M40: Aa3 | O40: Denmark | P40: AAA
A41: Cuba | B41: =G41 -> 0 | C41: =F41 -> Ca | E41: Cuba | F41: =VLOOKUP(E41,$K$2:$M$153,2,FALSE) -> Ca | G41: =VLOOKUP(E41,$O$2:$P$157,2,FALSE) -> 0 | K41: Democratic Republic of the Congo | L41: B3 | M41: B3 | O41: Dominican Republic | P41: BB
A42: Curacao | B42: =G42 -> BBB- | C42: =F42 -> NA | E42: Curacao | F42: NA | G42: BBB- | K42: Denmark | L42: Aaa | M42: Aaa | O42: Ecuador | P42: B-
A43: Cyprus | B43: =G43 -> BBB | C43: =F43 -> Ba1 | E43: Cyprus | F43: =VLOOKUP(E43,$K$2:$M$153,2,FALSE) -> Ba1 | G43: =VLOOKUP(E43,$O$2:$P$157,2,FALSE) -> BBB | K43: Dominican Republic | L43: Ba3 | M43: Ba3 | O43: Egypt | P43: B
A44: Czech Republic | B44: =G44 -> AA- | C44: =F44 -> Aa3 | E44: Czech Republic | F44: =VLOOKUP(E44,$K$2:$M$153,2,FALSE) -> Aa3 | G44: =VLOOKUP(E44,$O$2:$P$157,2,FALSE) -> AA- | K44: Ecuador | L44: Caa3 | M44: - | O44: El Salvador | P44: CCC+
A45: Denmark | B45: =G45 -> AAA | C45: =F45 -> Aaa | E45: Denmark | F45: =VLOOKUP(E45,$K$2:$M$153,2,FALSE) -> Aaa | G45: =VLOOKUP(E45,$O$2:$P$157,2,FALSE) -> AAA | K45: Egypt | L45: B3 | M45: B3 | O45: Estonia | P45: AA-
A46: Dominican Republic | B46: =G46 -> BB | C46: =F46 -> Ba3 | E46: Dominican Republic | F46: =VLOOKUP(E46,$K$2:$M$153,2,FALSE) -> Ba3 | G46: =VLOOKUP(E46,$O$2:$P$157,2,FALSE) -> BB | K46: El Salvador | L46: Caa3 | M46: - | N46: #N/A | O46: Ethiopia | P46: CCC
A47: Ecuador | B47: =G47 -> B- | C47: =F47 -> Caa3 | E47: Ecuador | F47: =VLOOKUP(E47,$K$2:$M$153,2,FALSE) -> Caa3 | G47: =VLOOKUP(E47,$O$2:$P$157,2,FALSE) -> B- | K47: Estonia | L47: A1 | M47: A1 | O47: European Union | P47: AA
A48: Egypt | B48: =G48 -> B | C48: =F48 -> B3 | E48: Egypt | F48: =VLOOKUP(E48,$K$2:$M$153,2,FALSE) -> B3 | G48: =VLOOKUP(E48,$O$2:$P$157,2,FALSE) -> B | K48: eSwatini | L48: B3 | M48: B3 | O48: Fiji | P48: B+
A49: El Salvador | B49: =G49 -> CCC+ | C49: =F49 -> Caa3 | E49: El Salvador | F49: =VLOOKUP(E49,$K$2:$M$153,2,FALSE) -> Caa3 | G49: =VLOOKUP(E49,$O$2:$P$157,2,FALSE) -> CCC+ | K49: Ethiopia | L49: Caa2 | M49: Caa2 | O49: Finland | P49: AA+
A50: Estonia | B50: =G50 -> AA- | C50: =F50 -> A1 | E50: Estonia | F50: =VLOOKUP(E50,$K$2:$M$153,2,FALSE) -> A1 | G50: =VLOOKUP(E50,$O$2:$P$157,2,FALSE) -> AA- | K50: Fiji | L50: B1 | M50: B1 | O50: France | P50: AA
A51: Ethiopia | B51: =G51 -> CCC | C51: =F51 -> Caa2 | E51: Ethiopia | F51: =VLOOKUP(E51,$K$2:$M$153,2,FALSE) -> Caa2 | G51: =VLOOKUP(E51,$O$2:$P$157,2,FALSE) -> CCC | K51: Finland | L51: Aa1 | M51: Aa1 | O51: Gabon | P51: N/A
A52: Fiji | B52: =G52 -> B+ | C52: =F52 -> B1 | E52: Fiji | F52: =VLOOKUP(E52,$K$2:$M$153,2,FALSE) -> B1 | G52: =VLOOKUP(E52,$O$2:$P$157,2,FALSE) -> B+ | K52: France | L52: Aa2 | M52: Aa2 | O52: Georgia | P52: BB
A53: Finland | B53: =G53 -> AA+ | C53: =F53 -> Aa1 | E53: Finland | F53: =VLOOKUP(E53,$K$2:$M$153,2,FALSE) -> Aa1 | G53: =VLOOKUP(E53,$O$2:$P$157,2,FALSE) -> AA+ | K53: Gabon | L53: Caa1 | M53: Caa1 | O53: Germany | P53: AAA
A54: France | B54: =G54 -> AA | C54: =F54 -> Aa2 | E54: France | F54: =VLOOKUP(E54,$K$2:$M$153,2,FALSE) -> Aa2 | G54: =VLOOKUP(E54,$O$2:$P$157,2,FALSE) -> AA | K54: Georgia | L54: Ba2 | M54: Ba2 | O54: Ghana | P54: NA
A55: Gabon | B55: =G55 -> NA | C55: =F55 -> Caa1 | E55: Gabon | F55: =VLOOKUP(E55,$K$2:$M$153,2,FALSE) -> Caa1 | G55: NA | K55: Germany | L55: Aaa | M55: Aaa | O55: Greece | P55: BB+
A56: Georgia | B56: =G56 -> BB | C56: =F56 -> Ba2 | E56: Georgia | F56: =VLOOKUP(E56,$K$2:$M$153,2,FALSE) -> Ba2 | G56: =VLOOKUP(E56,$O$2:$P$157,2,FALSE) -> BB | K56: Ghana | L56: Ca | M56: Caa3 | O56: Grenada | P56: SD
A57: Germany | B57: =G57 -> AAA | C57: =F57 -> Aaa | E57: Germany | F57: =VLOOKUP(E57,$K$2:$M$153,2,FALSE) -> Aaa | G57: =VLOOKUP(E57,$O$2:$P$157,2,FALSE) -> AAA | K57: Greece | L57: Ba3 | M57: Ba3 | O57: Guatemala | P57: BB
A58: Ghana | B58: =G58 -> NA | C58: =F58 -> Ca | E58: Ghana | F58: =VLOOKUP(E58,$K$2:$M$153,2,FALSE) -> Ca | G58: =VLOOKUP(E58,$O$2:$P$157,2,FALSE) -> NA | K58: Guatemala | L58: Ba1 | M58: Ba1 | O58: Honduras | P58: BB-
A59: Greece | B59: =G59 -> BB+ | C59: =F59 -> Ba3 | E59: Greece | F59: =VLOOKUP(E59,$K$2:$M$153,2,FALSE) -> Ba3 | G59: =VLOOKUP(E59,$O$2:$P$157,2,FALSE) -> BB+ | K59: Guernsey (Channel Islands) | L59: - | M59: - | O59: Hong Kong | P59: AA+
A60: Guatemala | B60: =G60 -> BB | C60: =F60 -> Ba1 | E60: Guatemala | F60: =VLOOKUP(E60,$K$2:$M$153,2,FALSE) -> Ba1 | G60: =VLOOKUP(E60,$O$2:$P$157,2,FALSE) -> BB | K60: Honduras | L60: B1 | M60: B1 | O60: Hungary | P60: BBB-
A61: Guernsey (States of) | B61: =G61 -> AA | C61: =F61 -> NA | E61: Guernsey (Channel Islands) | F61: NA | G61: AA | K61: Hong Kong SAR, China | L61: Aa3 | M61: Aa3 | O61: Iceland | P61: A
A62: Honduras | B62: =G62 -> BB- | C62: =F62 -> B1 | E62: Honduras | F62: =VLOOKUP(E62,$K$2:$M$153,2,FALSE) -> B1 | G62: =VLOOKUP(E62,$O$2:$P$157,2,FALSE) -> BB- | K62: Hungary | L62: Baa2 | M62: Baa2 | O62: India | P62: BBB-
A63: Hong Kong | B63: =G63 -> AA+ | C63: =F63 -> Aa3 | E63: Hong Kong | F63: Aa3 | G63: =VLOOKUP(E63,$O$2:$P$157,2,FALSE) -> AA+ | K63: Iceland | L63: A2 | M63: A2 | O63: Indonesia | P63: BBB
A64: Hungary | B64: =G64 -> BBB- | C64: =F64 -> Baa2 | E64: Hungary | F64: =VLOOKUP(E64,$K$2:$M$153,2,FALSE) -> Baa2 | G64: =VLOOKUP(E64,$O$2:$P$157,2,FALSE) -> BBB- | K64: India | L64: Baa3 | M64: Baa3 | O64: Iraq | P64: B-
A65: Iceland | B65: =G65 -> A | C65: =F65 -> A2 | E65: Iceland | F65: =VLOOKUP(E65,$K$2:$M$153,2,FALSE) -> A2 | G65: =VLOOKUP(E65,$O$2:$P$157,2,FALSE) -> A | K65: Indonesia | L65: Baa2 | M65: Baa2 | O65: Ireland | P65: AA
A66: India | B66: =G66 -> BBB- | C66: =F66 -> Baa3 | E66: India | F66: =VLOOKUP(E66,$K$2:$M$153,2,FALSE) -> Baa3 | G66: =VLOOKUP(E66,$O$2:$P$157,2,FALSE) -> BBB- | K66: Iraq | L66: Caa1 | M66: Caa1 | O66: Isle of Man | P66: N/A
A67: Indonesia | B67: =G67 -> BBB | C67: =F67 -> Baa2 | E67: Indonesia | F67: =VLOOKUP(E67,$K$2:$M$153,2,FALSE) -> Baa2 | G67: =VLOOKUP(E67,$O$2:$P$157,2,FALSE) -> BBB | K67: Ireland | L67: Aa3 | M67: Aa3 | O67: Israel | P67: AA-
A68: Iraq | B68: =G68 -> B- | C68: =F68 -> Caa1 | E68: Iraq | F68: =VLOOKUP(E68,$K$2:$M$153,2,FALSE) -> Caa1 | G68: =VLOOKUP(E68,$O$2:$P$157,2,FALSE) -> B- | K68: Isle of Man | L68: Aa3 | M68: Aa3 | O68: Italy | P68: BBB
A69: Ireland | B69: =G69 -> AA | C69: =F69 -> Aa3 | E69: Ireland | F69: =VLOOKUP(E69,$K$2:$M$153,2,FALSE) -> Aa3 | G69: =VLOOKUP(E69,$O$2:$P$157,2,FALSE) -> AA | K69: Israel | L69: A1 | M69: A1 | O69: Ivory Coast | P69: BB-
A70: Isle of Man | B70: =G70 -> N/A | C70: =F70 -> Aa3 | E70: Isle of Man | F70: =VLOOKUP(E70,$K$2:$M$153,2,FALSE) -> Aa3 | G70: =VLOOKUP(E70,$O$2:$P$157,2,FALSE) -> N/A | K70: Italy | L70: Baa3 | M70: Baa3 | O70: Jamaica | P70: B+
A71: Israel | B71: =G71 -> AA- | C71: =F71 -> A1 | E71: Israel | F71: =VLOOKUP(E71,$K$2:$M$153,2,FALSE) -> A1 | G71: =VLOOKUP(E71,$O$2:$P$157,2,FALSE) -> AA- | K71: Jamaica | L71: B2 | M71: B2 | O71: Japan | P71: A+
A72: Italy | B72: =G72 -> BBB | C72: =F72 -> Baa3 | E72: Italy | F72: =VLOOKUP(E72,$K$2:$M$153,2,FALSE) -> Baa3 | G72: =VLOOKUP(E72,$O$2:$P$157,2,FALSE) -> BBB | K72: Japan | L72: A1 | M72: A1 | O72: Jordan | P72: B+
A73: Jamaica | B73: =G73 -> B+ | C73: =F73 -> B2 | E73: Jamaica | F73: =VLOOKUP(E73,$K$2:$M$153,2,FALSE) -> B2 | G73: =VLOOKUP(E73,$O$2:$P$157,2,FALSE) -> B+ | K73: Jersey (Channel Islands) | L73: - | M73: - | O73: Kazakhstan | P73: BBB-
A74: Japan | B74: =G74 -> A+ | C74: =F74 -> A1 | E74: Japan | F74: =VLOOKUP(E74,$K$2:$M$153,2,FALSE) -> A1 | G74: =VLOOKUP(E74,$O$2:$P$157,2,FALSE) -> A+ | K74: Jordan | L74: B1 | M74: B1 | O74: Kenya | P74: B
A75: Jersey (States of) | B75: =G75 -> AA- | C75: =F75 -> NA | E75: Jersey (Channel Islands) | F75: NA | G75: AA- | K75: Kazakhstan | L75: Baa2 | M75: Baa2 | O75: Kuwait | P75: A+
A76: Jordan | B76: =G76 -> B+ | C76: =F76 -> B1 | E76: Jordan | F76: =VLOOKUP(E76,$K$2:$M$153,2,FALSE) -> B1 | G76: =VLOOKUP(E76,$O$2:$P$157,2,FALSE) -> B+ | K76: Kenya | L76: B3 | M76: B3 | O76: Kyrgyzstan | P76: NR
A77: Kazakhstan | B77: =G77 -> BBB- | C77: =F77 -> Baa2 | E77: Kazakhstan | F77: =VLOOKUP(E77,$K$2:$M$153,2,FALSE) -> Baa2 | G77: =VLOOKUP(E77,$O$2:$P$157,2,FALSE) -> BBB- | K77: Korea | L77: Aa2 | M77: Aa2 | O77: Laos
A78: Kenya | B78: =G78 -> B | C78: =F78 -> B3 | E78: Kenya | F78: =VLOOKUP(E78,$K$2:$M$153,2,FALSE) -> B3 | G78: =VLOOKUP(E78,$O$2:$P$157,2,FALSE) -> B | K78: Kuwait | L78: A1 | M78: A1 | O78: Latvia | P78: A+
A79: Korea | B79: =G79 -> AA | C79: =F79 -> Aa2 | E79: Korea | F79: =VLOOKUP(E79,$K$2:$M$153,2,FALSE) -> Aa2 | G79: AA | K79: Kyrgyz Republic | L79: B3 | M79: B3 | O79: Lebanon | P79: D
A80: Kuwait | B80: =G80 -> A+ | C80: =F80 -> A1 | E80: Kuwait | F80: =VLOOKUP(E80,$K$2:$M$153,2,FALSE) -> A1 | G80: =VLOOKUP(E80,$O$2:$P$157,2,FALSE) -> A+ | K80: Laos | L80: Caa3 | M80: Caa3 | O80: Lesotho
A81: Kyrgyzstan | B81: =G81 -> NA | C81: =F81 -> B3 | E81: Kyrgyz Republic | F81: =VLOOKUP(E81,$K$2:$M$153,2,FALSE) -> B3 | G81: NA | K81: Latvia | L81: A3 | M81: A3 | O81: Liechtenstein | P81: AAA
A82: =E82 -> Laos | B82: =G82 -> NA | C82: =F82 -> Caa3 | E82: Laos | F82: =VLOOKUP(E82,$K$2:$M$153,2,FALSE) -> Caa3 | G82: NA | K82: Lebanon | L82: C | M82: C | O82: Lithuania | P82: A+
A83: Latvia | B83: =G83 -> A+ | C83: =F83 -> A3 | E83: Latvia | F83: =VLOOKUP(E83,$K$2:$M$153,2,FALSE) -> A3 | G83: =VLOOKUP(E83,$O$2:$P$157,2,FALSE) -> A+ | K83: Liechtenstein | L83: - | M83: - | O83: Luxembourg | P83: AAA
A84: Lebanon | B84: =G84 -> D | C84: =F84 -> C | E84: Lebanon | F84: =VLOOKUP(E84,$K$2:$M$153,2,FALSE) -> C | G84: =VLOOKUP(E84,$O$2:$P$157,2,FALSE) -> D | K84: Lithuania | L84: A2 | M84: A2 | O84: Macau
A85: Liechtenstein | B85: =G85 -> AAA | C85: =F85 -> NA | E85: Liechtenstein | F85: NA | G85: =VLOOKUP(E85,$O$2:$P$157,2,FALSE) -> AAA | K85: Luxembourg | L85: Aaa | M85: Aaa | O85: Macedonia | P85: BB-
A86: Lithuania | B86: =G86 -> A+ | C86: =F86 -> A2 | E86: Lithuania | F86: =VLOOKUP(E86,$K$2:$M$153,2,FALSE) -> A2 | G86: =VLOOKUP(E86,$O$2:$P$157,2,FALSE) -> A+ | K86: Macao SAR, China | L86: Aa3 | M86: Aa3 | O86: Madagascar | P86: B-
A87: Luxembourg | B87: =G87 -> AAA | C87: =F87 -> Aaa | E87: Luxembourg | F87: =VLOOKUP(E87,$K$2:$M$153,2,FALSE) -> Aaa | G87: =VLOOKUP(E87,$O$2:$P$157,2,FALSE) -> AAA | K87: Malaysia | L87: A3 | M87: A3 | O87: Malaysia | P87: A-
A88: Macao | B88: =G88 -> NA | C88: =F88 -> Aa3 | E88: Macao | F88: Aa3 | G88: NA | K88: Maldives | L88: Caa1 | M88: Caa1 | O88: Maldives
A89: Macedonia | B89: =G89 -> BB- | C89: =F89 -> NA | E89: Macedonia | F89: NA | G89: =VLOOKUP(E89,$O$2:$P$157,2,FALSE) -> BB- | K89: Mali | L89: Caa2 | M89: Caa2 | O89: Mali
A90: Malaysia | B90: =G90 -> A- | C90: =F90 -> A3 | E90: Malaysia | F90: =VLOOKUP(E90,$K$2:$M$153,2,FALSE) -> A3 | G90: =VLOOKUP(E90,$O$2:$P$157,2,FALSE) -> A- | K90: Malta | L90: A2 | M90: A2 | O90: Malta | P90: A-
A91: Maldives | B91: =G91 -> NR | C91: =F91 -> Caa1 | E91: Maldives | F91: =VLOOKUP(E91,$K$2:$M$153,2,FALSE) -> Caa1 | G91: NR | K91: Mauritius | L91: Baa3 | M91: Baa3 | O91: Mauritius
A92: Mali | B92: =G92 -> NR | C92: =F92 -> Caa2 | E92: Mali | F92: =VLOOKUP(E92,$K$2:$M$153,2,FALSE) -> Caa2 | G92: NR | K92: Mexico | L92: Baa2 | M92: Baa2 | O92: Mexico | P92: BBB
A93: Malta | B93: =G93 -> A- | C93: =F93 -> A2 | E93: Malta | F93: =VLOOKUP(E93,$K$2:$M$153,2,FALSE) -> A2 | G93: =VLOOKUP(E93,$O$2:$P$157,2,FALSE) -> A- | K93: Moldova | L93: B3 | M93: B3 | O93: Moldova
A94: Mauritius | B94: =G94 -> NR | C94: =F94 -> Baa3 | E94: Mauritius | F94: =VLOOKUP(E94,$K$2:$M$153,2,FALSE) -> Baa3 | G94: NR | K94: Mongolia | L94: B3 | M94: B3 | O94: Mongolia | P94: B
A95: Mexico | B95: =G95 -> BBB | C95: =F95 -> Baa2 | E95: Mexico | F95: =VLOOKUP(E95,$K$2:$M$153,2,FALSE) -> Baa2 | G95: =VLOOKUP(E95,$O$2:$P$157,2,FALSE) -> BBB | K95: Montenegro | L95: B1 | M95: - | O95: Montenegro | P95: B
A96: Moldova | B96: =G96 -> NR | C96: =F96 -> B3 | E96: Moldova | F96: =VLOOKUP(E96,$K$2:$M$153,2,FALSE) -> B3 | G96: NR | K96: Morocco | L96: Ba1 | M96: Ba1 | O96: Montserrat | P96: BBB-
A97: Mongolia | B97: =G97 -> B | C97: =F97 -> B3 | E97: Mongolia | F97: =VLOOKUP(E97,$K$2:$M$153,2,FALSE) -> B3 | G97: =VLOOKUP(E97,$O$2:$P$157,2,FALSE) -> B | K97: Mozambique | L97: Caa2 | M97: Caa2 | O97: Morocco | P97: BB+
A98: Montenegro | B98: =G98 -> B | C98: =F98 -> B1 | E98: Montenegro | F98: =VLOOKUP(E98,$K$2:$M$153,2,FALSE) -> B1 | G98: =VLOOKUP(E98,$O$2:$P$157,2,FALSE) -> B | K98: Namibia | L98: B1 | M98: B1 | O98: Mozambique | P98: CCC+
A99: Montserrat | B99: =G99 -> BBB- | C99: =F99 -> NA | E99: Montserrat | F99: NA | G99: =VLOOKUP(E99,$O$2:$P$157,2,FALSE) -> BBB- | K99: Netherlands | L99: Aaa | M99: Aaa | O99: Namibia
A100: Morocco | B100: =G100 -> BB+ | C100: =F100 -> Ba1 | E100: Morocco | F100: =VLOOKUP(E100,$K$2:$M$153,2,FALSE) -> Ba1 | G100: =VLOOKUP(E100,$O$2:$P$157,2,FALSE) -> BB+ | K100: New Zealand | L100: Aaa | M100: Aaa | O100: Netherlands | P100: AAA
...

Sheet Country Tax Rates
A1: Country | B1: Tax Rate | C1: Looked up for 2022 | E1: Country | F1: 2022 | H1: Region | I1: Average Tax Rate
A2: ='Ratings worksheet'!A2 -> Abu Dhabi | B2: =C2 -> 0.15 | C2: =VLOOKUP(A3,$E$2:$F$176,2,FALSE) -> 0.15 | E2: Afghanistan | F2: 0.2 | H2: Europe average | I2: 0.1898
A3: ='Ratings worksheet'!A3 -> Albania | B3: =C3 -> 0.15 | C3: =VLOOKUP(A3,$E$2:$F$176,2,FALSE) -> 0.15 | E3: Albania | F3: 0.15 | H3: Global average | I3: 0.2364
A4: ='Ratings worksheet'!A4 -> Andorra (Principality of) | B4: =C4 -> 0.1898 | C4: 0.1898 | E4: Algeria | F4: 0.26 | H4: Latin America average | I4: 0.2718
A5: ='Ratings worksheet'!A5 -> Angola | B5: =C5 -> 0.25 | C5: =VLOOKUP(A5,$E$2:$F$174,2,FALSE) -> 0.25 | E5: Andorra | F5: 0.1 | H5: North America average | I5: 0.2675
A6: ='Ratings worksheet'!A6 -> Argentina | B6: =C6 -> 0.35 | C6: =VLOOKUP(A6,$E$2:$F$174,2,FALSE) -> 0.35 | E6: Angola | F6: 0.25 | H6: Oceania average | I6: 0.2843
A7: ='Ratings worksheet'!A7 -> Armenia | B7: =C7 -> 0.18 | C7: =VLOOKUP(A7,$E$2:$F$174,2,FALSE) -> 0.18 | E7: Anguilla | F7: 0 | H7: OECD average | I7: 0.2281
A8: ='Ratings worksheet'!A8 -> Aruba | B8: =C8 -> 0.25 | C8: =VLOOKUP(A8,$E$2:$F$174,2,FALSE) -> 0.25 | E8: Antigua and Barbuda | F8: 0.25 | H8: South America average | I8: 0.2718
A9: ='Ratings worksheet'!A9 -> Australia | B9: =C9 -> 0.3 | C9: =VLOOKUP(A9,$E$2:$F$174,2,FALSE) -> 0.3 | E9: Argentina | F9: 0.35
A10: ='Ratings worksheet'!A10 -> Austria | B10: =C10 -> 0.24 | C10: =VLOOKUP(A10,$E$2:$F$174,2,FALSE) -> 0.24 | E10: Armenia | F10: 0.18
A11: ='Ratings worksheet'!A11 -> Azerbaijan | B11: =C11 -> 0.2 | C11: =VLOOKUP(A11,$E$2:$F$174,2,FALSE) -> 0.2 | E11: Aruba | F11: 0.25
A12: ='Ratings worksheet'!A12 -> Bahamas | B12: =C12 -> 0 | C12: =VLOOKUP(A12,$E$2:$F$174,2,FALSE) -> 0 | E12: Australia | F12: 0.3
A13: ='Ratings worksheet'!A13 -> Bahrain | B13: =C13 -> 0 | C13: =VLOOKUP(A13,$E$2:$F$174,2,FALSE) -> 0 | E13: Austria | F13: 0.24
A14: ='Ratings worksheet'!A14 -> Bangladesh | B14: =C14 -> 0.325 | C14: =VLOOKUP(A14,$E$2:$F$174,2,FALSE) -> 0.325 | E14: Azerbaijan | F14: 0.2
A15: ='Ratings worksheet'!A15 -> Barbados | B15: =C15 -> 0.055 | C15: =VLOOKUP(A15,$E$2:$F$174,2,FALSE) -> 0.055 | E15: Bahamas | F15: 0
A16: ='Ratings worksheet'!A16 -> Belarus | B16: =C16 -> 0.18 | C16: =VLOOKUP(A16,$E$2:$F$174,2,FALSE) -> 0.18 | E16: Bahrain | F16: 0
A17: ='Ratings worksheet'!A17 -> Belgium | B17: =C17 -> 0.25 | C17: =VLOOKUP(A17,$E$2:$F$174,2,FALSE) -> 0.25 | E17: Bangladesh | F17: 0.325
A18: ='Ratings worksheet'!A18 -> Belize | B18: =C18 -> 0.2718 | C18: 0.2718 | E18: Barbados | F18: 0.055
A19: ='Ratings worksheet'!A19 -> Benin | B19: =C19 -> 0.3 | C19: =VLOOKUP(A19,$E$2:$F$174,2,FALSE) -> 0.3 | E19: Belarus | F19: 0.18
A20: ='Ratings worksheet'!A20 -> Bermuda | B20: =C20 -> 0 | C20: =VLOOKUP(A20,$E$2:$F$174,2,FALSE) -> 0 | E20: Belgium | F20: 0.25
A21: ='Ratings worksheet'!A21 -> Bolivia | B21: =C21 -> 0.25 | C21: =VLOOKUP(A21,$E$2:$F$174,2,FALSE) -> 0.25 | E21: Benin | F21: 0.3
A22: ='Ratings worksheet'!A22 -> Bosnia and Herzegovina | B22: =C22 -> 0.1 | C22: =VLOOKUP(A22,$E$2:$F$174,2,FALSE) -> 0.1 | E22: Bermuda | F22: 0
A23: ='Ratings worksheet'!A23 -> Botswana | B23: =C23 -> 0.22 | C23: =VLOOKUP(A23,$E$2:$F$174,2,FALSE) -> 0.22 | E23: Bolivia | F23: 0.25
A24: ='Ratings worksheet'!A24 -> Brazil | B24: =C24 -> 0.34 | C24: =VLOOKUP(A24,$E$2:$F$174,2,FALSE) -> 0.34 | E24: Bonaire, Saint Eustatius and Saba | F24: 0.25
A25: ='Ratings worksheet'!A25 -> Bulgaria | B25: =C25 -> 0.1 | C25: =VLOOKUP(A25,$E$2:$F$174,2,FALSE) -> 0.1 | E25: Bosnia and Herzegovina | F25: 0.1
A26: ='Ratings worksheet'!A26 -> Burkina Faso | B26: =C26 -> 0.28 | C26: =VLOOKUP(A26,$E$2:$F$174,2,FALSE) -> 0.28 | E26: Botswana | F26: 0.22
A27: ='Ratings worksheet'!A27 -> Cambodia | B27: =C27 -> 0.2 | C27: =VLOOKUP(A27,$E$2:$F$174,2,FALSE) -> 0.2 | E27: Brazil | F27: 0.34
A28: ='Ratings worksheet'!A28 -> Cameroon | B28: =C28 -> 0.33 | C28: =VLOOKUP(A28,$E$2:$F$174,2,FALSE) -> 0.33 | E28: Brunei Darussalam | F28: 0.185
A29: ='Ratings worksheet'!A29 -> Canada | B29: =C29 -> 0.25 | C29: =VLOOKUP(A29,$E$2:$F$174,2,FALSE) -> 0.25 | E29: Bulgaria | F29: 0.1
A30: ='Ratings worksheet'!A30 -> Cape Verde | B30: =C30 -> 0 | C30: 0 | E30: Burkina Faso | F30: 0.28
A31: ='Ratings worksheet'!A31 -> Cayman Islands | B31: =C31 -> 0 | C31: =VLOOKUP(A31,$E$2:$F$174,2,FALSE) -> 0 | E31: Burundi | F31: 0.3
A32: ='Ratings worksheet'!A32 -> Chile | B32: =C32 -> 0.27 | C32: =VLOOKUP(A32,$E$2:$F$174,2,FALSE) -> 0.27 | E32: Cambodia | F32: 0.2
A33: ='Ratings worksheet'!A33 -> China | B33: =C33 -> 0.25 | C33: =VLOOKUP(A33,$E$2:$F$174,2,FALSE) -> 0.25 | E33: Cameroon | F33: 0.33
A34: ='Ratings worksheet'!A34 -> Colombia | B34: =C34 -> 0.35 | C34: =VLOOKUP(A34,$E$2:$F$174,2,FALSE) -> 0.35 | E34: Canada | F34: 0.25
A35: ='Ratings worksheet'!A35 -> Congo (Democratic Republic of) | B35: =C35 -> 0.3 | C35: 0.3 | E35: Cayman Islands | F35: 0
A36: ='Ratings worksheet'!A36 -> Congo (Republic of) | B36: =C36 -> 0.28 | C36: 0.28 | E36: Chile | F36: 0.27
A37: ='Ratings worksheet'!A37 -> Cook Islands | B37: =C37 -> 0.2843 | C37: 0.2843 | E37: China | F37: 0.25
A38: ='Ratings worksheet'!A38 -> Costa Rica | B38: =C38 -> 0.3 | C38: =VLOOKUP(A38,$E$2:$F$174,2,FALSE) -> 0.3 | E38: Colombia | F38: 0.35
A39: ='Ratings worksheet'!A39 -> Côte d'Ivoire | B39: =C39 -> 0.25 | C39: 0.25 | E39: Congo | F39: 0.28
A40: ='Ratings worksheet'!A40 -> Croatia | B40: =C40 -> 0.18 | C40: =VLOOKUP(A40,$E$2:$F$174,2,FALSE) -> 0.18 | E40: Congo (Democratic Republic of the) | F40: 0.3
A41: ='Ratings worksheet'!A41 -> Cuba | B41: =C41 -> 0.2718 | C41: 0.2718 | E41: Costa Rica | F41: 0.3
A42: ='Ratings worksheet'!A42 -> Curacao | B42: =C42 -> 0.22 | C42: =VLOOKUP(A42,$E$2:$F$174,2,FALSE) -> 0.22 | E42: Croatia | F42: 0.18
A43: ='Ratings worksheet'!A43 -> Cyprus | B43: =C43 -> 0.125 | C43: =VLOOKUP(A43,$E$2:$F$174,2,FALSE) -> 0.125 | E43: Curacao | F43: 0.22
A44: ='Ratings worksheet'!A44 -> Czech Republic | B44: =C44 -> 0.19 | C44: =VLOOKUP(A44,$E$2:$F$174,2,FALSE) -> 0.19 | E44: Cyprus | F44: 0.125
A45: ='Ratings worksheet'!A45 -> Denmark | B45: =C45 -> 0.22 | C45: =VLOOKUP(A45,$E$2:$F$174,2,FALSE) -> 0.22 | E45: Czech Republic | F45: 0.19
A46: ='Ratings worksheet'!A46 -> Dominican Republic | B46: =C46 -> 0.27 | C46: =VLOOKUP(A46,$E$2:$F$174,2,FALSE) -> 0.27 | E46: Denmark | F46: 0.22
A47: ='Ratings worksheet'!A47 -> Ecuador | B47: =C47 -> 0.25 | C47: =VLOOKUP(A47,$E$2:$F$174,2,FALSE) -> 0.25 | E47: Djibouti | F47: 0.25
A48: ='Ratings worksheet'!A48 -> Egypt | B48: =C48 -> 0.225 | C48: =VLOOKUP(A48,$E$2:$F$174,2,FALSE) -> 0.225 | E48: Dominica | F48: 0.25
A49: ='Ratings worksheet'!A49 -> El Salvador | B49: =C49 -> 0.3 | C49: =VLOOKUP(A49,$E$2:$F$174,2,FALSE) -> 0.3 | E49: Dominican Republic | F49: 0.27
A50: ='Ratings worksheet'!A50 -> Estonia | B50: =C50 -> 0.2 | C50: =VLOOKUP(A50,$E$2:$F$174,2,FALSE) -> 0.2 | E50: Ecuador | F50: 0.25
A51: ='Ratings worksheet'!A51 -> Ethiopia | B51: =C51 -> 0.3 | C51: =VLOOKUP(A51,$E$2:$F$174,2,FALSE) -> 0.3 | E51: Egypt | F51: 0.225
A52: ='Ratings worksheet'!A52 -> Fiji | B52: =C52 -> 0.2 | C52: =VLOOKUP(A52,$E$2:$F$174,2,FALSE) -> 0.2 | E52: El Salvador | F52: 0.3
A53: ='Ratings worksheet'!A53 -> Finland | B53: =C53 -> 0.2 | C53: =VLOOKUP(A53,$E$2:$F$174,2,FALSE) -> 0.2 | E53: Estonia | F53: 0.2
... A60: ='Ratings worksheet'!A60 -> Guatemala | B60: =C60 -> 0.25 | C60: =VLOOKUP(A60,$E$2:$F$174,2,FALSE) -> 0.25 | E60: Georgia | F60: 0.15
A61: ='Ratings worksheet'!A61 -> Guernsey (States of) | B61: =C61 -> 0 | C61: 0 | E61: Germany | F61: 0.3
A62: ='Ratings worksheet'!A62 -> Honduras | B62: =C62 -> 0.25 | C62: =VLOOKUP(A62,$E$2:$F$174,2,FALSE) -> 0.25 | E62: Ghana | F62: 0.25
A63: ='Ratings worksheet'!A63 -> Hong Kong | B63: =C63 -> 0.165 | C63: 0.165 | E63: Gibraltar | F63: 0.1
A64: ='Ratings worksheet'!A64 -> Hungary | B64: =C64 -> 0.09 | C64: =VLOOKUP(A64,$E$2:$F$174,2,FALSE) -> 0.09 | E64: Greece | F64: 0.22
A65: ='Ratings worksheet'!A65 -> Iceland | B65: =C65 -> 0.2 | C65: =VLOOKUP(A65,$E$2:$F$174,2,FALSE) -> 0.2 | E65: Grenada | F65: 0.28
A66: ='Ratings worksheet'!A66 -> India | B66: =C66 -> 0.3 | C66: =VLOOKUP(A66,$E$2:$F$174,2,FALSE) -> 0.3 | E66: Guatemala | F66: 0.25
A67: Indonesia | B67: =C67 -> 0.22 | C67: =VLOOKUP(A67,$E$2:$F$174,2,FALSE) -> 0.22 | E67: Guernsey | F67: 0
A68: ='Ratings worksheet'!A68 -> Iraq | B68: =C68 -> 0.15 | C68: =VLOOKUP(A68,$E$2:$F$174,2,FALSE) -> 0.15 | E68: Honduras | F68: 0.25
A69: ='Ratings worksheet'!A69 -> Ireland | B69: =C69 -> 0.125 | C69: =VLOOKUP(A69,$E$2:$F$174,2,FALSE) -> 0.125 | E69: Hong Kong SAR | F69: 0.165
A70: ='Ratings worksheet'!A70 -> Isle of Man | B70: =C70 -> 0 | C70: =VLOOKUP(A70,$E$2:$F$174,2,FALSE) -> 0 | E70: Hungary | F70: 0.09
A71: ='Ratings worksheet'!A71 -> Israel | B71: =C71 -> 0.23 | C71: =VLOOKUP(A71,$E$2:$F$174,2,FALSE) -> 0.23 | E71: Iceland | F71: 0.2
A72: ='Ratings worksheet'!A72 -> Italy | B72: =C72 -> 0.24 | C72: =VLOOKUP(A72,$E$2:$F$174,2,FALSE) -> 0.24 | E72: India | F72: 0.3
A73: ='Ratings worksheet'!A73 -> Jamaica | B73: =C73 -> 0.25 | C73: =VLOOKUP(A73,$E$2:$F$174,2,FALSE) -> 0.25 | E73: Indonesia | F73: 0.22
A74: ='Ratings worksheet'!A74 -> Japan | B74: =C74 -> 0.232 | C74: =VLOOKUP(A74,$E$2:$F$174,2,FALSE) -> 0.232 | E74: Iraq | F74: 0.15
A75: ='Ratings worksheet'!A75 -> Jersey (States of) | B75: =C75 -> 0 | C75: 0 | E75: Ireland | F75: 0.125
A76: ='Ratings worksheet'!A76 -> Jordan | B76: =C76 -> 0.2 | C76: =VLOOKUP(A76,$E$2:$F$174,2,FALSE) -> 0.2 | E76: Isle of Man | F76: 0
A77: ='Ratings worksheet'!A77 -> Kazakhstan | B77: =C77 -> 0.2 | C77: =VLOOKUP(A77,$E$2:$F$174,2,FALSE) -> 0.2 | E77: Israel | F77: 0.23
A78: ='Ratings worksheet'!A78 -> Kenya | B78: =C78 -> 0.3 | C78: =VLOOKUP(A78,$E$2:$F$174,2,FALSE) -> 0.3 | E78: Italy | F78: 0.24
A79: ='Ratings worksheet'!A79 -> Korea | B79: =C79 -> 0.25 | C79: 0.25 | E79: Ivory Coast | F79: 0.25
A80: ='Ratings worksheet'!A80 -> Kuwait | B80: =C80 -> 0.15 | C80: =VLOOKUP(A80,$E$2:$F$174,2,FALSE) -> 0.15 | E80: Jamaica | F80: 0.25
A81: ='Ratings worksheet'!A81 -> Kyrgyzstan | B81: =C81 -> 0.1 | C81: =VLOOKUP(A81,$E$2:$F$174,2,FALSE) -> 0.1 | E81: Japan | F81: 0.232
A82: Laos | B82: =C82 -> 0.2281 | C82: 0.2281 | E82: Jersey | F82: 0
A83: ='Ratings worksheet'!A83 -> Latvia | B83: =C83 -> 0.2 | C83: =VLOOKUP(A83,$E$2:$F$174,2,FALSE) -> 0.2 | E83: Jordan | F83: 0.2
A84: ='Ratings worksheet'!A84 -> Lebanon | B84: =C84 -> 0.17 | C84: =VLOOKUP(A84,$E$2:$F$174,2,FALSE) -> 0.17 | E84: Kazakhstan | F84: 0.2
A85: ='Ratings worksheet'!A85 -> Liechtenstein | B85: =C85 -> 0.125 | C85: =VLOOKUP(A85,$E$2:$F$174,2,FALSE) -> 0.125 | E85: Kenya | F85: 0.3
A86: ='Ratings worksheet'!A86 -> Lithuania | B86: =C86 -> 0.15 | C86: =VLOOKUP(A86,$E$2:$F$174,2,FALSE) -> 0.15 | E86: Korea, Republic of | F86: 0.25
A87: ='Ratings worksheet'!A87 -> Luxembourg | B87: =C87 -> 0.2494 | C87: =VLOOKUP(A87,$E$2:$F$174,2,FALSE) -> 0.2494 | E87: Kuwait | F87: 0.15
A88: ='Ratings worksheet'!A88 -> Macao | B88: =C88 -> 0.2281 | C88: 0.2281 | E88: Kyrgyzstan | F88: 0.1
A89: ='Ratings worksheet'!A89 -> Macedonia | B89: =C89 -> 0.1 | C89: =VLOOKUP(A89,$E$2:$F$174,2,FALSE) -> 0.1 | E89: Latvia | F89: 0.2
A90: Malaysia | B90: =C90 -> 0.24 | C90: =VLOOKUP(A90,$E$2:$F$174,2,FALSE) -> 0.24 | E90: Lebanon | F90: 0.17
A91: ='Ratings worksheet'!A91 -> Maldives | B91: =C91 -> 0.2281 | C91: 0.2281 | E91: Libya | F91: 0.24
A92: Mali | B92: =C92 -> 0.2281 | C92: 0.2281 | E92: Liechtenstein | F92: 0.125
A93: Malta | B93: =C93 -> 0.35 | C93: =VLOOKUP(A93,$E$2:$F$174,2,FALSE) -> 0.35 | E93: Lithuania | F93: 0.15
A94: ='Ratings worksheet'!A94 -> Mauritius | B94: =C94 -> 0.15 | C94: =VLOOKUP(A94,$E$2:$F$174,2,FALSE) -> 0.15 | E94: Luxembourg | F94: 0.2494
A95: ='Ratings worksheet'!A95 -> Mexico | B95: =C95 -> 0.3 | C95: =VLOOKUP(A95,$E$2:$F$174,2,FALSE) -> 0.3 | E95: Macau | F95: 0.12
A96: ='Ratings worksheet'!A96 -> Moldova | B96: =C96 -> 0.12 | C96: =VLOOKUP(A96,$E$2:$F$174,2,FALSE) -> 0.12 | E96: Macedonia | F96: 0.1
A97: ='Ratings worksheet'!A97 -> Mongolia | B97: =C97 -> 0.25 | C97: =VLOOKUP(A97,$E$2:$F$174,2,FALSE) -> 0.25 | E97: Madagascar | F97: 0.2
A98: ='Ratings worksheet'!A98 -> Montenegro | B98: =C98 -> 0.15 | C98: =VLOOKUP(A98,$E$2:$F$174,2,FALSE) -> 0.15 | E98: Malawi | F98: 0.3
A99: ='Ratings worksheet'!A99 -> Montserrat | B99: =C99 -> 0.2718 | C99: 0.2718 | E99: Malaysia | F99: 0.24
A100: ='Ratings worksheet'!A100 -> Morocco | B100: =C100 -> 0.31 | C100: =VLOOKUP(A100,$E$2:$F$174,2,FALSE) -> 0.31 | E100: Malta | F100: 0.35
A101: ='Ratings worksheet'!A101 -> Mozambique | B101: =C101 -> 0.32 | C101: =VLOOKUP(A101,$E$2:$F$174,2,FALSE) -> 0.32 | E101: Mauritania | F101: 0.25
A102: ='Ratings worksheet'!A102 -> Namibia | B102: =C102 -> 0.32 | C102: =VLOOKUP(A102,$E$2:$F$174,2,FALSE) -> 0.32 | E102: Mauritius | F102: 0.15
A103: ='Ratings worksheet'!A103 -> Netherlands | B103: =C103 -> 0.258 | C103: =VLOOKUP(A103,$E$2:$F$174,2,FALSE) -> 0.258 | E103: Mexico | F103: 0.3
A104: ='Ratings worksheet'!A104 -> New Zealand | B104: =C104 -> 0.28 | C104: =VLOOKUP(A104,$E$2:$F$174,2,FALSE) -> 0.28 | E104: Moldova | F104: 0.12
A105: ='Ratings worksheet'!A105 -> Nicaragua | B105: =C105 -> 0.3 | C105: =VLOOKUP(A105,$E$2:$F$174,2,FALSE) -> 0.3 | E105: Monaco | F105: 0.33
A106: Niger | B106: =C106 -> 0.2281 | C106: 0.2281 | E106: Mongolia | F106: 0.25
...

Sheet PRS Worksheet
A1: Country | B1: PRS Score | C1: Total Equity Risk Premium | D1: Rating-based Default Spread | E1: Final ERP | F1: Tax Rate | G1: CRP | I1: PRS Score | N1: Country | O1: PRS
A2: ='ERPs by country'!A8 -> Abu Dhabi | B2: =VLOOKUP(A2,$N$2:$O$142,2,FALSE) -> #N/A | C2: ='ERPs by country'!E8 -> 0.057489562 | D2: ='ERPs by country'!D8 -> 0.0052806055 | E2: =C2 -> 0.057489562 | F2: ='Country Tax Rates'!B2 -> 0.15 | G2: =E2-'ERPs by country'!$E$3 -> 0.007489562 | I2: More than | J2: Less than | K2: ERP | L2: Default Spread | N2: Albania | O2: 65.25
A3: ='ERPs by country'!A9 -> Albania | B3: =VLOOKUP(A3,$N$2:$O$142,2,FALSE) -> 65.25 | C3: ='ERPs by country'!E9 -> 0.11829767 | D3: ='ERPs by country'!D9 -> 0.048154093 | E3: =C3 -> 0.11829767 | F3: ='Country Tax Rates'!B3 -> 0.15 | G3: =E3-'ERPs by country'!$E$3 -> 0.068297673 | I3: 0 | J3: 50 | K3: =$K$18+L3*'Relative Equity Volatility'!$D$7 -> 0.29820513 | L3: =J41 -> 0.175 | M3: Below Ca | N3: Algeria | O3: 68.75
A4: ='ERPs by country'!A10 -> Andorra (Principality of) | B4: =VLOOKUP(A4,$N$2:$O$142,2,FALSE) -> #N/A | C4: ='ERPs by country'!E10 -> 0.078888311 | D4: ='ERPs by country'!D10 -> 0.02036805 | E4: =C4 -> 0.078888311 | F4: ='Country Tax Rates'!B4 -> 0.1898 | G4: =E4-'ERPs by country'!$E$3 -> 0.028888311 | I4: 50.001 | J4: 55 | K4: =$K$18+L4*'Relative Equity Volatility'!$D$7 -> 0.23206769 | L4: =J40 -> 0.12836901 | M4: Ca | N4: Angola | O4: 66.25
A5: ='ERPs by country'!A11 -> Angola | B5: =VLOOKUP(A5,$N$2:$O$142,2,FALSE) -> 66.25 | C5: ='ERPs by country'!E11 -> 0.14861257 | D5: ='ERPs by country'!D11 -> 0.069527972 | E5: =C5 -> 0.14861257 | F5: ='Country Tax Rates'!B5 -> 0.25 | G5: =E5-'ERPs by country'!$E$3 -> 0.098612566 | I5: 55.001 | J5: 57 | K5: =$K$18+L5*'Relative Equity Volatility'!$D$7 -> 0.20175279 | L5: =J39 -> 0.10699513 | M5: Caa3 | N5: Argentina | O5: 60.5
A6: ='ERPs by country'!A12 -> Argentina | B6: =VLOOKUP(A6,$N$2:$O$142,2,FALSE) -> 60.5 | C6: ='ERPs by country'!E12 -> 0.23206769 | D6: ='ERPs by country'!D12 -> 0.12836901 | E6: =C6 -> 0.23206769 | F6: ='Country Tax Rates'!B6 -> 0.35 | G6: =E6-'ERPs by country'!$E$3 -> 0.18206769 | I6: 57.001 | J6: 60 | K6: =$K$18+L6*'Relative Equity Volatility'!$D$7 -> 0.18659535 | L6: =J38 -> 0.096308186 | M6: Caa2 | N6: Armenia | O6: 60.75
A7: ='ERPs by country'!A13 -> Armenia | B7: =VLOOKUP(A7,$N$2:$O$142,2,FALSE) -> 60.75 | C7: ='ERPs by country'!E13 -> 0.10456681 | D7: ='ERPs by country'!D13 -> 0.038472983 | E7: =C7 -> 0.10456681 | F7: ='Country Tax Rates'!B7 -> 0.18 | G7: =E7-'ERPs by country'!$E$3 -> 0.054566809 | I7: 60.001 | J7: 62 | K7: =$K$18+L7*'Relative Equity Volatility'!$D$7 -> 0.16377001 | L7: =J37 -> 0.080214912 | M7: Caa1 | N7: Australia | O7: 80.5
A8: ='ERPs by country'!A14 -> Aruba | B8: =VLOOKUP(A8,$N$2:$O$142,2,FALSE) -> #N/A | C8: ='ERPs by country'!E14 -> 0.078888311 | D8: ='ERPs by country'!D14 -> 0.02036805 | E8: =C8 -> 0.078888311 | F8: ='Country Tax Rates'!B8 -> 0.25 | G8: =E8-'ERPs by country'!$E$3 -> 0.028888311 | I8: 62.001 | J8: 64 | K8: =$K$18+L8*'Relative Equity Volatility'!$D$7 -> 0.14861257 | L8: =J36 -> 0.069527972 | M8: B3 | N8: Austria | O8: 78.75
A9: ='ERPs by country'!A15 -> Australia | B9: =VLOOKUP(A9,$N$2:$O$142,2,FALSE) -> 80.5 | C9: ='ERPs by country'!E15 -> 0.05 | D9: ='ERPs by country'!D15 -> 0 | E9: =C9 -> 0.05 | F9: ='Country Tax Rates'!B9 -> 0.3 | G9: =E9-'ERPs by country'!$E$3 -> 0 | I9: 64.001 | J9: 66 | K9: =$K$18+L9*'Relative Equity Volatility'!$D$7 -> 0.13345512 | L9: =J35 -> 0.058841033 | M9: B2 | N9: Azerbaijan | O9: 73
A10: ='ERPs by country'!A16 -> Austria | B10: =VLOOKUP(A10,$N$2:$O$142,2,FALSE) -> 78.75 | C10: ='ERPs by country'!E16 -> 0.056062979 | D10: ='ERPs by country'!D16 -> 0.0042747759 | E10: =C10 -> 0.056062979 | F10: ='Country Tax Rates'!B10 -> 0.24 | G10: =E10-'ERPs by country'!$E$3 -> 0.0060629788 | I10: 66.001 | J10: 68 | K10: =$K$18+L10*'Relative Equity Volatility'!$D$7 -> 0.11829767 | L10: =J34 -> 0.048154093 | M10: B1 | N10: Bahamas | O10: 74.5
A11: ='ERPs by country'!A17 -> Azerbaijan | B11: =VLOOKUP(A11,$N$2:$O$142,2,FALSE) -> 73 | C11: ='ERPs by country'!E17 -> 0.087982779 | D11: ='ERPs by country'!D17 -> 0.026780214 | E11: =C11 -> 0.087982779 | F11: ='Country Tax Rates'!B11 -> 0.2 | G11: =E11-'ERPs by country'!$E$3 -> 0.037982779 | I11: 68.001 | J11: 69 | K11: =$K$18+L11*'Relative Equity Volatility'!$D$7 -> 0.10456681 | L11: =J33 -> 0.038472983 | M11: Ba3 | N11: Bahrain | O11: 68.5
A12: ='ERPs by country'!A18 -> Bahamas | B12: =VLOOKUP(A12,$N$2:$O$142,2,FALSE) -> 74.5 | C12: ='ERPs by country'!E18 -> 0.11829767 | D12: ='ERPs by country'!D18 -> 0.048154093 | E12: =C12 -> 0.11829767 | F12: ='Country Tax Rates'!B12 -> 0 | G12: =E12-'ERPs by country'!$E$3 -> 0.068297673 | I12: 69.001 | J12: 72 | K12: =$K$18+L12*'Relative Equity Volatility'!$D$7 -> 0.095650664 | L12: =J32 -> 0.032186548 | M12: Ba2 | N12: Bangladesh | O12: 62.75
A13: ='ERPs by country'!A19 -> Bahrain | B13: =VLOOKUP(A13,$N$2:$O$142,2,FALSE) -> 68.5 | C13: ='ERPs by country'!E19 -> 0.13345512 | D13: ='ERPs by country'!D19 -> 0.058841033 | E13: =C13 -> 0.13345512 | F13: ='Country Tax Rates'!B13 -> 0 | G13: =E13-'ERPs by country'!$E$3 -> 0.083455119 | I13: 72.001 | J13: 74 | K13: =$K$18+L13*'Relative Equity Volatility'!$D$7 -> 0.078888311 | L13: =J29 -> 0.02036805 | M13: Baa2 | N13: Belarus | O13: 60.75
A14: ='ERPs by country'!A20 -> Bangladesh | B14: =VLOOKUP(A14,$N$2:$O$142,2,FALSE) -> 62.75 | C14: ='ERPs by country'!E20 -> 0.11829767 | D14: ='ERPs by country'!D20 -> 0.048154093 | E14: =C14 -> 0.11829767 | F14: ='Country Tax Rates'!B14 -> 0.325 | G14: =E14-'ERPs by country'!$E$3 -> 0.068297673 | I14: 74.001 | J14: 76 | K14: =$K$18+L14*'Relative Equity Volatility'!$D$7 -> 0.074251915 | L14: =J28 -> 0.017099104 | M14: Baa1 | N14: Belgium | O14: 75
A15: ='ERPs by country'!A21 -> Barbados | B15: =VLOOKUP(A15,$N$2:$O$142,2,FALSE) -> #N/A | C15: ='ERPs by country'!E21 -> 0.16377001 | D15: ='ERPs by country'!D21 -> 0.080214912 | E15: =C15 -> 0.16377001 | F15: ='Country Tax Rates'!B15 -> 0.055 | G15: =E15-'ERPs by country'!$E$3 -> 0.11377001 | I15: 76.001 | J15: 80 | K15: =$K$18+L15*'Relative Equity Volatility'!$D$7 -> 0.062839249 | L15: =J26 -> 0.0090524666 | M15: A2 | N15: Bolivia | O15: 64
A16: ='ERPs by country'!A22 -> Belarus | B16: =VLOOKUP(A16,$N$2:$O$142,2,FALSE) -> 60.75 | C16: ='ERPs by country'!E22 -> 0.29820513 | D16: ='ERPs by country'!D22 -> 0.175 | E16: =C16 -> 0.29820513 | F16: ='Country Tax Rates'!B16 -> 0.18 | G16: =E16-'ERPs by country'!$E$3 -> 0.24820513 | I16: 80.001 | J16: 82.5 | K16: =$K$18+L16*'Relative Equity Volatility'!$D$7 -> 0.059094468 | L16: =J24 -> 0.0064121638 | M16: Aa3 | N16: Botswana | O16: 79.25
A17: ='ERPs by country'!A23 -> Belgium | B17: =VLOOKUP(A17,$N$2:$O$142,2,FALSE) -> 75 | C17: ='ERPs by country'!E23 -> 0.059094468 | D17: ='ERPs by country'!D23 -> 0.0064121638 | E17: =C17 -> 0.059094468 | F17: ='Country Tax Rates'!B17 -> 0.25 | G17: =E17-'ERPs by country'!$E$3 -> 0.0090944682 | I17: 82.501 | J17: 85 | K17: =$K$18+L17*'Relative Equity Volatility'!$D$7 -> 0.056062979 | L17: =J22 -> 0.0042747759 | M17: Aa1 | N17: Brazil | O17: 70
A18: ='ERPs by country'!A24 -> Belize | B18: =VLOOKUP(A18,$N$2:$O$142,2,FALSE) -> #N/A | C18: ='ERPs by country'!E24 -> 0.18659535 | D18: ='ERPs by country'!D24 -> 0.096308186 | E18: =C18 -> 0.18659535 | F18: ='Country Tax Rates'!B18 -> 0.2718 | G18: =E18-'ERPs by country'!$E$3 -> 0.13659535 | I18: 85.001 | J18: 90.0001 | K18: ='ERPs by country'!E3 -> 0.05 | L18: =J21 -> 0 | M18: Aaa | N18: Brunei | O18: 81.75
A19: ='ERPs by country'!A25 -> Benin | B19: =VLOOKUP(A19,$N$2:$O$142,2,FALSE) -> #N/A | C19: ='ERPs by country'!E25 -> 0.11829767 | D19: ='ERPs by country'!D25 -> 0.048154093 | E19: =C19 -> 0.11829767 | F19: ='Country Tax Rates'!B19 -> 0.3 | G19: =E19-'ERPs by country'!$E$3 -> 0.068297673 | N19: Bulgaria | O19: 71.75
